Workbook
Name \A: #REF!
Name \g: #REF!
Name \S: #REF!
Name ACTIVATE: #REF!
Name ASSUMPT: #REF!
Name ASSUMPTIONS: #REF!
Name basicdata1: #REF!
Name basicdata2: #REF!
Name BCA_NGDP: [5]Q6!$E$10:$AH$10
Name BMG: [5]Q6!$E$27:$AH$27
Name BOP: #REF!
Name BXG: [5]Q6!$E$19:$AH$19
Name CAPITAL: #REF!
Name CARGO_BY_TYPE: '[6]Table No.18-Exports goods+servi'!#REF!
Name CCode: [7]Codes!$A$2
Name CENTRALG: #REF!
Name CFLOW: #REF!
Name chart1: #REF!
Name Chart11: #REF!
Name chart2: #REF!
Name Chart22: #REF!
Name COUNTER: #REF!
Name CurrVintage: [8]Current!$D$66
Name Date: [7]Current!$D$67
Name DEBT: #REF!
Name Discount_NC: [9]NPV_base!#REF!
Name DiscountRate: #REF!
Name empty: [1]Micro!#REF!
Name EX_IMP: #REF!
Name GCB_NGDP: [5]Q4!$E$19:$AH$19
Name GGB_NGDP: [5]Q4!$E$41:$AH$41
Name Grace_NC: [9]NPV_base!#REF!
Name IMPORT: #REF!
Name IN_OUT: #REF!
Name IN1_: #REF!
Name Interest_NC: [9]NPV_base!#REF!
Name InterestRate: #REF!
Name LUR: [5]Q3!$E$16:$AH$16
Name MACRO: #REF!
Name Maturity_NC: [9]NPV_base!#REF!
Name MCV: [10]Q2!$E$101:$AH$101
Name MIDDLE: #REF!
Name NGDP: [10]Q2!$E$54:$AH$54
Name NGDP_RG: [5]Q1!$E$51:$AH$51
Name OnShow: [0]!OnShow
Name PCPIG: [5]Q3!$E$26:$AH$26
Name PRICES: #REF!
Name Print_Area: #N/A
Name PSECTOR: #REF!
Name REDB1: #REF!
Name REDB2: #REF!
Name REDB3: #REF!
Name REDB4: #REF!
Name REDB5: #REF!
Name REDB6: #REF!
Name REDB7: #REF!
Name REDB8: #REF!
Name REDB9: #REF!
Name REDF1: #REF!
Name REDF2: #REF!

Sheet bp
B1: Balanza de Pagos | G1: Serie fusionada, 1939-1990 | X1: II. Presentación Nacional Financiera, 1939-1949, NAFINSA (1974, p. 365) | AP1: III. Presentación INEGI Estadísticas históricas, 1950-1981, de Banco de México, Indicadores Económicos. | BH1: IV. Presentación histórica, NAFINSA (1995, pp. 311-314 ), 1980-1995, de Banco de México, Indicadores económicos.
A2: Año | B2: Comprobación | G2: I. Cuenta corriente | H2: A. Ingresos | I2: 1. Bienes | J2: 2. Servicios | K2: 3. Renta y otros | L2: 4. Transferencias | M2: B. Egresos | N2: 1. Bienes | O2: 2. Servicios | P2: 3. Renta y otros | Q2: 4. Transferencias | R2: II. Cuenta financiera | S2: III. Derechos especiales de giro | T2: IV. Errores y omisiones | U2: V. Variación de la reserva internacional bruta (I + II + III + IV) | V2: Ajustes por valoración | X2: Año | Y2: I. Cuenta corriente | Z2: A. Ingresos | AA2: 1. Exp bienes (Incluye oro-plata) | AB2: 2. Exp. Servicios | AC2: 3. Exp: Turismo y otros servicios | AD2: 4. Transferencias | AE2: B. Egresos | AF2: 1. Imp bienes | AG2: 2. Servicios: turismo y otros servicios | AH2: 3. Imp renta y otros | AI2: 4. Transferencias | AJ2: II. Cuenta financiera | AK2: III. Derechos especiales de giro | AL2: IV. Errores y omisiones | AM2: V. Variación de la reserva internacional bruta (I + II + III + IV) | AN2: Ajustes por valoración | AP2: Año | AQ2: I. Cuenta corriente | AR2: A. Ingresos | AS2: 1. Exp bienes (Incluye oro-plata) | AT2: 2. Exp. Servicios | AU2: 3. Exp: Turismo y otros servicios | AV2: 4. Transferencias | AW2: B. Egresos | AX2: 1. Imp bienes | AY2: 2. Servicios: turismo y otros servicios | AZ2: 3. Imp renta y otros | BA2: 4. Transferencias | BB2: II. Cuenta financiera | BC2: III. Derechos especiales de giro | BD2: IV. Errores y omisiones | BE2: V. Variación de la reserva internacional bruta (I + II + III + IV) | BF2: Ajustes por valoración
BH3: Año | BI3: I. Cuenta corriente | BJ3: A. Ingresos | BK3: 1. Exp bienes | BL3: 2. Exp. Servicios | BM3: 3. Exp renta y otros | BN3: 4. Transferencias | BO3: B. Egresos | BP3: 1. Imp bienes | BQ3: 2. Servicios | BR3: 3. Imp renta y otros | BS3: 4. Transferencias | BT3: II. Cuenta financiera | BU3: III. Derechos especiales de giro | BV3: IV. Errores y omisiones | BW3: V. Variación de la reserva internacional bruta (I + II + III + IV) | BX3: Ajustes por valoración
A5: 1920 | B5: - | C5: - | D5: - | E5: - | F5: - | G5: - | H5: - | I5: =bc!B5 -> 425.4 | J5: - | K5: - | L5: - | M5: - | N5: 197.5 | O5: - | P5: - | Q5: - | R5: - | S5: - | T5: - | U5: - | V5: - | X5: 1920 | Y5: - | Z5: - | AA5: - | AB5: - | AC5: - | AD5: - | AE5: - | AF5: - | AG5: - | AH5: - | AI5: - | AJ5: - | AK5: - | AL5: - | AM5: - | AN5: - | AP5: 1920 | AQ5: - | AR5: - | AS5: - | AT5: - | AU5: - | AV5: - | AW5: - | AX5: - | AY5: - | BA5: - | BB5: - | BC5: - | BD5: - | BE5: - | BF5: - | BH5: 1920 | BI5: - | BJ5: - | BK5: - | BL5: - | BM5: - | BN5: - | BO5: - | BP5: - | BQ5: - | BR5: - | BS5: - | BT5: - | BU5: - | BV5: - | BW5: - | BX5: -
A6: 1921 | B6: - | C6: - | D6: - | E6: - | F6: - | G6: - | H6: - | I6: =bc!B6 -> 376 | J6: - | K6: - | L6: - | M6: - | N6: 241.7 | O6: - | P6: - | Q6: - | R6: - | S6: - | T6: - | U6: - | V6: - | X6: 1921 | Y6: - | Z6: - | AA6: - | AB6: - | AC6: - | AD6: - | AE6: - | AF6: - | AG6: - | AH6: - | AI6: - | AJ6: - | AK6: - | AL6: - | AM6: - | AN6: - | AP6: 1921 | AQ6: - | AR6: - | AS6: - | AT6: - | AU6: - | AV6: - | AW6: - | AX6: - | AY6: - | BA6: - | BB6: - | BC6: - | BD6: - | BE6: - | BF6: - | BH6: 1921 | BI6: - | BJ6: - | BK6: - | BL6: - | BM6: - | BN6: - | BO6: - | BP6: - | BQ6: - | BR6: - | BS6: - | BT6: - | BU6: - | BV6: - | BW6: - | BX6: -
A7: 1922 | B7: - | C7: - | D7: - | E7: - | F7: - | G7: - | H7: - | I7: =bc!B7 -> 314.1 | J7: - | K7: - | L7: - | M7: - | N7: 150.7 | O7: - | P7: - | Q7: - | R7: - | S7: - | T7: - | U7: - | V7: - | X7: 1922 | Y7: - | Z7: - | AA7: - | AB7: - | AC7: - | AD7: - | AE7: - | AF7: - | AG7: - | AH7: - | AI7: - | AJ7: - | AK7: - | AL7: - | AM7: - | AN7: - | AP7: 1922 | AQ7: - | AR7: - | AS7: - | AT7: - | AU7: - | AV7: - | AW7: - | AX7: - | AY7: - | BA7: - | BB7: - | BC7: - | BD7: - | BE7: - | BF7: - | BH7: 1922 | BI7: - | BJ7: - | BK7: - | BL7: - | BM7: - | BN7: - | BO7: - | BP7: - | BQ7: - | BR7: - | BS7: - | BT7: - | BU7: - | BV7: - | BW7: - | BX7: -
A8: 1923 | B8: - | C8: - | D8: - | E8: - | F8: - | G8: - | H8: - | I8: =bc!B8 -> 275.7 | J8: - | K8: - | L8: - | M8: - | N8: 152.9 | O8: - | P8: - | Q8: - | R8: - | S8: - | T8: - | U8: - | V8: - | X8: 1923 | Y8: - | Z8: - | AA8: - | AB8: - | AC8: - | AD8: - | AE8: - | AF8: - | AG8: - | AH8: - | AI8: - | AJ8: - | AK8: - | AL8: - | AM8: - | AN8: - | AP8: 1923 | AQ8: - | AR8: - | AS8: - | AT8: - | AU8: - | AV8: - | AW8: - | AX8: - | AY8: - | BA8: - | BB8: - | BC8: - | BD8: - | BE8: - | BF8: - | BH8: 1923 | BI8: - | BJ8: - | BK8: - | BL8: - | BM8: - | BN8: - | BO8: - | BP8: - | BQ8: - | BR8: - | BS8: - | BT8: - | BU8: - | BV8: - | BW8: - | BX8: -
A9: 1924 | B9: - | C9: - | D9: - | E9: - | F9: - | G9: - | H9: - | I9: =bc!B9 -> 297.1 | J9: - | K9: - | L9: - | M9: - | N9: 155.1 | O9: - | P9: - | Q9: - | R9: - | S9: - | T9: - | U9: - | V9: - | X9: 1924 | Y9: - | Z9: - | AA9: - | AB9: - | AC9: - | AD9: - | AE9: - | AF9: - | AG9: - | AH9: - | AI9: - | AJ9: - | AK9: - | AL9: - | AM9: - | AN9: - | AP9: 1924 | AQ9: - | AR9: - | AS9: - | AT9: - | AU9: - | AV9: - | AW9: - | AX9: - | AY9: - | BA9: - | BB9: - | BC9: - | BD9: - | BE9: - | BF9: - | BH9: 1924 | BI9: - | BJ9: - | BK9: - | BL9: - | BM9: - | BN9: - | BO9: - | BP9: - | BQ9: - | BR9: - | BS9: - | BT9: - | BU9: - | BV9: - | BW9: - | BX9: -
A10: 1925 | B10: - | C10: - | D10: - | E10: - | F10: - | G10: - | H10: - | I10: =bc!B10 -> 336 | J10: - | K10: - | L10: - | M10: - | N10: 192.6 | O10: - | P10: - | Q10: - | R10: - | S10: - | T10: - | U10: - | V10: - | X10: 1925 | Y10: - | Z10: - | AA10: - | AB10: - | AC10: - | AD10: - | AE10: - | AF10: - | AG10: - | AH10: - | AI10: - | AJ10: - | AK10: - | AL10: - | AM10: - | AN10: - | AP10: 1925 | AQ10: - | AR10: - | AS10: - | AT10: - | AU10: - | AV10: - | AW10: - | AX10: - | AY10: - | BA10: - | BB10: - | BC10: - | BD10: - | BE10: - | BF10: - | BH10: 1925 | BI10: - | BJ10: - | BK10: - | BL10: - | BM10: - | BN10: - | BO10: - | BP10: - | BQ10: - | BR10: - | BS10: - | BT10: - | BU10: - | BV10: - | BW10: - | BX10: -
A11: 1926 | B11: - | C11: - | D11: - | E11: - | F11: - | G11: - | H11: - | I11: =bc!B11 -> 334.3 | J11: - | K11: - | L11: - | M11: - | N11: 184.1 | O11: - | P11: - | Q11: - | R11: - | S11: - | T11: - | U11: - | V11: - | X11: 1926 | Y11: - | Z11: - | AA11: - | AB11: - | AC11: - | AD11: - | AE11: - | AF11: - | AG11: - | AH11: - | AI11: - | AJ11: - | AK11: - | AL11: - | AM11: - | AN11: - | AP11: 1926 | AQ11: - | AR11: - | AS11: - | AT11: - | AU11: - | AV11: - | AW11: - | AX11: - | AY11: - | BA11: - | BB11: - | BC11: - | BD11: - | BE11: - | BF11: - | BH11: 1926 | BI11: - | BJ11: - | BK11: - | BL11: - | BM11: - | BN11: - | BO11: - | BP11: - | BQ11: - | BR11: - | BS11: - | BT11: - | BU11: - | BV11: - | BW11: - | BX11: -
A12: 1927 | B12: - | C12: - | D12: - | E12: - | F12: - | G12: - | H12: - | I12: =bc!B12 -> 299.1 | J12: - | K12: - | L12: - | M12: - | N12: 163.2 | O12: - | P12: - | Q12: - | R12: - | S12: - | T12: - | U12: - | V12: - | X12: 1927 | Y12: - | Z12: - | AA12: - | AB12: - | AC12: - | AD12: - | AE12: - | AF12: - | AG12: - | AH12: - | AI12: - | AJ12: - | AK12: - | AL12: - | AM12: - | AN12: - | AP12: 1927 | AQ12: - | AR12: - | AS12: - | AT12: - | AU12: - | AV12: - | AW12: - | AX12: - | AY12: - | BA12: - | BB12: - | BC12: - | BD12: - | BE12: - | BF12: - | BH12: 1927 | BI12: - | BJ12: - | BK12: - | BL12: - | BM12: - | BN12: - | BO12: - | BP12: - | BQ12: - | BR12: - | BS12: - | BT12: - | BU12: - | BV12: - | BW12: - | BX12: -
A13: 1928 | B13: - | C13: - | D13: - | E13: - | F13: - | G13: - | H13: - | I13: =bc!B13 -> 284.6 | J13: - | K13: - | L13: - | M13: - | N13: 172.1 | O13: - | P13: - | Q13: - | R13: - | S13: - | T13: - | U13: - | V13: - | X13: 1928 | Y13: - | Z13: - | AA13: - | AB13: - | AC13: - | AD13: - | AE13: - | AF13: - | AG13: - | AH13: - | AI13: - | AJ13: - | AK13: - | AL13: - | AM13: - | AN13: - | AP13: 1928 | AQ13: - | AR13: - | AS13: - | AT13: - | AU13: - | AV13: - | AW13: - | AX13: - | AY13: - | BA13: - | BB13: - | BC13: - | BD13: - | BE13: - | BF13: - | BH13: 1928 | BI13: - | BJ13: - | BK13: - | BL13: - | BM13: - | BN13: - | BO13: - | BP13: - | BQ13: - | BR13: - | BS13: - | BT13: - | BU13: - | BV13: - | BW13: - | BX13: -
A14: 1929 | B14: - | C14: - | D14: - | E14: - | F14: - | G14: - | H14: - | I14: =bc!B14 -> 274.9 | J14: - | K14: - | L14: - | M14: - | N14: 177.7 | O14: - | P14: - | Q14: - | R14: - | S14: - | T14: - | U14: - | V14: - | X14: 1929 | Y14: - | Z14: - | AA14: - | AB14: - | AC14: - | AD14: - | AE14: - | AF14: - | AG14: - | AH14: - | AI14: - | AJ14: - | AK14: - | AL14: - | AM14: - | AN14: - | AP14: 1929 | AQ14: - | AR14: - | AS14: - | AT14: - | AU14: - | AV14: - | AW14: - | AX14: - | AY14: - | BA14: - | BB14: - | BC14: - | BD14: - | BE14: - | BF14: - | BH14: 1929 | BI14: - | BJ14: - | BK14: - | BL14: - | BM14: - | BN14: - | BO14: - | BP14: - | BQ14: - | BR14: - | BS14: - | BT14: - | BU14: - | BV14: - | BW14: - | BX14: -
A15: 1930 | B15: - | C15: - | D15: - | E15: - | F15: - | G15: - | H15: - | I15: =bc!B15 -> 203.1 | J15: - | K15: - | L15: - | M15: - | N15: 154.9 | O15: - | P15: - | Q15: - | R15: - | S15: - | T15: - | U15: - | V15: - | X15: 1930 | Y15: - | Z15: - | AA15: - | AB15: - | AC15: - | AD15: - | AE15: - | AF15: - | AG15: - | AH15: - | AI15: - | AJ15: - | AK15: - | AL15: - | AM15: - | AN15: - | AP15: 1930 | AQ15: - | AR15: - | AS15: - | AT15: - | AU15: - | AV15: - | AW15: - | AX15: - | AY15: - | BA15: - | BB15: - | BC15: - | BD15: - | BE15: - | BF15: - | BH15: 1930 | BI15: - | BJ15: - | BK15: - | BL15: - | BM15: - | BN15: - | BO15: - | BP15: - | BQ15: - | BR15: - | BS15: - | BT15: - | BU15: - | BV15: - | BW15: - | BX15: -
A16: 1931 | B16: - | C16: - | D16: - | E16: - | F16: - | G16: - | H16: - | I16: =bc!B16 -> 150.9 | J16: - | K16: - | L16: - | M16: - | N16: 81.9 | O16: - | P16: - | Q16: - | R16: - | S16: - | T16: - | U16: - | V16: - | X16: 1931 | Y16: - | Z16: - | AA16: - | AB16: - | AC16: - | AD16: - | AE16: - | AF16: - | AG16: - | AH16: - | AI16: - | AJ16: - | AK16: - | AL16: - | AM16: - | AN16: - | AP16: 1931 | AQ16: - | AR16: - | AS16: - | AT16: - | AU16: - | AV16: - | AW16: - | AX16: - | AY16: - | BA16: - | BB16: - | BC16: - | BD16: - | BE16: - | BF16: - | BH16: 1931 | BI16: - | BJ16: - | BK16: - | BL16: - | BM16: - | BN16: - | BO16: - | BP16: - | BQ16: - | BR16: - | BS16: - | BT16: - | BU16: - | BV16: - | BW16: - | BX16: -
... A23: 1938 | B23: - | C23: - | D23: - | E23: - | F23: - | G23: - | H23: - | I23: =bc!B23 -> 185.4 | J23: - | K23: - | L23: - | M23: - | N23: 109.3 | O23: - | P23: - | Q23: - | R23: - | S23: - | T23: - | U23: - | V23: - | X23: 1938 | Y23: - | Z23: - | AA23: - | AB23: - | AC23: - | AD23: - | AE23: - | AF23: - | AG23: - | AH23: - | AI23: - | AJ23: - | AK23: - | AL23: - | AM23: - | AN23: - | AP23: 1938 | AQ23: - | AR23: - | AS23: - | AT23: - | AU23: - | AV23: - | AW23: - | AX23: - | AY23: - | BA23: - | BB23: - | BC23: - | BD23: - | BE23: - | BF23: - | BH23: 1938 | BI23: - | BJ23: - | BK23: - | BL23: - | BM23: - | BN23: - | BO23: - | BP23: - | BQ23: - | BR23: - | BS23: - | BT23: - | BU23: - | BV23: - | BW23: - | BX23: -
A24: 1939 | B24: =G24+R24+T24+ S24-U24-V24 -> 1.1546319e-14 | C24: =H24-M24-G24 -> 0 | D24: =H24-I24-J24-K24-L24 -> 1.4210855e-14 | E24: =N24+O24+P24+Q24-M24 -> 0 | F24: =U24-G24-(R24+T24)-S24+V24 -> -7.1054274e-15 | G24: =Y24 -> 39.4 | H24: =Z24 -> 216.1 | I24: =AA24 -> 163.4 | J24: =AB24 -> 48.7 | K24: =AC24 -> 4 | L24: =AD24 -> 0 | M24: =AE24 -> 176.7 | N24: =AF24 -> 128.2 | ... P24: =AH24 -> 21.5 | Q24: 0 | R24: =AJ24 -> 39.5 | S24: 0 | T24: =AL24 -> -83.6 | U24: =AM24 -> -4.7 | V24: 0 | X24: 1939 | Y24: 39.4 | Z24: 216.1 | AA24: 163.4 | AB24: 48.7 | AC24: 4 | AD24: 0 | AE24: 176.7 | AF24: 128.2 | AG24: 27 | AH24: =AE24-AF24-AG24 -> 21.5 | AI24: - | AJ24: 39.5 | AK24: - | AL24: -83.6 | AM24: -4.7 | AN24: - | AP24: 1939 | AQ24: - | AR24: - | AS24: - | AT24: - | AU24: - | AV24: - | AW24: - | AX24: - | AY24: - | BA24: - | BB24: - | BC24: - | BD24: - | BE24: - | BF24: - | BH24: 1939 | BI24: - | BJ24: - | BK24: - | BL24: - | BM24: - | BN24: - | BO24: - | BP24: - | BQ24: - | BR24: - | BS24: - | BT24: - | BU24: - | BV24: - | BW24: - | BX24: -
A25: 1940 | B25: =G25+R25+T25+ S25-U25-V25 -> 3.5527137e-15 | C25: =H25-M25-G25 -> 0 | D25: =H25-I25-J25-K25-L25 -> -2.6645353e-15 | E25: =N25+O25+P25+Q25-M25 -> 0 | F25: =U25-G25-(R25+T25)-S25+V25 -> -2.6645353e-15 | G25: =Y25 -> 22.6 | H25: =Z25 -> 213.9 | I25: =AA25 -> 159.8 | J25: =AB25 -> 50.3 | K25: =AC25 -> 3.8 | L25: =AD25 -> 0 | M25: =AE25 -> 191.3 | N25: =AF25 -> 132.4 | ... P25: =AH25 -> 30.9 | Q25: 0 | R25: =AJ25 -> 2.5 | S25: 0 | T25: =AL25 -> 0.8 | U25: =AM25 -> 25.9 | V25: 0 | X25: 1940 | Y25: 22.6 | Z25: 213.9 | AA25: 159.8 | AB25: 50.3 | AC25: 3.8 | AD25: 0 | AE25: 191.3 | AF25: 132.4 | AG25: 28 | AH25: =AE25-AF25-AG25 -> 30.9 | AI25: - | AJ25: 2.5 | AK25: - | AL25: 0.8 | AM25: 25.9 | AN25: - | AP25: 1940 | AQ25: - | AR25: - | AS25: - | AT25: - | AU25: - | AV25: - | AW25: - | AX25: - | AY25: - | BA25: - | BB25: - | BC25: - | BD25: - | BE25: - | BF25: - | BH25: 1940 | BI25: - | BJ25: - | BK25: - | BL25: - | BM25: - | BN25: - | BO25: - | BP25: - | BQ25: - | BR25: - | BS25: - | BT25: - | BU25: - | BV25: - | BW25: - | BX25: -
A26: 1941 | B26: =G26+R26+T26+ S26-U26-V26 -> 2.6645353e-15 | C26: =H26-M26-G26 -> -3.5527137e-14 | D26: =H26-I26-J26-K26-L26 -> -8.437695e-15 | E26: =N26+O26+P26+Q26-M26 -> 0 | F26: =U26-G26-(R26+T26)-S26+V26 -> 0 | G26: =Y26 -> -28.9 | H26: =Z26 -> 243.2 | I26: =AA26 -> 176.5 | J26: =AB26 -> 62.8 | K26: =AC26 -> 3.9 | L26: =AD26 -> 0 | M26: =AE26 -> 272.1 | N26: =AF26 -> 199.5 | ... P26: =AH26 -> 41.3 | Q26: 0 | R26: =AJ26 -> 11.6 | S26: 0 | T26: =AL26 -> 15.1 | U26: =AM26 -> -2.2 | V26: 0 | X26: 1941 | Y26: -28.9 | Z26: 243.2 | AA26: 176.5 | AB26: 62.8 | AC26: 3.9 | AD26: 0 | AE26: 272.1 | AF26: 199.5 | AG26: 31.3 | AH26: =AE26-AF26-AG26 -> 41.3 | AI26: - | AJ26: 11.6 | AK26: - | AL26: 15.1 | AM26: -2.2 | AN26: - | AP26: 1941 | AQ26: - | AR26: - | AS26: - | AT26: - | AU26: - | AV26: - | AW26: - | AX26: - | AY26: - | BA26: - | BB26: - | BC26: - | BD26: - | BE26: - | BF26: - | BH26: 1941 | BI26: - | BJ26: - | BK26: - | BL26: - | BM26: - | BN26: - | BO26: - | BP26: - | BQ26: - | BR26: - | BS26: - | BT26: - | BU26: - | BV26: - | BW26: - | BX26: -
A27: 1942 | B27: =G27+R27+T27+ S27-U27-V27 -> 0 | C27: =H27-M27-G27 -> 0 | D27: =H27-I27-J27-K27-L27 -> 4.4408921e-15 | E27: =N27+O27+P27+Q27-M27 -> 0 | F27: =U27-G27-(R27+T27)-S27+V27 -> -3.5527137e-15 | G27: =Y27 -> 12.3 | H27: =Z27 -> 272.5 | I27: =AA27 -> 207.5 | J27: =AB27 -> 59.2 | K27: =AC27 -> 5.8 | L27: =AD27 -> 0 | M27: =AE27 -> 260.2 | N27: =AF27 -> 172.2 | ... P27: =AH27 -> 52.2 | Q27: 0 | R27: =AJ27 -> 18.2 | S27: 0 | T27: =AL27 -> 9.3 | U27: =AM27 -> 39.8 | V27: 0 | X27: 1942 | Y27: 12.3 | Z27: 272.5 | AA27: 207.5 | AB27: 59.2 | AC27: 5.8 | AD27: 0 | AE27: 260.2 | AF27: 172.2 | AG27: 35.8 | AH27: =AE27-AF27-AG27 -> 52.2 | AI27: - | AJ27: 18.2 | AK27: - | AL27: 9.3 | AM27: 39.8 | AN27: - | AP27: 1942 | AQ27: - | AR27: - | AS27: - | AT27: - | AU27: - | AV27: - | AW27: - | AX27: - | AY27: - | BA27: - | BB27: - | BC27: - | BD27: - | BE27: - | BF27: - | BH27: 1942 | BI27: - | BJ27: - | BK27: - | BL27: - | BM27: - | BN27: - | BO27: - | BP27: - | BQ27: - | BR27: - | BS27: - | BT27: - | BU27: - | BV27: - | BW27: - | BX27: -
A28: 1943 | B28: =G28+R28+T28+ S28-U28-V28 -> 0 | C28: =H28-M28-G28 -> 0 | D28: =H28-I28-J28-K28-L28 -> 5.6843419e-14 | E28: =N28+O28+P28+Q28-M28 -> 0 | F28: =U28-G28-(R28+T28)-S28+V28 -> -1.0658141e-14 | G28: =Y28 -> 109.8 | H28: =Z28 -> 410.1 | I28: =AA28 -> 291.6 | J28: =AB28 -> 73 | K28: =AC28 -> 9.2 | L28: =AD28 -> 36.3 | M28: =AE28 -> 300.3 | N28: =AF28 -> 212.2 | ... P28: =AH28 -> 50.4 | Q28: 0 | R28: =AJ28 -> -4.7 | S28: 0 | T28: =AL28 -> 35.1 | U28: =AM28 -> 140.2 | V28: 0 | X28: 1943 | Y28: 109.8 | Z28: 410.1 | AA28: 291.6 | AB28: 73 | AC28: 9.2 | AD28: 36.3 | AE28: 300.3 | AF28: 212.2 | AG28: 37.7 | AH28: =AE28-AF28-AG28 -> 50.4 | AI28: - | AJ28: -4.7 | AK28: - | AL28: 35.1 | AM28: 140.2 | AN28: - | AP28: 1943 | AQ28: - | AR28: - | AS28: - | AT28: - | AU28: - | AV28: - | AW28: - | AX28: - | AY28: - | BA28: - | BB28: - | BC28: - | BD28: - | BE28: - | BF28: - | BH28: 1943 | BI28: - | BJ28: - | BK28: - | BL28: - | BM28: - | BN28: - | BO28: - | BP28: - | BQ28: - | BR28: - | BS28: - | BT28: - | BU28: - | BV28: - | BW28: - | BX28: -
A29: 1944 | B29: =G29+R29+T29+ S29-U29-V29 -> 0 | C29: =H29-M29-G29 -> 0 | D29: =H29-I29-J29-K29-L29 -> 0 | E29: =N29+O29+P29+Q29-M29 -> 0 | F29: =U29-G29-(R29+T29)-S29+V29 -> 0 | G29: =Y29 -> 32.7 | H29: =Z29 -> 432.2 | I29: =AA29 -> 283.7 | J29: =AB29 -> 86 | K29: =AC29 -> 12.1 | L29: =AD29 -> 50.4 | M29: =AE29 -> 399.5 | N29: =AF29 -> 311 | ... P29: =AH29 -> 45 | Q29: 0 | R29: =AJ29 -> 28.5 | S29: 0 | T29: =AL29 -> -23.5 | U29: =AM29 -> 37.7 | V29: 0 | X29: 1944 | Y29: 32.7 | Z29: 432.2 | AA29: 283.7 | AB29: 86 | AC29: 12.1 | AD29: 50.4 | AE29: 399.5 | AF29: 311 | AG29: 43.5 | AH29: =AE29-AF29-AG29 -> 45 | AI29: - | AJ29: 28.5 | AK29: - | AL29: -23.5 | AM29: 37.7 | AN29: - | AP29: 1944 | AQ29: - | AR29: - | AS29: - | AT29: - | AU29: - | AV29: - | AW29: - | AX29: - | AY29: - | BA29: - | BB29: - | BC29: - | BD29: - | BE29: - | BF29: - | BH29: 1944 | BI29: - | BJ29: - | BK29: - | BL29: - | BM29: - | BN29: - | BO29: - | BP29: - | BQ29: - | BR29: - | BS29: - | BT29: - | BU29: - | BV29: - | BW29: - | BX29: -
A30: 1945 | B30: =G30+R30+T30+ S30-U30-V30 -> 0 | C30: =H30-M30-G30 -> -3.5527137e-14 | D30: =H30-I30-J30-K30-L30 -> 0 | E30: =N30+O30+P30+Q30-M30 -> 0 | F30: =U30-G30-(R30+T30)-S30+V30 -> 1.4210855e-14 | G30: =Y30 -> 22.1 | H30: =Z30 -> 500.7 | I30: =AA30 -> 320.8 | J30: =AB30 -> 110.7 | K30: =AC30 -> 14.1 | L30: =AD30 -> 55.1 | M30: =AE30 -> 478.6 | N30: =AF30 -> 372.5 | ... P30: =AH30 -> 46.3 | Q30: 0 | R30: =AJ30 -> 7.6 | S30: 0 | T30: =AL30 -> 61.7 | U30: =AM30 -> 91.4 | V30: 0 | X30: 1945 | Y30: 22.1 | Z30: 500.7 | AA30: 320.8 | AB30: 110.7 | AC30: 14.1 | AD30: 55.1 | AE30: 478.6 | AF30: 372.5 | AG30: 59.8 | AH30: =AE30-AF30-AG30 -> 46.3 | AI30: - | AJ30: 7.6 | AK30: - | AL30: 61.7 | AM30: 91.4 | AN30: - | AP30: 1945 | AQ30: - | AR30: - | AS30: - | AT30: - | AU30: - | AV30: - | AW30: - | AX30: - | AY30: - | BA30: - | BB30: - | BC30: - | BD30: - | BE30: - | BF30: - | BH30: 1945 | BI30: - | BJ30: - | BK30: - | BL30: - | BM30: - | BN30: - | BO30: - | BP30: - | BQ30: - | BR30: - | BS30: - | BT30: - | BU30: - | BV30: - | BW30: - | BX30: -
A31: 1946 | B31: =G31+R31+T31+ S31-U31-V31 -> 1.4210855e-14 | C31: =H31-M31-G31 -> 0 | D31: =H31-I31-J31-K31-L31 -> 0 | E31: =N31+O31+P31+Q31-M31 -> 0 | F31: =U31-G31-(R31+T31)-S31+V31 -> 0 | G31: =Y31 -> -160 | H31: =Z31 -> 570.1 | I31: =AA31 -> 368.5 | J31: =AB31 -> 151.6 | K31: =AC31 -> 16.1 | L31: =AD31 -> 33.9 | M31: =AE31 -> 730.1 | N31: =AF31 -> 600.6 | ... P31: =AH31 -> 64.7 | Q31: 0 | R31: =AJ31 -> 35.9 | S31: 0 | T31: =AL31 -> 23.7 | U31: =AM31 -> -100.4 | V31: 0 | X31: 1946 | Y31: -160 | Z31: 570.1 | AA31: 368.5 | AB31: 151.6 | AC31: 16.1 | AD31: 33.9 | AE31: 730.1 | AF31: 600.6 | AG31: 64.8 | AH31: =AE31-AF31-AG31 -> 64.7 | AI31: - | AJ31: 35.9 | AK31: - | AL31: 23.7 | AM31: -100.4 | AN31: - | AP31: 1946 | AQ31: - | AR31: - | AS31: - | AT31: - | AU31: - | AV31: - | AW31: - | AX31: - | AY31: - | BA31: - | BB31: - | BC31: - | BD31: - | BE31: - | BF31: - | BH31: 1946 | BI31: - | BJ31: - | BK31: - | BL31: - | BM31: - | BN31: - | BO31: - | BP31: - | BQ31: - | BR31: - | BS31: - | BT31: - | BU31: - | BV31: - | BW31: - | BX31: -
A32: 1947 | B32: =G32+R32+T32+ S32-U32-V32 -> 0 | C32: =H32-M32-G32 -> 0 | D32: =H32-I32-J32-K32-L32 -> -3.1974423e-14 | E32: =N32+O32+P32+Q32-M32 -> 0 | F32: =U32-G32-(R32+T32)-S32+V32 -> 0 | G32: =Y32 -> -147 | H32: =Z32 -> 713.9 | I32: =AA32 -> 483 | J32: =AB32 -> 147.3 | K32: =AC32 -> 54.4 | L32: =AD32 -> 29.2 | M32: =AE32 -> 860.9 | N32: =AF32 -> 720.3 | ... P32: =AH32 -> 75.6 | Q32: 0 | R32: =AJ32 -> 51.6 | S32: 0 | T32: =AL32 -> -15.1 | U32: =AM32 -> -110.5 | V32: 0 | X32: 1947 | Y32: -147 | Z32: 713.9 | AA32: 483 | AB32: 147.3 | AC32: 54.4 | AD32: 29.2 | AE32: 860.9 | AF32: 720.3 | AG32: 65 | AH32: =AE32-AF32-AG32 -> 75.6 | AI32: - | AJ32: 51.6 | AK32: - | AL32: -15.1 | AM32: -110.5 | AN32: - | AP32: 1947 | AQ32: - | AR32: - | AS32: - | AT32: - | AU32: - | AV32: - | AW32: - | AX32: - | AY32: - | BA32: - | BB32: - | BC32: - | BD32: - | BE32: - | BF32: - | BH32: 1947 | BI32: - | BJ32: - | BK32: - | BL32: - | BM32: - | BN32: - | BO32: - | BP32: - | BQ32: - | BR32: - | BS32: - | BT32: - | BU32: - | BV32: - | BW32: - | BX32: -
A33: 1948 | B33: =G33+R33+T33+ S33-U33-V33 -> -7.1054274e-15 | C33: =H33-M33-G33 -> 0 | D33: =H33-I33-J33-K33-L33 -> 0 | E33: =N33+O33+P33+Q33-M33 -> 0 | F33: =U33-G33-(R33+T33)-S33+V33 -> 0 | G33: =Y33 -> -49.6 | H33: =Z33 -> 715.5 | I33: =AA33 -> 473.1 | J33: =AB33 -> 194.7 | K33: =AC33 -> 26.1 | L33: =AD33 -> 21.6 | M33: =AE33 -> 765.1 | N33: =AF33 -> 591.4 | ... P33: =AH33 -> 82.6 | Q33: 0 | R33: =AJ33 -> 17.2 | S33: 0 | T33: =AL33 -> -8.2 | U33: =AM33 -> -40.6 | V33: 0 | X33: 1948 | Y33: -49.6 | Z33: 715.5 | AA33: 473.1 | AB33: 194.7 | AC33: 26.1 | AD33: 21.6 | AE33: 765.1 | AF33: 591.4 | AG33: 91.1 | AH33: =AE33-AF33-AG33 -> 82.6 | AI33: - | AJ33: 17.2 | AK33: - | AL33: -8.2 | AM33: -40.6 | AN33: - | AP33: 1948 | AQ33: - | AR33: - | AS33: - | AT33: - | AU33: - | AV33: - | AW33: - | AX33: - | AY33: - | BA33: - | BB33: - | BC33: - | BD33: - | BE33: - | BF33: - | BH33: 1948 | BI33: - | BJ33: - | BK33: - | BL33: - | BM33: - | BN33: - | BO33: - | BP33: - | BQ33: - | BR33: - | BS33: - | BT33: - | BU33: - | BV33: - | BW33: - | BX33: -
A34: 1949 | B34: =G34+R34+T34+ S34-U34-V34 -> -7.1054274e-15 | C34: =H34-M34-G34 -> 0 | D34: =H34-I34-J34-K34-L34 -> 3.5527137e-14 | E34: =N34+O34+P34+Q34-M34 -> 0 | F34: =U34-G34-(R34+T34)-S34+V34 -> 0 | G34: =Y34 -> 72.5 | H34: =Z34 -> 701.1 | I34: =AA34 -> 455.9 | J34: =AB34 -> 186.4 | K34: =AC34 -> 41.2 | L34: =AD34 -> 17.6 | M34: =AE34 -> 628.6 | N34: =AF34 -> 514.4 | ... P34: =AH34 -> 59.6 | Q34: 0 | R34: =AJ34 -> 17.6 | S34: 0 | T34: =AL34 -> -45.6 | U34: =AM34 -> 44.5 | V34: 0 | X34: 1949 | Y34: 72.5 | Z34: 701.1 | AA34: 455.9 | AB34: 186.4 | AC34: 41.2 | AD34: 17.6 | AE34: 628.6 | AF34: 514.4 | AG34: 54.6 | AH34: =AE34-AF34-AG34 -> 59.6 | AI34: - | AJ34: 17.6 | AK34: - | AL34: -45.6 | AM34: 44.5 | AN34: - | AP34: 1949 | AQ34: - | AR34: - | AS34: - | AT34: - | AU34: - | AV34: - | AW34: - | AX34: - | AY34: - | BA34: - | BB34: - | BC34: - | BD34: - | BE34: - | BF34: - | BH34: 1949 | BI34: - | BJ34: - | BK34: - | BL34: - | BM34: - | BN34: - | BO34: - | BP34: - | BQ34: - | BR34: - | BS34: - | BT34: - | BU34: - | BV34: - | BW34: - | BX34: -
A35: 1950 | B35: =G35+R35+T35+ S35-U35-V35 -> -2.8421709e-14 | C35: =H35-M35-G35 -> 0 | D35: =H35-I35-J35-K35-L35 -> 0 | E35: =N35+O35+P35+Q35-M35 -> 0 | F35: =U35-G35-(R35+T35)-S35+V35 -> 1.4210855e-14 | G35: =AQ35 -> 163.1 | H35: =AR35 -> 994.1 | I35: =AS35 -> 699.4 | J35: =AT35 -> 232.8 | K35: =AU35 -> 23.4 | L35: =AV35 -> 38.5 | M35: =AW35 -> 831 | N35: =AX35 -> 556.4 | ... U35: =BE35 -> 171.9 | V35: 0 | X35: 1950 | Y35: - | Z35: - | AA35: - | AB35: - | AC35: - | AD35: - | AE35: - | AF35: - | AG35: - | AH35: - | AI35: - | AJ35: - | AK35: - | AL35: - | AM35: - | AN35: - | AP35: 1950 | AQ35: 163.1 | AR35: 994.1 | AS35: 699.4 | AT35: 232.8 | AU35: 23.4 | AV35: 38.5 | AW35: 831 | AX35: 556.4 | AY35: 196.7 | AZ35: 72.4 | BA35: 5.5 | BB35: 53 | BC35: 0 | BD35: -44.2 | BE35: 171.9 | BF35: - | BH35: 1950 | BI35: - | BJ35: - | BK35: - | BL35: - | BM35: - | BN35: - | BO35: - | BP35: - | BQ35: - | BR35: - | BS35: - | BT35: - | BU35: - | BV35: - | BW35: - | BX35: -
A36: 1951 | B36: =G36+R36+T36+ S36-U36-V36 -> 0.1 | C36: =H36-M36-G36 -> 0.1 | D36: =H36-I36-J36-K36-L36 -> 0.1 | E36: =N36+O36+P36+Q36-M36 -> 0.1 | F36: =U36-G36-(R36+T36)-S36+V36 -> -0.1 | G36: =AQ36 -> -203.3 | H36: =AR36 -> 1042.6 | I36: =AS36 -> 720.1 | J36: =AT36 -> 259.2 | K36: =AU36 -> 22.3 | L36: =AV36 -> 40.9 | M36: =AW36 -> 1245.8 | N36: =AX36 -> 936 | ... U36: =BE36 -> -7.6 | V36: 0 | X36: 1951 | Y36: - | Z36: - | AA36: - | AB36: - | AC36: - | AD36: - | AE36: - | AF36: - | AG36: - | AH36: - | AI36: - | AJ36: - | AK36: - | AL36: - | AM36: - | AN36: - | AP36: 1951 | AQ36: -203.3 | AR36: 1042.6 | AS36: 720.1 | AT36: 259.2 | AU36: 22.3 | AV36: 40.9 | AW36: 1245.8 | AX36: 936 | AY36: 223.4 | AZ36: 80.8 | BA36: 5.7 | BB36: 55.2 | BC36: 0 | BD36: 140.6 | BE36: -7.6 | BF36: - | BH36: 1951 | BI36: - | BJ36: - | BK36: - | BL36: - | BM36: - | BN36: - | BO36: - | BP36: - | BQ36: - | BR36: - | BS36: - | BT36: - | BU36: - | BV36: - | BW36: - | BX36: -
A37: 1952 | B37: =G37+R37+T37+ S37-U37-V37 -> 0.1 | C37: =H37-M37-G37 -> -0.1 | D37: =H37-I37-J37-K37-L37 -> -0.1 | E37: =N37+O37+P37+Q37-M37 -> -0.1 | F37: =U37-G37-(R37+T37)-S37+V37 -> -0.1 | G37: =AQ37 -> -213.1 | H37: =AR37 -> 1070.8 | I37: =AS37 -> 729.4 | J37: =AT37 -> 278 | K37: =AU37 -> 27.1 | L37: =AV37 -> 36.4 | M37: =AW37 -> 1284 | N37: =AX37 -> 945.7 | ... U37: =BE37 -> -20.6 | V37: 0 | X37: 1952 | Y37: - | Z37: - | AA37: - | AB37: - | AC37: - | AD37: - | AE37: - | AF37: - | AG37: - | AH37: - | AI37: - | AJ37: - | AK37: - | AL37: - | AM37: - | AN37: - | AP37: 1952 | AQ37: -213.1 | AR37: 1070.8 | AS37: 729.4 | AT37: 278 | AU37: 27.1 | AV37: 36.4 | AW37: 1284 | AX37: 945.7 | AY37: 233.2 | AZ37: 99.2 | BA37: 5.8 | BB37: 35.4 | BC37: 0 | BD37: 157.2 | BE37: -20.6 | BF37: - | BH37: 1952 | BI37: - | BJ37: - | BK37: - | BL37: - | BM37: - | BN37: - | BO37: - | BP37: - | BQ37: - | BR37: - | BS37: - | BT37: - | BU37: - | BV37: - | BW37: - | BX37: -
A38: 1953 | B38: =G38+R38+T38+ S38-U38-V38 -> 0.1 | C38: =H38-M38-G38 -> -0.1 | D38: =H38-I38-J38-K38-L38 -> -0.1 | E38: =N38+O38+P38+Q38-M38 -> -0.1 | F38: =U38-G38-(R38+T38)-S38+V38 -> -0.1 | G38: =AQ38 -> -204.4 | H38: =AR38 -> 1016.1 | I38: =AS38 -> 638.1 | J38: =AT38 -> 310.6 | K38: =AU38 -> 25.5 | L38: =AV38 -> 42 | M38: =AW38 -> 1220.6 | N38: =AX38 -> 835.8 | ... U38: =BE38 -> -41.8 | V38: 0 | X38: 1953 | Y38: - | Z38: - | AA38: - | AB38: - | AC38: - | AD38: - | AE38: - | AF38: - | AG38: - | AH38: - | AI38: - | AJ38: - | AK38: - | AL38: - | AM38: - | AN38: - | AP38: 1953 | AQ38: -204.4 | AR38: 1016.1 | AS38: 638.1 | AT38: 310.6 | AU38: 25.5 | AV38: 42 | AW38: 1220.6 | AX38: 835.8 | AY38: 265 | AZ38: 112.7 | BA38: 7 | BB38: 35.2 | BC38: 0 | BD38: 127.5 | BE38: -41.8 | BF38: - | BH38: 1953 | BI38: - | BJ38: - | BK38: - | BL38: - | BM38: - | BN38: - | BO38: - | BP38: - | BQ38: - | BR38: - | BS38: - | BT38: - | BU38: - | BV38: - | BW38: - | BX38: -
A39: 1954 | B39: =G39+R39+T39+ S39-U39-V39 -> -0.1 | C39: =H39-M39-G39 -> 0 | D39: =H39-I39-J39-K39-L39 -> 1.1368684e-13 | E39: =N39+O39+P39+Q39-M39 -> 0 | F39: =U39-G39-(R39+T39)-S39+V39 -> 0.1 | G39: =AQ39 -> -227.5 | H39: =AR39 -> 1092 | I39: =AS39 -> 674.1 | J39: =AT39 -> 332.4 | K39: =AU39 -> 48 | L39: =AV39 -> 37.5 | M39: =AW39 -> 1319.5 | N39: =AX39 -> 894.3 | ... U39: =BE39 -> -26 | V39: 0 | X39: 1954 | Y39: - | Z39: - | AA39: - | AB39: - | AC39: - | AD39: - | AE39: - | AF39: - | AG39: - | AH39: - | AI39: - | AJ39: - | AK39: - | AL39: - | AM39: - | AN39: - | AP39: 1954 | AQ39: -227.5 | AR39: 1092 | AS39: 674.1 | AT39: 332.4 | AU39: 48 | AV39: 37.5 | AW39: 1319.5 | AX39: 894.3 | AY39: 295.7 | AZ39: 116.9 | BA39: 12.6 | BB39: 28.9 | BC39: 0 | BD39: 172.5 | BE39: -26 | BF39: - | BH39: 1954 | BI39: - | BJ39: - | BK39: - | BL39: - | BM39: - | BN39: - | BO39: - | BP39: - | BQ39: - | BR39: - | BS39: - | BT39: - | BU39: - | BV39: - | BW39: - | BX39: -
A40: 1955 | B40: =G40+R40+T40+ S40-U40-V40 -> 0.1 | C40: =H40-M40-G40 -> 4.5519144e-14 | D40: =H40-I40-J40-K40-L40 -> -0.1 | E40: =N40+O40+P40+Q40-M40 -> 0.1 | F40: =U40-G40-(R40+T40)-S40+V40 -> -0.1 | G40: =AQ40 -> 1.7 | H40: =AR40 -> 1329 | I40: =AS40 -> 859.5 | J40: =AT40 -> 379.8 | K40: =AU40 -> 57.7 | L40: =AV40 -> 32.1 | M40: =AW40 -> 1327.3 | N40: =AX40 -> 883.9 | ... U40: =BE40 -> 201.5 | V40: 0 | X40: 1955 | Y40: - | Z40: - | AA40: - | AB40: - | AC40: - | AD40: - | AE40: - | AF40: - | AG40: - | AH40: - | AI40: - | AJ40: - | AK40: - | AL40: - | AM40: - | AN40: - | AP40: 1955 | AQ40: 1.7 | AR40: 1329 | AS40: 859.5 | AT40: 379.8 | AU40: 57.7 | AV40: 32.1 | AW40: 1327.3 | AX40: 883.9 | AY40: 291.2 | AZ40: 143.5 | BA40: 8.8 | BB40: 163.2 | BC40: 0 | BD40: 36.7 | BE40: 201.5 | BF40: - | BH40: 1955 | BI40: - | BJ40: - | BK40: - | BL40: - | BM40: - | BN40: - | BO40: - | BP40: - | BQ40: - | BR40: - | BS40: - | BT40: - | BU40: - | BV40: - | BW40: - | BX40: -
A41: 1956 | B41: =G41+R41+T41+ S41-U41-V41 -> 0.1 | C41: =H41-M41-G41 -> 0 | D41: =H41-I41-J41-K41-L41 -> -0.1 | E41: =N41+O41+P41+Q41-M41 -> -0.1 | F41: =U41-G41-(R41+T41)-S41+V41 -> -0.1 | G41: =AQ41 -> -183.1 | H41: =AR41 -> 1395.2 | I41: =AS41 -> 874.6 | J41: =AT41 -> 411.5 | K41: =AU41 -> 63.4 | L41: =AV41 -> 45.8 | M41: =AW41 -> 1578.3 | N41: =AX41 -> 1071.6 | ... U41: =BE41 -> 61.2 | V41: 0 | X41: 1956 | Y41: - | Z41: - | AA41: - | AB41: - | AC41: - | AD41: - | AE41: - | AF41: - | AG41: - | AH41: - | AI41: - | AJ41: - | AK41: - | AL41: - | AM41: - | AN41: - | AP41: 1956 | AQ41: -183.1 | AR41: 1395.2 | AS41: 874.6 | AT41: 411.5 | AU41: 63.4 | AV41: 45.8 | AW41: 1578.3 | AX41: 1071.6 | AY41: 328 | AZ41: 169.7 | BA41: 8.9 | BB41: 82.6 | BC41: 0 | BD41: 161.8 | BE41: 61.2 | BF41: - | BH41: 1956 | BI41: - | BJ41: - | BK41: - | BL41: - | BM41: - | BN41: - | BO41: - | BP41: - | BQ41: - | BR41: - | BS41: - | BT41: - | BU41: - | BV41: - | BW41: - | BX41: -
A42: 1957 | B42: =G42+R42+T42+ S42-U42-V42 -> -0.1 | C42: =H42-M42-G42 -> 0.1 | D42: =H42-I42-J42-K42-L42 -> 0.1 | E42: =N42+O42+P42+Q42-M42 -> 0 | F42: =U42-G42-(R42+T42)-S42+V42 -> 0.1 | G42: =AQ42 -> -359.9 | H42: =AR42 -> 1326.9 | I42: =AS42 -> 777.4 | J42: =AT42 -> 442.1 | K42: =AU42 -> 66.1 | L42: =AV42 -> 41.2 | M42: =AW42 -> 1686.7 | N42: =AX42 -> 1161.5 | ... U42: =BE42 -> -13.5 | V42: 0 | X42: 1957 | Y42: - | Z42: - | AA42: - | AB42: - | AC42: - | AD42: - | AE42: - | AF42: - | AG42: - | AH42: - | AI42: - | AJ42: - | AK42: - | AL42: - | AM42: - | AN42: - | AP42: 1957 | AQ42: -359.9 | AR42: 1326.9 | AS42: 777.4 | AT42: 442.1 | AU42: 66.1 | AV42: 41.2 | AW42: 1686.7 | AX42: 1161.5 | AY42: 353.5 | AZ42: 166.9 | BA42: 4.8 | BB42: 163.7 | BC42: 0 | BD42: 182.6 | BE42: -13.5 | BF42: - | BH42: 1957 | BI42: - | BJ42: - | BK42: - | BL42: - | BM42: - | BN42: - | BO42: - | BP42: - | BQ42: - | BR42: - | BS42: - | BT42: - | BU42: - | BV42: - | BW42: - | BX42: -
A43: 1958 | B43: =G43+R43+T43+ S43-U43-V43 -> -0.1 | C43: =H43-M43-G43 -> 0 | D43: =H43-I43-J43-K43-L43 -> -7.8159701e-14 | E43: =N43+O43+P43+Q43-M43 -> 0.1 | F43: =U43-G43-(R43+T43)-S43+V43 -> 0.1 | G43: =AQ43 -> -385.5 | H43: =AR43 -> 1320.8 | I43: =AS43 -> 758.2 | J43: =AT43 -> 449.7 | K43: =AU43 -> 68.5 | L43: =AV43 -> 44.4 | M43: =AW43 -> 1706.3 | N43: =AX43 -> 1164.9 | ... U43: =BE43 -> -77.2 | V43: 0 | X43: 1958 | Y43: - | Z43: - | AA43: - | AB43: - | AC43: - | AD43: - | AE43: - | AF43: - | AG43: - | AH43: - | AI43: - | AJ43: - | AK43: - | AL43: - | AM43: - | AN43: - | AP43: 1958 | AQ43: -385.5 | AR43: 1320.8 | AS43: 758.2 | AT43: 449.7 | AU43: 68.5 | AV43: 44.4 | AW43: 1706.3 | AX43: 1164.9 | AY43: 352.3 | AZ43: 182.9 | BA43: 6.3 | BB43: 98.7 | BC43: 0 | BD43: 209.5 | BE43: -77.2 | BF43: - | BH43: 1958 | BI43: - | BJ43: - | BK43: - | BL43: - | BM43: - | BN43: - | BO43: - | BP43: - | BQ43: - | BR43: - | BS43: - | BT43: - | BU43: - | BV43: - | BW43: - | BX43: -
A44: 1959 | B44: =G44+R44+T44+ S44-U44-V44 -> 1.4210855e-14 | C44: =H44-M44-G44 -> 0 | D44: =H44-I44-J44-K44-L44 -> 0 | E44: =N44+O44+P44+Q44-M44 -> -0.1 | F44: =U44-G44-(R44+T44)-S44+V44 -> 0 | G44: =AQ44 -> -232.1 | H44: =AR44 -> 1402.7 | I44: =AS44 -> 780.7 | J44: =AT44 -> 499.1 | K44: =AU44 -> 75.8 | L44: =AV44 -> 47.1 | M44: =AW44 -> 1634.8 | N44: =AX44 -> 1035.3 | ... U44: =BE44 -> 56 | V44: 0 | X44: 1959 | Y44: - | Z44: - | AA44: - | AB44: - | AC44: - | AD44: - | AE44: - | AF44: - | AG44: - | AH44: - | AI44: - | AJ44: - | AK44: - | AL44: - | AM44: - | AN44: - | AP44: 1959 | AQ44: -232.1 | AR44: 1402.7 | AS44: 780.7 | AT44: 499.1 | AU44: 75.8 | AV44: 47.1 | AW44: 1634.8 | AX44: 1035.3 | AY44: 380.7 | AZ44: 210.1 | BA44: 8.6 | BB44: 114.8 | BC44: 0 | BD44: 173.3 | BE44: 56 | BF44: - | BH44: 1959 | BI44: - | BJ44: - | BK44: - | BL44: - | BM44: - | BN44: - | BO44: - | BP44: - | BQ44: - | BR44: - | BS44: - | BT44: - | BU44: - | BV44: - | BW44: - | BX44: -
A45: 1960 | B45: =G45+R45+T45+ S45-U45-V45 -> 3.375078e-14 | C45: =H45-M45-G45 -> 0 | D45: =H45-I45-J45-K45-L45 -> -0.1 | E45: =N45+O45+P45+Q45-M45 -> 0 | F45: =U45-G45-(R45+T45)-S45+V45 -> -5.6843419e-14 | G45: =AQ45 -> -419.7 | H45: =AR45 -> 1444 | I45: =AS45 -> 805.7 | J45: =AT45 -> 518.2 | K45: =AU45 -> 71.3 | L45: =AV45 -> 48.9 | M45: =AW45 -> 1863.7 | N45: =AX45 -> 1211.3 | ... U45: =BE45 -> -8.6 | V45: 0 | X45: 1960 | Y45: - | Z45: - | AA45: - | AB45: - | AC45: - | AD45: - | AE45: - | AF45: - | AG45: - | AH45: - | AI45: - | AJ45: - | AK45: - | AL45: - | AM45: - | AN45: - | AP45: 1960 | AQ45: -419.7 | AR45: 1444 | AS45: 805.7 | AT45: 518.2 | AU45: 71.3 | AV45: 48.9 | AW45: 1863.7 | AX45: 1211.3 | AY45: 398.9 | AZ45: 237.6 | BA45: 15.9 | BB45: 275.6 | BC45: 0 | BD45: 135.5 | BE45: -8.6 | BF45: - | BH45: 1960 | BI45: - | BJ45: - | BK45: - | BL45: - | BM45: - | BN45: - | BO45: - | BP45: - | BQ45: - | BR45: - | BS45: - | BT45: - | BU45: - | BV45: - | BW45: - | BX45: -
A46: 1961 | B46: =G46+R46+T46+ S46-U46-V46 -> 1.4210855e-14 | C46: =H46-M46-G46 -> 0 | D46: =H46-I46-J46-K46-L46 -> -0.1 | E46: =N46+O46+P46+Q46-M46 -> -0.1 | F46: =U46-G46-(R46+T46)-S46+V46 -> 0 | G46: =AQ46 -> -343.7 | H46: =AR46 -> 1508.5 | I46: =AS46 -> 842.8 | J46: =AT46 -> 545.4 | K46: =AU46 -> 75.1 | L46: =AV46 -> 45.3 | M46: =AW46 -> 1852.2 | N46: =AX46 -> 1165.2 | ... U46: =BE46 -> -21.5 | V46: 0 | X46: 1961 | Y46: - | Z46: - | AA46: - | AB46: - | AC46: - | AD46: - | AE46: - | AF46: - | AG46: - | AH46: - | AI46: - | AJ46: - | AK46: - | AL46: - | AM46: - | AN46: - | AP46: 1961 | AQ46: -343.7 | AR46: 1508.5 | AS46: 842.8 | AT46: 545.4 | AU46: 75.1 | AV46: 45.3 | AW46: 1852.2 | AX46: 1165.2 | AY46: 424.9 | AZ46: 238 | BA46: 24 | BB46: 217.4 | BC46: 0 | BD46: 104.8 | BE46: -21.5 | BF46: - | BH46: 1961 | BI46: - | BJ46: - | BK46: - | BL46: - | BM46: - | BN46: - | BO46: - | BP46: - | BQ46: - | BR46: - | BS46: - | BT46: - | BU46: - | BV46: - | BW46: - | BX46: -
... A64: 1979 | B64: =G64+R64+T64+ S64-U64-V64 -> -1 | C64: =H64-M64-G64 -> 0 | D64: =H64-I64-J64-K64-L64 -> 7 | E64: =N64+O64+P64+Q64-M64 -> 0 | F64: =U64-G64-(R64+T64)-S64+V64 -> 1 | G64: =AQ64 -> -4870.5 | H64: =AR64 -> 16263.5 | I64: =AS64 -> 9943.3 | J64: =AT64 -> 4675.2 | K64: =AU64 -> 1381.6 | L64: =AV64 -> 256.4 | M64: =AW64 -> 21134 | N64: =AX64 -> 12131.5 | ... U64: =BE64 -> 419 | V64: 1 | X64: 1979 | Y64: - | Z64: - | AA64: - | AB64: - | AC64: - | AD64: - | AE64: - | AF64: - | AG64: - | AH64: - | AI64: - | AJ64: - | AK64: - | AL64: - | AM64: - | AN64: - | AP64: 1979 | AQ64: -4870.5 | AR64: 16263.5 | AS64: 9943.3 | AT64: 4675.2 | AU64: 1381.6 | AV64: 256.4 | AW64: 21134 | AX64: 12131.5 | AY64: 4051.1 | AZ64: 4918.9 | BA64: 32.5 | BB64: 4533.3 | BC64: 70 | BD64: 686.2 | BE64: 419 | BF64: - | BH64: 1979 | BI64: - | BJ64: - | BK64: - | BL64: - | BM64: - | BN64: - | BO64: - | BP64: - | BQ64: - | BR64: - | BS64: - | BT64: - | BU64: - | BV64: - | BW64: - | BX64: -
A65: 1980 | B65: =G65+R65+T65+ S65-U65-V65 -> -0.197 | C65: =H65-M65-G65 -> 0.097 | D65: =H65-I65-J65-K65-L65 -> -0.671 | E65: =N65+O65+P65+Q65-M65 -> 0.768 | F65: =U65-G65-(R65+T65)-S65+V65 -> 0.197 | G65: =BI65 -> -10434.097 | H65: =BJ65 -> 24860 | I65: =BK65 -> 18031.039 | J65: =BL65 -> 4569.018 | K65: =BM65 -> 1383.309 | L65: =BN65 -> 877.305 | M65: =BO65 -> 35294 | N65: =BP65 -> 21089.36 | ... V65: =BX65 -> -217.9 | X65: 1980 | Y65: - | Z65: - | AA65: - | AB65: - | AC65: - | AD65: - | AE65: - | AF65: - | AG65: - | AH65: - | AI65: - | AJ65: - | AK65: - | AL65: - | AM65: - | AN65: - | AP65: 1980 | AQ65: -7223.3 | AR65: 24947.3 | AS65: 16840.1 | AT65: 5838.8 | AU65: 1949.7 | AV65: 318.7 | AW65: 32170.6 | AX65: 18897.5 | AY65: 6105.3 | AZ65: 7123.6 | BA65: 44.1 | BB65: 11948.3 | BC65: 73.5 | BD65: -3647.6 | BE65: 916.2 | BF65: -217.9 | BH65: 1980 | BI65: -10434.097 | BJ65: 24860 | BK65: 18031.039 | BL65: 4569.018 | BM65: 1383.309 | BN65: 877.305 | BO65: 35294 | BP65: 21089.36 | BQ65: 6340.623 | BR65: 7820.661 | BS65: 44.124 | BT65: 11274.5 | BU65: 0 | BV65: -142.3 | BW65: 916.2 | BX65: -217.9
A66: 1981 | B66: =G66+R66+T66+ S66-U66-V66 -> -0.104 | C66: =H66-M66-G66 -> -0.49 | D66: =H66-I66-J66-K66-L66 -> -0.49 | E66: =N66+O66+P66+Q66-M66 -> 0 | F66: =U66-G66-(R66+T66)-S66+V66 -> 0.104 | G66: =BI66 -> -16240.604 | H66: =BJ66 -> 31111 | I66: =BK66 -> 23307.339 | J66: =BL66 -> 4947.492 | K66: =BM66 -> 1779.053 | L66: =BN66 -> 1077.606 | M66: =BO66 -> 47352.094 | N66: =BP66 -> 27184.229 | ... V66: =BX66 -> 123.4 | X66: 1981 | Y66: - | Z66: - | AA66: - | AB66: - | AC66: - | AD66: - | AE66: - | AF66: - | AG66: - | AH66: - | AI66: - | AJ66: - | AK66: - | AL66: - | AM66: - | AN66: - | AP66: 1981 | AQ66: -12544.2 | AR66: 30809.8 | AS66: 20926.6 | AT66: 7005.8 | AU66: 2532.2 | AV66: 345.2 | AW66: 43354.1 | AX66: 24037 | AY66: 8544.5 | AZ66: 10716 | BA66: 56.6 | BB66: 21859.6 | BC66: 69.6 | BD66: 8372.7 | BE66: 1031.4 | BF66: 123.4 | BH66: 1981 | BI66: -16240.604 | BJ66: 31111 | BK66: 23307.339 | BL66: 4947.492 | BM66: 1779.053 | BN66: 1077.606 | BO66: 47352.094 | BP66: 27184.229 | BQ66: 8216.817 | BR66: 11893.837 | BS66: 57.211 | BT66: 26616.3 | BU66: 0 | BV66: -9221 | BW66: 1031.4 | BX66: 123.4
A67: 1982 | B67: =G67+R67+T67+ S67-U67-V67 -> 0.128 | C67: =H67-M67-G67 -> 0.072 | D67: =H67-I67-J67-K67-L67 -> 0.952 | E67: =N67+O67+P67+Q67-M67 -> -0.88 | F67: =U67-G67-(R67+T67)-S67+V67 -> -0.128 | G67: =BI67 -> -5890.072 | H67: =BJ67 -> 30973 | I67: =BK67 -> 24055.21 | J67: =BL67 -> 4113.781 | K67: =BM67 -> 1731.322 | L67: =BN67 -> 1071.735 | M67: =BO67 -> 36863 | N67: =BP67 -> 17010.631 | ... V67: =BX67 -> -115.5 | X67: 1982 | Y67: - | Z67: - | AA67: - | AB67: - | AC67: - | AD67: - | AE67: - | AF67: - | AG67: - | AH67: - | AI67: - | AJ67: - | AK67: - | AL67: - | AM67: - | AN67: - | AP67: - | AQ67: - | AR67: - | AS67: - | AT67: - | AU67: - | AV67: - | AW67: - | AX67: - | AY67: - | AZ67: - | BA67: - | BB67: - | BC67: - | BD67: - | BE67: - | BF67: - | BH67: 1982 | BI67: -5890.072 | BJ67: 30973 | BK67: 24055.21 | BL67: 4113.781 | BM67: 1731.322 | BN67: 1071.735 | BO67: 36863 | BP67: 17010.631 | BQ67: 5829.907 | BR67: 13992.58 | BS67: 29.002 | BT67: 9977.5 | BU67: 0 | BV67: -7405.7 | BW67: -3202.9 | BX67: -115.5
A68: 1983 | B68: =G68+R68+T68+ S68-U68-V68 -> 0.766 | C68: =H68-M68-G68 -> 0.02 | D68: =H68-I68-J68-K68-L68 -> -2.7284841e-12 | E68: =N68+O68+P68+Q68-M68 -> 0.02 | F68: =U68-G68-(R68+T68)-S68+V68 -> -0.766 | G68: =BI68 -> 5859.623 | H68: =BJ68 -> 32928.643 | I68: =BK68 -> 25953.138 | J68: =BL68 -> 4073.46 | K68: =BM68 -> 1697.96 | L68: =BN68 -> 1204.085 | M68: =BO68 -> 27069 | N68: =BP68 -> 11848.281 | ... V68: =BX68 -> 18 | X68: 1983 | Y68: - | Z68: - | AA68: - | AB68: - | AC68: - | AD68: - | AE68: - | AF68: - | AG68: - | AH68: - | AI68: - | AJ68: - | AK68: - | AL68: - | AM68: - | AN68: - | AP68: - | AQ68: - | AR68: - | AS68: - | AT68: - | AU68: - | AV68: - | AW68: - | AX68: - | AY68: - | AZ68: - | BA68: - | BB68: - | BC68: - | BD68: - | BE68: - | BF68: - | BH68: 1983 | BI68: 5859.623 | BJ68: 32928.643 | BK68: 25953.138 | BL68: 4073.46 | BM68: 1697.96 | BN68: 1204.085 | BO68: 27069 | BP68: 11848.281 | BQ68: 4368.125 | BR68: 10821.258 | BS68: 31.356 | BT68: 339 | BU68: 0 | BV68: -3079 | BW68: 3100.857 | BX68: 18
A69: 1984 | B69: =G69+R69+T69+ S69-U69-V69 -> 3.025 | C69: =H69-M69-G69 -> 0 | D69: =H69-I69-J69-K69-L69 -> -0.507 | E69: =N69+O69+P69+Q69-M69 -> 1.154 | F69: =U69-G69-(R69+T69)-S69+V69 -> -3.025 | G69: =BI69 -> 4184 | H69: =BJ69 -> 37830 | I69: =BK69 -> 29100.351 | J69: =BL69 -> 4825.906 | K69: =BM69 -> 2519.813 | L69: =BN69 -> 1384.437 | M69: =BO69 -> 33646 | N69: =BP69 -> 15916.198 | ... V69: =BX69 -> 150 | X69: 1984 | Y69: - | Z69: - | AA69: - | AB69: - | AC69: - | AD69: - | AE69: - | AF69: - | AG69: - | AH69: - | AI69: - | AJ69: - | AK69: - | AL69: - | AM69: - | AN69: - | AP69: - | AQ69: - | AR69: - | AS69: - | AT69: - | AU69: - | AV69: - | AW69: - | AX69: - | AY69: - | AZ69: - | BA69: - | BB69: - | BC69: - | BD69: - | BE69: - | BF69: - | BH69: 1984 | BI69: 4184 | BJ69: 37830 | BK69: 29100.351 | BL69: 4825.906 | BM69: 2519.813 | BN69: 1384.437 | BO69: 33646 | BP69: 15916.198 | BQ69: 5111.591 | BR69: 12596.267 | BS69: 23.098 | BT69: 1306 | BU69: 0 | BV69: -2136.09 | BW69: 3200.885 | BX69: 150
A70: 1985 | B70: =G70+R70+T70+ S70-U70-V70 -> 3.906 | C70: =H70-M70-G70 -> -0.093 | D70: =H70-I70-J70-K70-L70 -> 0 | E70: =N70+O70+P70+Q70-M70 -> 2.395 | F70: =U70-G70-(R70+T70)-S70+V70 -> -3.906 | G70: =BI70 -> 802 | H70: =BJ70 -> 35858.907 | I70: =BK70 -> 26757.3 | J70: =BL70 -> 4794.433 | K70: =BM70 -> 2293.628 | L70: =BN70 -> 2013.546 | M70: =BO70 -> 35057 | N70: =BP70 -> 18359.097 | ... V70: =BX70 -> -95.093 | X70: 1985 | Y70: - | Z70: - | AA70: - | AB70: - | AC70: - | AD70: - | AE70: - | AF70: - | AG70: - | AH70: - | AI70: - | AJ70: - | AK70: - | AL70: - | AM70: - | AN70: - | AP70: - | AQ70: - | AR70: - | AS70: - | AT70: - | AU70: - | AV70: - | AW70: - | AX70: - | AY70: - | AZ70: - | BA70: - | BB70: - | BC70: - | BD70: - | BE70: - | BF70: - | BH70: 1985 | BI70: 802 | BJ70: 35858.907 | BK70: 26757.3 | BL70: 4794.433 | BM70: 2293.628 | BN70: 2013.546 | BO70: 35057 | BP70: 18359.097 | BQ70: 5381.851 | BR70: 11290.178 | BS70: 28.269 | BT70: -315 | BU70: 0 | BV70: -2906.587 | BW70: -2328.4 | BX70: -95.093
A71: 1986 | B71: =G71+R71+T71+ S71-U71-V71 -> -1.303 | C71: =H71-M71-G71 -> -0.491 | D71: =H71-I71-J71-K71-L71 -> 1.142 | E71: =N71+O71+P71+Q71-M71 -> -1.633 | F71: =U71-G71-(R71+T71)-S71+V71 -> 1.303 | G71: =BI71 -> -1373.509 | H71: =BJ71 -> 29929 | I71: =BK71 -> 21803.596 | J71: =BL71 -> 4572.49 | K71: =BM71 -> 1961.749 | L71: =BN71 -> 1590.023 | M71: =BO71 -> 31303 | N71: =BP71 -> 16783.892 | ... V71: =BX71 -> -382.206 | X71: 1986 | Y71: - | Z71: - | AA71: - | AB71: - | AC71: - | AD71: - | AE71: - | AF71: - | AG71: - | AH71: - | AI71: - | AJ71: - | AK71: - | AL71: - | AM71: - | AN71: - | AP71: - | AQ71: - | AR71: - | AS71: - | AT71: - | AU71: - | AV71: - | AW71: - | AX71: - | AY71: - | AZ71: - | BA71: - | BB71: - | BC71: - | BD71: - | BE71: - | BF71: - | BH71: 1986 | BI71: -1373.509 | BJ71: 29929 | BK71: 21803.596 | BL71: 4572.49 | BM71: 1961.749 | BN71: 1590.023 | BO71: 31303 | BP71: 16783.892 | BQ71: 5021.415 | BR71: 9481.33 | BS71: 14.73 | BT71: 2715 | BU71: 0 | BV71: -740 | BW71: 985 | BX71: -382.206
A72: 1987 | B72: =G72+R72+T72+ S72-U72-V72 -> 0.6 | C72: =H72-M72-G72 -> 0 | D72: =H72-I72-J72-K72-L72 -> 0.567 | E72: =N72+O72+P72+Q72-M72 -> 1.477 | F72: =U72-G72-(R72+T72)-S72+V72 -> -0.6 | G72: =BI72 -> 4241 | H72: =BJ72 -> 37369 | I72: =BK72 -> 27599.515 | J72: =BL72 -> 5415.844 | K72: =BM72 -> 2415.861 | L72: =BN72 -> 1937.213 | M72: =BO72 -> 33128 | N72: =BP72 -> 18812.426 | ... V72: =BX72 -> -824 | X72: 1987 | Y72: - | Z72: - | AA72: - | AB72: - | AC72: - | AD72: - | AE72: - | AF72: - | AG72: - | AH72: - | AI72: - | AJ72: - | AK72: - | AL72: - | AM72: - | AN72: - | AP72: - | AQ72: - | AR72: - | AS72: - | AT72: - | AU72: - | AV72: - | AW72: - | AX72: - | AY72: - | AZ72: - | BA72: - | BB72: - | BC72: - | BD72: - | BE72: - | BF72: - | BH72: 1987 | BI72: 4241 | BJ72: 37369 | BK72: 27599.515 | BL72: 5415.844 | BM72: 2415.861 | BN72: 1937.213 | BO72: 33128 | BP72: 18812.426 | BQ72: 5081.826 | BR72: 9217.065 | BS72: 18.16 | BT72: -1188 | BU72: 0 | BV72: 3048 | BW72: 6924.4 | BX72: -824
A73: 1988 | B73: =G73+R73+T73+ S73-U73-V73 -> 0 | C73: =H73-M73-G73 -> -0.207 | D73: =H73-I73-J73-K73-L73 -> 0 | E73: =N73+O73+P73+Q73-M73 -> -1.582 | F73: =U73-G73-(R73+T73)-S73+V73 -> 0 | G73: =BI73 -> -2377 | H73: =BJ73 -> 42095.793 | I73: =BK73 -> 30691.498 | J73: =BL73 -> 6068.374 | K73: =BM73 -> 3064.418 | L73: =BN73 -> 2271.503 | M73: =BO73 -> 44473 | N73: =BP73 -> 28081.969 | ... V73: =BX73 -> 393 | X73: 1988 | Y73: - | Z73: - | AA73: - | AB73: - | AC73: - | AD73: - | AE73: - | AF73: - | AG73: - | AH73: - | AI73: - | AJ73: - | AK73: - | AL73: - | AM73: - | AN73: - | AP73: - | AQ73: - | AR73: - | AS73: - | AT73: - | AU73: - | AV73: - | AW73: - | AX73: - | AY73: - | AZ73: - | BA73: - | BB73: - | BC73: - | BD73: - | BE73: - | BF73: - | BH73: 1988 | BI73: -2377 | BJ73: 42095.793 | BK73: 30691.498 | BL73: 6068.374 | BM73: 3064.418 | BN73: 2271.503 | BO73: 44473 | BP73: 28081.969 | BQ73: 6064.212 | BR73: 10310.354 | BS73: 14.883 | BT73: -1164 | BU73: 0 | BV73: -3293 | BW73: -7227 | BX73: 393
A74: 1989 | B74: =G74+R74+T74+ S74-U74-V74 -> 0.4 | C74: =H74-M74-G74 -> 0.787 | D74: =H74-I74-J74-K74-L74 -> 0 | E74: =N74+O74+P74+Q74-M74 -> 0 | F74: =U74-G74-(R74+T74)-S74+V74 -> -0.4 | G74: =BI74 -> -5822 | H74: =BJ74 -> 48103.376 | I74: =BK74 -> 35171.046 | J74: =BL74 -> 7191.447 | K74: =BM74 -> 3180.962 | L74: =BN74 -> 2559.921 | M74: =BO74 -> 53924.589 | N74: =BP74 -> 34765.996 | ... V74: =BX74 -> 124.1 | X74: 1989 | Y74: - | Z74: - | AA74: - | AB74: - | AC74: - | AD74: - | AE74: - | AF74: - | AG74: - | AH74: - | AI74: - | AJ74: - | AK74: - | AL74: - | AM74: - | AN74: - | AP74: - | AQ74: - | AR74: - | AS74: - | AT74: - | AU74: - | AV74: - | AW74: - | AX74: - | AY74: - | AZ74: - | BA74: - | BB74: - | BC74: - | BD74: - | BE74: - | BF74: - | BH74: 1989 | BI74: -5822 | BJ74: 48103.376 | BK74: 35171.046 | BL74: 7191.447 | BM74: 3180.962 | BN74: 2559.921 | BO74: 53924.589 | BP74: 34765.996 | BQ74: 7659.636 | BR74: 11483.183 | BS74: 15.774 | BT74: 3177 | BU74: 0 | BV74: 3041 | BW74: 271.5 | BX74: 124.1
A75: 1990 | B75: =G75+R75+T75+ S75-U75-V75 -> 0 | C75: =H75-M75-G75 -> -0.102 | D75: =H75-I75-J75-K75-L75 -> -8.6401997e-12 | E75: =N75+O75+P75+Q75-M75 -> 1.938 | F75: =U75-G75-(R75+T75)-S75+V75 -> 0 | G75: =BI75 -> -7449 | H75: =BJ75 -> 56070.898 | I75: =BK75 -> 40710.936 | J75: =BL75 -> 8021.031 | K75: =BM75 -> 3346.589 | L75: =BN75 -> 3992.342 | M75: =BO75 -> 63520 | N75: =BP75 -> 41593.252 | ... V75: =BX75 -> -182 | X75: 1990 | Y75: - | Z75: - | AA75: - | AB75: - | AC75: - | AD75: - | AE75: - | AF75: - | AG75: - | AH75: - | AI75: - | AJ75: - | AK75: - | AL75: - | AM75: - | AN75: - | AP75: - | AQ75: - | AR75: - | AS75: - | AT75: - | AU75: - | AV75: - | AW75: - | AX75: - | AY75: - | AZ75: - | BA75: - | BB75: - | BC75: - | BD75: - | BE75: - | BF75: - | BH75: 1990 | BI75: -7449 | BJ75: 56070.898 | BK75: 40710.936 | BL75: 8021.031 | BM75: 3346.589 | BN75: 3992.342 | BO75: 63520 | BP75: 41593.252 | BQ75: 9942.156 | BR75: 11972.497 | BS75: 14.033 | BT75: 8163 | BU75: 0 | BV75: 2518 | BW75: 3414 | BX75: -182

Sheet bc
B1: Balanza comercial
B3: Exp de bienes | C3: Imp de bienes | D3: Balanza comercial | F3: Exp de bienes | G3: Imp de bienes
A5: 1920 | B5: 425.4 | C5: 197.5 | D5: =B5-C5 -> 227.9 | E5: NAFINSA (1974, p. 373)
A6: 1921 | B6: 376 | C6: 241.7 | D6: =B6-C6 -> 134.3 | F6: =((B6/B5)-1)*100 -> -11.6126 | G6: =((C6/C5)-1)*100 -> 22.379747
A7: 1922 | B7: 314.1 | C7: 150.7 | D7: =B7-C7 -> 163.4 | F7: =((B7/B6)-1)*100 -> -16.462766 | G7: =((C7/C6)-1)*100 -> -37.649979
A8: 1923 | B8: 275.7 | C8: 152.9 | D8: =B8-C8 -> 122.8 | F8: =((B8/B7)-1)*100 -> -12.225406 | G8: =((C8/C7)-1)*100 -> 1.459854
A9: 1924 | B9: 297.1 | C9: 155.1 | D9: =B9-C9 -> 142 | F9: =((B9/B8)-1)*100 -> 7.7620602 | G9: =((C9/C8)-1)*100 -> 1.4388489
A10: 1925 | B10: 336 | C10: 192.6 | D10: =B10-C10 -> 143.4 | F10: =((B10/B9)-1)*100 -> 13.093235 | G10: =((C10/C9)-1)*100 -> 24.17795
A11: 1926 | B11: 334.3 | C11: 184.1 | D11: =B11-C11 -> 150.2 | F11: =((B11/B10)-1)*100 -> -0.50595238 | G11: =((C11/C10)-1)*100 -> -4.4132918
A12: 1927 | B12: 299.1 | C12: 163.2 | D12: =B12-C12 -> 135.9 | F12: =((B12/B11)-1)*100 -> -10.529465 | G12: =((C12/C11)-1)*100 -> -11.352526
A13: 1928 | B13: 284.6 | C13: 172.1 | D13: =B13-C13 -> 112.5 | F13: =((B13/B12)-1)*100 -> -4.847877 | G13: =((C13/C12)-1)*100 -> 5.4534314
A14: 1929 | B14: 274.9 | C14: 177.7 | D14: =B14-C14 -> 97.2 | F14: =((B14/B13)-1)*100 -> -3.4082923 | G14: =((C14/C13)-1)*100 -> 3.2539221
A15: 1930 | B15: 203.1 | C15: 154.9 | D15: =B15-C15 -> 48.2 | F15: =((B15/B14)-1)*100 -> -26.118589 | G15: =((C15/C14)-1)*100 -> -12.830613
A16: 1931 | B16: 150.9 | C16: 81.9 | D16: =B16-C16 -> 69 | F16: =((B16/B15)-1)*100 -> -25.701625 | G16: =((C16/C15)-1)*100 -> -47.127179
A17: 1932 | B17: 96.5 | C17: 57.3 | D17: =B17-C17 -> 39.2 | F17: =((B17/B16)-1)*100 -> -36.050364 | G17: =((C17/C16)-1)*100 -> -30.03663
... A23: 1938 | B23: 185.4 | C23: 109.3 | D23: =B23-C23 -> 76.1 | F23: =((B23/B22)-1)*100 -> -25.211779 | G23: =((C23/C22)-1)*100 -> -35.932005
A24: 1939 | B24: 163.4 | C24: 128.2 | D24: =B24-C24 -> 35.2 | E24: NAFINSA (1974, pp. 365-372) | F24: =((B24/B23)-1)*100 -> -11.866235 | G24: =((C24/C23)-1)*100 -> 17.291857
A25: 1940 | B25: 159.8 | C25: 132.4 | D25: =B25-C25 -> 27.4 | F25: =((B25/B24)-1)*100 -> -2.2031824 | G25: =((C25/C24)-1)*100 -> 3.276131
A26: 1941 | B26: 176.5 | C26: 199.5 | D26: =B26-C26 -> -23 | F26: =((B26/B25)-1)*100 -> 10.450563 | G26: =((C26/C25)-1)*100 -> 50.679758
A27: 1942 | B27: 207.5 | C27: 172.2 | D27: =B27-C27 -> 35.3 | F27: =((B27/B26)-1)*100 -> 17.563739 | G27: =((C27/C26)-1)*100 -> -13.684211
A28: 1943 | B28: 291.6 | C28: 212.2 | D28: =B28-C28 -> 79.4 | F28: =((B28/B27)-1)*100 -> 40.53012 | G28: =((C28/C27)-1)*100 -> 23.228804
A29: 1944 | B29: 283.7 | C29: 311 | D29: =B29-C29 -> -27.3 | F29: =((B29/B28)-1)*100 -> -2.7091907 | G29: =((C29/C28)-1)*100 -> 46.559849
A30: 1945 | B30: 320.8 | C30: 372.5 | D30: =B30-C30 -> -51.7 | F30: =((B30/B29)-1)*100 -> 13.077194 | G30: =((C30/C29)-1)*100 -> 19.77492
A31: 1946 | B31: 368.5 | C31: 600.6 | D31: =B31-C31 -> -232.1 | F31: =((B31/B30)-1)*100 -> 14.869077 | G31: =((C31/C30)-1)*100 -> 61.234899
A32: 1947 | B32: 483 | C32: 720.3 | D32: =B32-C32 -> -237.3 | F32: =((B32/B31)-1)*100 -> 31.071913 | G32: =((C32/C31)-1)*100 -> 19.93007
A33: 1948 | B33: 473.1 | C33: 591.4 | D33: =B33-C33 -> -118.3 | F33: =((B33/B32)-1)*100 -> -2.0496894 | G33: =((C33/C32)-1)*100 -> -17.895321
A34: 1949 | B34: 455.9 | C34: 514.4 | D34: =B34-C34 -> -58.5 | F34: =((B34/B33)-1)*100 -> -3.635595 | G34: =((C34/C33)-1)*100 -> -13.019953
A35: 1950 | B35: 699.4 | C35: 556.4 | D35: =B35-C35 -> 143 | F35: =((B35/B34)-1)*100 -> 53.410836 | G35: =((C35/C34)-1)*100 -> 8.1648523
A36: 1951 | B36: 720.1 | C36: 936 | D36: =B36-C36 -> -215.9 | F36: =((B36/B35)-1)*100 -> 2.9596797 | G36: =((C36/C35)-1)*100 -> 68.224299
... A75: 1990 | B75: 40710.936 | C75: 41593.252 | D75: =B75-C75 -> -882.316 | F75: =((B75/B74)-1)*100 -> 15.75128 | G75: =((C75/C74)-1)*100 -> 19.63774
A76: Fuente: Nacional Financiera (1974), 1920-1949; Banxico, Balanza de pagos, Presentación Histórica, 1950-1979; INEGI, Presentación histórica, 1980-1990; INEGI, Presentación actual, 1991-2016

Sheet XM Men
A1: Observaciones mensuales, 1932-1953. El Banco de México dejo de publicar en sus Informes Anuales las estadísticas mensuales de comercio exterior a partir de 1954. | P1: Observaciones anuales para verificar las observaciones mensuales | Z1: Balanza comercial mensual y anual
B2: Exportaciones mp | C2: Tipo de cambio | D2: Exportaciones md | E2: Participación % de las exportaciones md | F2: Discrepancia mensual ponderada md | G2: Exportaciones ajuste con anual md | I2: Importaciones mp | J2: Tipo de cambio | K2: Importaciones md | L2: Participación % de las importaciones md | M2: Discrepancia mensual ponderada md | N2: Importaciones ajuste con anual md | O2: Balanza comercial ajuste con anual md | Q2: Exportaciones md (Mensual) | R2: Exportaciones con ajuste md (Mensual) | S2: Exportaciones md (Anual) | T2: Exportaciones md (Discrepancia) | V2: Importaciones md (Mensual) | W2: Importaciones md (Mensual) | X2: Importaciones md (Anual) | Y2: Importaciones md (Discrepancia) | Z2: Balanza comercial mensual md | AA2: Balanza comercial anual md
A6: 11689 | B6: 23.337 | C6: 2.55 | D6: =B6/C6 -> 9.1517647 | E6: =D6/Q$6 -> 0.093371795 | F6: =E6*T$6 -> -0.14138647 | G6: =D6+F6 -> 9.0103782 | I6: 11.792 | J6: 2.55 | K6: =I6/J6 -> 4.6243137 | L6: =K6/V$6 -> 0.080554655 | M6: =L6*Y$6 -> -0.0085319925 | N6: =K6+M6 -> 4.6157817 | O6: =G6-N6 -> 4.3945965 | P6: 1932 | Q6: =SUM(D6:D17) -> 98.014231 | R6: =SUM(G6:G17) -> 96.5 | S6: 96.5 | T6: =S6-Q6 -> -1.514231 | V6: =SUM(K6:K17) -> 57.405916 | W6: =SUM(N6:N17) -> 57.3 | X6: 57.3 | Y6: =X6-V6 -> -0.10591557 | Z6: =SUM(O6:O17) -> 39.2 | AA6: 39.2
A7: 11720 | B7: 26.915 | C7: 2.67 | D7: =B7/C7 -> 10.080524 | E7: =D7/Q$6 -> 0.10284756 | F7: =E7*T$6 -> -0.15573496 | G7: =D7+F7 -> 9.9247894 | I7: 12.71 | J7: 2.67 | K7: =I7/J7 -> 4.7602996 | L7: =K7/V$6 -> 0.082923503 | M7: =L7*Y$6 -> -0.0087828904 | N7: =K7+M7 -> 4.7515167 | O7: =G7-N7 -> 5.1732726 | P7: 1933 | Q7: =SUM(D18:D29) -> 109.37587 | R7: =SUM(G18:G29) -> 104.3 | S7: 104.3 | T7: =S7-Q7 -> -5.0758676 | V7: =SUM(K18:K29) -> 69.207374 | W7: =SUM(N18:N29) -> 69.7 | X7: 69.7 | Y7: =X7-V7 -> 0.49262641 | Z7: =SUM(O18:O29) -> 34.6 | AA7: 34.6
A8: 11749 | B8: 33.203 | C8: 2.96 | D8: =B8/C8 -> 11.21723 | E8: =D8/Q$6 -> 0.11444491 | F8: =E8*T$6 -> -0.17329603 | G8: =D8+F8 -> 11.043934 | I8: 14.613 | J8: 2.96 | K8: =I8/J8 -> 4.9368243 | L8: =K8/V$6 -> 0.08599853 | M8: =L8*Y$6 -> -0.0091085836 | N8: =K8+M8 -> 4.9277157 | O8: =G8-N8 -> 6.116218 | P8: 1934 | Q8: =SUM(D30:D41) -> 178.16694 | R8: =SUM(G30:G41) -> 178.9 | S8: 178.9 | T8: =S8-Q8 -> 0.73305556 | V8: =SUM(K30:K41) -> 92.770556 | W8: =SUM(N30:N41) -> 92.8 | X8: 92.8 | Y8: =X8-V8 -> 0.029444444 | Z8: =SUM(O30:O41) -> 86.1 | AA8: 86.1
A9: 11780 | B9: 35.922 | C9: 2.97 | D9: =B9/C9 -> 12.094949 | E9: =D9/Q$6 -> 0.12339993 | F9: =E9*T$6 -> -0.18685601 | G9: =D9+F9 -> 11.908093 | I9: 17.108 | J9: 2.97 | K9: =I9/J9 -> 5.7602694 | L9: =K9/V$6 -> 0.10034278 | M9: =L9*Y$6 -> -0.010627863 | N9: =K9+M9 -> 5.7496415 | O9: =G9-N9 -> 6.158452 | P9: 1935 | Q9: =SUM(D42:D53) -> 196.01639 | R9: =SUM(G42:G53) -> 208.3 | S9: 208.3 | T9: =S9-Q9 -> 12.283611 | V9: =SUM(K42:K53) -> 104.45444 | W9: =SUM(N42:N53) -> 112.8 | X9: 112.8 | Y9: =X9-V9 -> 8.3455556 | Z9: =SUM(O42:O53) -> 95.5 | AA9: 95.5
A10: 11810 | B10: 27.143 | C10: 3.3 | D10: =B10/C10 -> 8.2251515 | E10: =D10/Q$6 -> 0.083917931 | F10: =E10*T$6 -> -0.12707114 | G10: =D10+F10 -> 8.0980804 | I10: 15.838 | J10: 3.3 | K10: =I10/J10 -> 4.7993939 | L10: =K10/V$6 -> 0.083604519 | M10: =L10*Y$6 -> -0.0088550206 | N10: =K10+M10 -> 4.7905389 | O10: =G10-N10 -> 3.3075415 | P10: 1936 | Q10: =SUM(D54:D65) -> 197.12278 | R10: =SUM(G54:G65) -> 215.2 | S10: 215.2 | T10: =S10-Q10 -> 18.077222 | V10: =SUM(K54:K65) -> 128.933 | W10: =SUM(N54:N65) -> 128.9 | X10: 128.9 | Y10: =X10-V10 -> -0.033 | Z10: =SUM(O54:O65) -> 86.3 | AA10: 86.3
A11: 11841 | B11: 23.009 | C11: 3.71 | D11: =B11/C11 -> 6.2018868 | E11: =D11/Q$6 -> 0.063275371 | F11: =E11*T$6 -> -0.09581353 | G11: =D11+F11 -> 6.1060733 | I11: 16.483 | J11: 3.71 | K11: =I11/J11 -> 4.4428571 | L11: =K11/V$6 -> 0.077393716 | M11: =L11*Y$6 -> -0.0081971999 | N11: =K11+M11 -> 4.4346599 | O11: =G11-N11 -> 1.6714133 | P11: 1937 | Q11: =SUM(D66:D77) -> 234.05811 | R11: =SUM(G66:G77) -> 247.9 | S11: 247.9 | T11: =S11-Q11 -> 13.841889 | V11: =SUM(K66:K77) -> 169.376 | W11: =SUM(N66:N77) -> 170.6 | X11: 170.6 | Y11: =X11-V11 -> 1.224 | Z11: =SUM(O66:O77) -> 77.3 | AA11: 77.3
A12: 11871 | B12: 20.976 | C12: 3.59 | D12: =B12/C12 -> 5.8428969 | E12: =D12/Q$6 -> 0.059612741 | F12: =E12*T$6 -> -0.090267462 | G12: =D12+F12 -> 5.7526295 | I12: 15.945 | J12: 3.59 | K12: =I12/J12 -> 4.4415042 | L12: =K12/V$6 -> 0.077370148 | M12: =L12*Y$6 -> -0.0081947036 | N12: =K12+M12 -> 4.4333095 | O12: =G12-N12 -> 1.31932 | P12: 1938 | Q12: =SUM(D78:D89) -> 188.899 | R12: =SUM(G78:G89) -> 185.4 | S12: 185.4 | T12: =S12-Q12 -> -3.499 | V12: =SUM(K78:K89) -> 111.024 | W12: =SUM(N78:N89) -> 109.3 | X12: 109.3 | Y12: =X12-V12 -> -1.724 | Z12: =SUM(O78:O89) -> 76.1 | AA12: 76.1
A13: 11902 | B13: 24.48 | C13: 3.49 | D13: =B13/C13 -> 7.0143266 | E13: =D13/Q$6 -> 0.07156437 | F13: =E13*T$6 -> -0.10836499 | G13: =D13+F13 -> 6.9059617 | I13: 15.608 | J13: 3.49 | K13: =I13/J13 -> 4.4722063 | L13: =K13/V$6 -> 0.077904973 | M13: =L13*Y$6 -> -0.0082513499 | N13: =K13+M13 -> 4.463955 | O13: =G13-N13 -> 2.4420067 | P13: 1939 | Q13: =SUM(D90:D101) -> 174.60548 | R13: =SUM(G90:G101) -> 163.4 | S13: 163.4 | T13: =S13-Q13 -> -11.205475 | V13: =SUM(K90:K101) -> 121.02814 | W13: =SUM(N90:N101) -> 128.2 | X13: 128.2 | Y13: =X13-V13 -> 7.171857 | Z13: =SUM(O90:O101) -> 35.2 | AA13: 35.2
A14: 11933 | B14: 24.398 | C14: 3.32 | D14: =B14/C14 -> 7.3487952 | E14: =D14/Q$6 -> 0.074976818 | F14: =E14*T$6 -> -0.11353222 | G14: =D14+F14 -> 7.235263 | I14: 14.379 | J14: 3.32 | K14: =I14/J14 -> 4.3310241 | L14: =K14/V$6 -> 0.075445606 | M14: =L14*Y$6 -> -0.0079908647 | N14: =K14+M14 -> 4.3230332 | O14: =G14-N14 -> 2.9122297 | P14: 1940 | Q14: =SUM(D102:D113) -> 177.51691 | R14: =SUM(G102:G113) -> 159.8 | S14: 159.8 | T14: =S14-Q14 -> -17.716909 | V14: =SUM(K102:K113) -> 124.05696 | W14: =SUM(N102:N113) -> 132.4 | X14: 132.4 | Y14: =X14-V14 -> 8.3430424 | Z14: =SUM(O102:O113) -> 27.4 | AA14: 27.4
A15: 11963 | B15: 24.786 | C15: 3.21 | D15: =B15/C15 -> 7.7214953 | E15: =D15/Q$6 -> 0.078779329 | F15: =E15*T$6 -> -0.1192901 | G15: =D15+F15 -> 7.6022052 | I15: 15.782 | J15: 3.21 | K15: =I15/J15 -> 4.9165109 | L15: =K15/V$6 -> 0.085644674 | M15: =L15*Y$6 -> -0.0090711047 | N15: =K15+M15 -> 4.9074398 | O15: =G15-N15 -> 2.6947654 | P15: 1941 | Q15: =SUM(D114:D125) -> 150.298 | R15: =SUM(G114:G125) -> 176.5 | S15: 176.5 | T15: =S15-Q15 -> 26.202 | V15: =SUM(K114:K125) -> 188.2396 | W15: =SUM(N114:N125) -> 199.5 | X15: 199.5 | Y15: =X15-V15 -> 11.2604 | Z15: =SUM(O114:O125) -> -23 | AA15: -23
A16: 11994 | B16: 21.343 | C16: 3.09 | D16: =B16/C16 -> 6.9071197 | E16: =D16/Q$6 -> 0.07047058 | F16: =E16*T$6 -> -0.10670874 | G16: =D16+F16 -> 6.800411 | I16: 15.384 | J16: 3.09 | K16: =I16/J16 -> 4.9786408 | L16: =K16/V$6 -> 0.086726964 | M16: =L16*Y$6 -> -0.0091857362 | N16: =K16+M16 -> 4.969455 | O16: =G16-N16 -> 1.830956 | P16: 1942 | Q16: =SUM(D126:D137) -> 193.788 | R16: =SUM(G126:G137) -> 207.5 | S16: 207.5 | T16: =S16-Q16 -> 13.712 | V16: =SUM(K126:K137) -> 154.962 | W16: =SUM(N126:N137) -> 172.2 | X16: 172.2 | Y16: =X16-V16 -> 17.238 | Z16: =SUM(O126:O137) -> 35.3 | AA16: 35.3
A17: 12024 | B17: 19.183 | C17: 3.09 | D17: =B17/C17 -> 6.2080906 | E17: =D17/Q$6 -> 0.063338666 | F17: =E17*T$6 -> -0.095909373 | G17: =D17+F17 -> 6.1121812 | I17: 15.271 | J17: 3.09 | K17: =I17/J17 -> 4.9420712 | L17: =K17/V$6 -> 0.086089929 | M17: =L17*Y$6 -> -0.0091182642 | N17: =K17+M17 -> 4.9329529 | O17: =G17-N17 -> 1.1792283 | P17: 1943 | Q17: =SUM(D138:D149) -> 222.525 | R17: =SUM(G138:G149) -> 291.6 | S17: 291.6 | T17: =S17-Q17 -> 69.075 | V17: =SUM(K138:K149) -> 177.418 | W17: =SUM(N138:N149) -> 212.2 | X17: 212.2 | Y17: =X17-V17 -> 34.782 | Z17: =SUM(O138:O149) -> 79.4 | AA17: 79.4
A18: 12055 | B18: 22.238 | C18: 3.3 | D18: =B18/C18 -> 6.7387879 | E18: =D18/Q$7 -> 0.061611286 | F18: =E18*T$7 -> -0.31273073 | G18: =D18+F18 -> 6.4260571 | I18: 15.178 | J18: =C18 -> 3.3 | K18: =I18/J18 -> 4.5993939 | L18: =K18/V$7 -> 0.066458149 | M18: =L18*Y$7 -> 0.032739039 | N18: =K18+M18 -> 4.632133 | O18: =G18-N18 -> 1.7939242 | P18: 1944 | Q18: =SUM(D150:D161) -> 214.533 | R18: =SUM(G150:G161) -> 283.7 | S18: 283.7 | T18: =S18-Q18 -> 69.167 | V18: =SUM(K150:K161) -> 277.793 | W18: =SUM(N150:N161) -> 311 | X18: 311 | Y18: =X18-V18 -> 33.207 | Z18: =SUM(O150:O161) -> -27.3 | AA18: -27.3
A19: 12086 | B19: 22.646 | C19: 3.52 | D19: 6.4335227 | E19: =D19/Q$7 -> 0.058820313 | F19: =E19*T$7 -> -0.29856412 | G19: =D19+F19 -> 6.1349586 | I19: 13.55 | J19: =C19 -> 3.52 | K19: =I19/J19 -> 3.8494318 | L19: =K19/V$7 -> 0.055621701 | M19: =L19*Y$7 -> 0.027400719 | N19: =K19+M19 -> 3.8768325 | O19: =G19-N19 -> 2.2581261 | P19: 1945 | Q19: =SUM(D162:D173) -> 261.184 | R19: =SUM(G162:G173) -> 320.8 | S19: 320.8 | T19: =S19-Q19 -> 59.616 | V19: =SUM(K162:K173) -> 330.336 | W19: =SUM(N162:N173) -> 372.5 | X19: 372.5 | Y19: =X19-V19 -> 42.164 | Z19: =SUM(O162:O173) -> -51.7 | AA19: -51.7
A20: 12114 | B20: 25.531 | C20: 3.47 | D20: 7.3576369 | E20: =D20/Q$7 -> 0.067269289 | F20: =E20*T$7 -> -0.34145001 | G20: =D20+F20 -> 7.0161869 | I20: 18.603 | J20: =C20 -> 3.47 | K20: =I20/J20 -> 5.3610951 | L20: =K20/V$7 -> 0.077464218 | M20: =L20*Y$7 -> 0.03816092 | N20: =K20+M20 -> 5.399256 | O20: =G20-N20 -> 1.6169309 | P20: 1946 | Q20: =SUM(D174:D185) -> 344.71738 | R20: =SUM(G174:G185) -> 368.5 | S20: 368.5 | T20: =S20-Q20 -> 23.782622 | V20: =SUM(K174:K185) -> 543.002 | W20: =SUM(N174:N185) -> 599.49329 | X20: 600.6 | Y20: =X20-V20 -> 57.598 | Z20: =SUM(O174:O185) -> -230.99329 | AA20: -232.1
A21: 12145 | B21: 27.509 | C21: 3.57 | D21: 7.7056022 | E21: =D21/Q$7 -> 0.070450662 | F21: =E21*T$7 -> -0.35759823 | G21: =D21+F21 -> 7.348004 | I21: 15 | J21: =C21 -> 3.57 | K21: =I21/J21 -> 4.2016807 | L21: =K21/V$7 -> 0.06071146 | M21: =L21*Y$7 -> 0.029908068 | N21: =K21+M21 -> 4.2315887 | O21: =G21-N21 -> 3.1164153 | P21: 1947 | Q21: =SUM(D186:D197) -> 375.47289 | R21: =SUM(G186:G197) -> 483 | S21: 483 | T21: =S21-Q21 -> 107.52711 | V21: =SUM(K186:K197) -> 660.2666 | W21: =SUM(N186:N197) -> 720.3 | X21: 720.3 | Y21: =X21-V21 -> 60.0334 | Z21: =SUM(O186:O197) -> -237.3 | AA21: -237.3
A22: 12175 | B22: 24.108 | C22: 3.47 | D22: 6.9475504 | E22: =D22/Q$7 -> 0.063519957 | F22: =E22*T$7 -> -0.32241889 | G22: =D22+F22 -> 6.6251315 | I22: 22.318 | J22: =C22 -> 3.47 | K22: =I22/J22 -> 6.4317003 | L22: =K22/V$7 -> 0.092933743 | M22: =L22*Y$7 -> 0.045781616 | N22: =K22+M22 -> 6.4774819 | O22: =G22-N22 -> 0.14764964 | P22: 1948 | Q22: =SUM(D198:D209) -> 427.453 | R22: =SUM(G198:G209) -> 473.1 | S22: 473.1 | T22: =S22-Q22 -> 45.647 | V22: =SUM(K198:K209) -> 519.8259 | W22: =SUM(N198:N209) -> 591.4 | X22: 591.4 | Y22: =X22-V22 -> 71.5741 | Z22: =SUM(O198:O209) -> -118.3 | AA22: -118.3
A23: 12206 | B23: 25.063 | C23: 3.6 | D23: 6.9619444 | E23: =D23/Q$7 -> 0.063651559 | F23: =E23*T$7 -> -0.32308688 | G23: =D23+F23 -> 6.6388576 | I23: 21.692 | J23: =C23 -> 3.6 | K23: =I23/J23 -> 6.0255556 | L23: =K23/V$7 -> 0.087065225 | M23: =L23*Y$7 -> 0.042890629 | N23: =K23+M23 -> 6.0684462 | O23: =G23-N23 -> 0.57041138 | P23: 1949 | Q23: =SUM(D210:D221) -> 369.799 | R23: =SUM(G210:G221) -> 455.9 | S23: 455.9 | T23: =S23-Q23 -> 86.101 | V23: =SUM(K210:K221) -> 445.619 | W23: =SUM(N210:N221) -> 514.4 | X23: 514.4 | Y23: =X23-V23 -> 68.781 | Z23: =SUM(O210:O221) -> -58.5 | AA23: -58.5
A24: 12236 | B24: 30.343 | C24: 3.56 | D24: 8.5233146 | E24: =D24/Q$7 -> 0.07792683 | F24: =E24*T$7 -> -0.39554627 | G24: =D24+F24 -> 8.1277683 | I24: 21.275 | J24: =C24 -> 3.56 | K24: =I24/J24 -> 5.9761236 | L24: =K24/V$7 -> 0.086350966 | M24: =L24*Y$7 -> 0.042538767 | N24: =K24+M24 -> 6.0186624 | O24: =G24-N24 -> 2.109106 | P24: 1950 | Q24: =SUM(D222:D233) -> 427.34491 | R24: =SUM(G222:G233) -> 699.4 | S24: 699.4 | T24: =S24-Q24 -> 272.05509 | V24: =SUM(K222:K233) -> 509.34572 | W24: =SUM(N222:N233) -> 556.4 | X24: 556.4 | Y24: =X24-V24 -> 47.054284 | Z24: =SUM(O222:O233) -> 143 | AA24: 143
A25: 12267 | B25: 38.022 | C25: 3.55 | D25: 10.710423 | E25: =D25/Q$7 -> 0.097923086 | F25: =E25*T$7 -> -0.49704462 | G25: =D25+F25 -> 10.213378 | I25: 21.393 | J25: =C25 -> 3.55 | K25: =I25/J25 -> 6.0261972 | L25: =K25/V$7 -> 0.087074496 | M25: =L25*Y$7 -> 0.042895196 | N25: =K25+M25 -> 6.0690924 | O25: =G25-N25 -> 4.1442855 | P25: 1951 | Q25: =SUM(D234:D245) -> 570.458 | R25: =SUM(G234:G245) -> 720.1 | S25: 720.1 | T25: =S25-Q25 -> 149.642 | V25: =SUM(K234:K245) -> 760.681 | W25: =SUM(N234:N245) -> 936 | X25: 936 | Y25: =X25-V25 -> 175.319 | Z25: =SUM(O234:O245) -> -215.9 | AA25: -215.9
A26: 12298 | B26: 21.185 | C26: 3.54 | D26: 5.9844633 | E26: =D26/Q$7 -> 0.054714659 | F26: =E26*T$7 -> -0.27772436 | G26: =D26+F26 -> 5.7067389 | I26: 18.325 | J26: =C26 -> 3.54 | K26: =I26/J26 -> 5.1765537 | L26: =K26/V$7 -> 0.074797719 | M26: =L26*Y$7 -> 0.036847332 | N26: =K26+M26 -> 5.213401 | O26: =G26-N26 -> 0.49333791 | P26: 1952 | Q26: =SUM(D246:D257) -> 650.02 | R26: =SUM(G246:G257) -> 729.4 | S26: 729.4 | T26: =S26-Q26 -> 79.38 | V26: =SUM(K246:K257) -> 740.691 | W26: =SUM(N246:N257) -> 945.7 | X26: 945.7 | Y26: =X26-V26 -> 205.009 | Z26: =SUM(O246:O257) -> -216.3 | AA26: -216.3
A27: 12328 | B27: 48.656 | C27: 3.54 | D27: 13.744633 | E27: =D27/Q$7 -> 0.12566422 | F27: =E27*T$7 -> -0.63785493 | G27: =D27+F27 -> 13.106778 | I27: 23.435 | J27: =C27 -> 3.54 | K27: =I27/J27 -> 6.6200565 | L27: =K27/V$7 -> 0.095655364 | M27: =L27*Y$7 -> 0.047122358 | N27: =K27+M27 -> 6.6671789 | O27: =G27-N27 -> 6.439599 | P27: 1953 | Q27: =SUM(D258:D269) -> 538.384 | R27: =SUM(G258:G269) -> 638.1 | S27: 638.1 | T27: =S27-Q27 -> 99.716 | V27: =SUM(K258:K269) -> 737.304 | W27: =SUM(N258:N269) -> 835.8 | X27: 835.8 | Y27: =X27-V27 -> 98.496 | Z27: =SUM(O258:O269) -> -197.7 | AA27: -197.7
A28: 12359 | B28: 53.406 | C28: 3.59 | D28: 14.876323 | E28: =D28/Q$7 -> 0.13601102 | F28: =E28*T$7 -> -0.69037392 | G28: =D28+F28 -> 14.185949 | I28: 27.466 | J28: =C28 -> 3.59 | K28: =I28/J28 -> 7.6506964 | L28: =K28/V$7 -> 0.11054742 | M28: =L28*Y$7 -> 0.054458577 | N28: =K28+M28 -> 7.705155 | O28: =G28-N28 -> 6.4807942
A29: 12389 | B29: 48.21 | C29: 3.6 | D29: 13.391667 | E29: =D29/Q$7 -> 0.12243712 | F29: =E29*T$7 -> -0.62147463 | G29: =D29+F29 -> 12.770192 | I29: 26.24 | J29: =C29 -> 3.6 | K29: =I29/J29 -> 7.2888889 | L29: =K29/V$7 -> 0.10531954 | M29: =L29*Y$7 -> 0.051883188 | N29: =K29+M29 -> 7.3407721 | O29: =G29-N29 -> 5.42942
A30: 12420 | B30: 51.887 | C30: 3.6 | D30: 14.413056 | E30: =D30/Q$8 -> 0.08089635 | F30: =E30*T$8 -> 0.059301519 | G30: =D30+F30 -> 14.472357 | I30: 24.637 | J30: =C30 -> 3.6 | K30: =I30/J30 -> 6.8436111 | L30: =K30/V$8 -> 0.073769216 | M30: =L30*Y$8 -> 0.0021720936 | N30: =K30+M30 -> 6.8457832 | O30: =G30-N30 -> 7.6265739
A31: 12451 | B31: 41.55 | C31: 3.6 | D31: 11.541667 | E31: =D31/Q$8 -> 0.064780067 | F31: =E31*T$8 -> 0.047487388 | G31: =D31+F31 -> 11.589154 | I31: 24.073 | J31: =C31 -> 3.6 | K31: =I31/J31 -> 6.6869444 | L31: =K31/V$8 -> 0.072080461 | M31: =L31*Y$8 -> 0.0021223691 | N31: =K31+M31 -> 6.6890668 | O31: =G31-N31 -> 4.9000872
A32: 12479 | B32: 59.307 | C32: 3.6 | D32: 16.474167 | E32: =D32/Q$8 -> 0.092464776 | F32: =E32*T$8 -> 0.067781818 | G32: =D32+F32 -> 16.541948 | I32: 24.764 | J32: =C32 -> 3.6 | K32: =I32/J32 -> 6.8788889 | L32: =K32/V$8 -> 0.074149485 | M32: =L32*Y$8 -> 0.0021832904 | N32: =K32+M32 -> 6.8810722 | O32: =G32-N32 -> 9.6608763
A33: 12510 | B33: 47.631 | C33: 3.6 | D33: 13.230833 | E33: =D33/Q$8 -> 0.074260876 | F33: =E33*T$8 -> 0.054437348 | G33: =D33+F33 -> 13.285271 | I33: 30.805 | J33: =C33 -> 3.6 | K33: =I33/J33 -> 8.5569444 | L33: =K33/V$8 -> 0.092237719 | M33: =L33*Y$8 -> 0.0027158884 | N33: =K33+M33 -> 8.5596603 | O33: =G33-N33 -> 4.7256103
A34: 12540 | B34: 61.681 | C34: 3.6 | D34: 17.133611 | E34: =D34/Q$8 -> 0.096166049 | F34: =E34*T$8 -> 0.070495056 | G34: =D34+F34 -> 17.204106 | I34: 30.135 | J34: =C34 -> 3.6 | K34: =I34/J34 -> 8.3708333 | L34: =K34/V$8 -> 0.090231575 | M34: =L34*Y$8 -> 0.0026568186 | N34: =K34+M34 -> 8.3734902 | O34: =G34-N34 -> 8.830616
A35: 12571 | B35: 52.795 | C35: 3.6 | D35: 14.665278 | E35: =D35/Q$8 -> 0.082312001 | F35: =E35*T$8 -> 0.06033927 | G35: =D35+F35 -> 14.725617 | I35: 30.527 | J35: =C35 -> 3.6 | K35: =I35/J35 -> 8.4797222 | L35: =K35/V$8 -> 0.091405319 | M35: =L35*Y$8 -> 0.0026913788 | N35: =K35+M35 -> 8.4824136 | O35: =G35-N35 -> 6.2432034
A36: 12601 | B36: 51.637 | C36: 3.6 | D36: 14.343611 | E36: =D36/Q$8 -> 0.080506579 | F36: =E36*T$8 -> 0.059015795 | G36: =D36+F36 -> 14.402627 | I36: 28.122 | J36: =C36 -> 3.6 | K36: =I36/J36 -> 7.8116667 | L36: =K36/V$8 -> 0.08420416 | M36: =L36*Y$8 -> 0.0024793447 | N36: =K36+M36 -> 7.814146 | O36: =G36-N36 -> 6.5884809
A37: 12632 | B37: 58.647 | C37: 3.6 | D37: 16.290833 | E37: =D37/Q$8 -> 0.091435779 | F37: =E37*T$8 -> 0.067027506 | G37: =D37+F37 -> 16.357861 | I37: 27.456 | J37: =C37 -> 3.6 | K37: =I37/J37 -> 7.6266667 | L37: =K37/V$8 -> 0.082209992 | M37: =L37*Y$8 -> 0.0024206276 | N37: =K37+M37 -> 7.6290873 | O37: =G37-N37 -> 8.7287735
A38: 12663 | B38: 47.059 | C38: 3.6 | D38: 13.071944 | E38: =D38/Q$8 -> 0.073369078 | F38: =E38*T$8 -> 0.05378361 | G38: =D38+F38 -> 13.125728 | I38: 19.989 | J38: =C38 -> 3.6 | K38: =I38/J38 -> 5.5525 | L38: =K38/V$8 -> 0.059851965 | M38: =L38*Y$8 -> 0.0017623078 | N38: =K38+M38 -> 5.5542623 | O38: =G38-N38 -> 7.5714657
A39: 12693 | B39: 64.565 | C39: 3.6 | D39: 17.934722 | E39: =D39/Q$8 -> 0.10066246 | F39: =E39*T$8 -> 0.073791173 | G39: =D39+F39 -> 18.008513 | I39: 35.876 | J39: =C39 -> 3.6 | K39: =I39/J39 -> 9.9655556 | L39: =K39/V$8 -> 0.10742154 | M39: =L39*Y$8 -> 0.0031629674 | N39: =K39+M39 -> 9.9687185 | O39: =G39-N39 -> 8.0397949
A40: 12724 | B40: 43.965 | C40: 3.6 | D40: 12.2125 | E40: =D40/Q$8 -> 0.068545263 | F40: =E40*T$8 -> 0.050247486 | G40: =D40+F40 -> 12.262747 | I40: 28.024 | J40: =C40 -> 3.6 | K40: =I40/J40 -> 7.7844444 | L40: =K40/V$8 -> 0.083910724 | M40: =L40*Y$8 -> 0.0024707046 | N40: =K40+M40 -> 7.7869151 | O40: =G40-N40 -> 4.4758323
A41: 12754 | B41: 60.677 | C41: 3.6 | D41: 16.854722 | E41: =D41/Q$8 -> 0.094600726 | F41: =E41*T$8 -> 0.069347587 | G41: =D41+F41 -> 16.92407 | I41: 29.566 | J41: =C41 -> 3.6 | K41: =I41/J41 -> 8.2127778 | L41: =K41/V$8 -> 0.088527849 | M41: =L41*Y$8 -> 0.0026066533 | N41: =K41+M41 -> 8.2153844 | O41: =G41-N41 -> 8.7086854
A42: 12785 | B42: 62.103 | C42: 3.6 | D42: 17.250833 | E42: =D42/Q$9 -> 0.088007097 | F42: =E42*T$9 -> 1.081045 | G42: =D42+F42 -> 18.331878 | I42: 28.348 | J42: =C42 -> 3.6 | K42: =I42/J42 -> 7.8744444 | L42: =K42/V$9 -> 0.075386399 | M42: =L42*Y$9 -> 0.62914138 | N42: =K42+M42 -> 8.5035858 | O42: =G42-N42 -> 9.8282925
A43: 12816 | B43: 45.114 | C43: 3.6 | D43: 12.531667 | E43: =D43/Q$9 -> 0.063931729 | F43: =E43*T$9 -> 0.7853125 | G43: =D43+F43 -> 13.316979 | I43: 25.06 | J43: =C43 -> 3.6 | K43: =I43/J43 -> 6.9611111 | L43: =K43/V$9 -> 0.066642556 | M43: =L43*Y$9 -> 0.55616915 | N43: =K43+M43 -> 7.5172803 | O43: =G43-N43 -> 5.7996989
A44: 12844 | B44: 62.826 | C44: 3.6 | D44: 17.451667 | E44: =D44/Q$9 -> 0.089031671 | F44: =E44*T$9 -> 1.0936304 | G44: =D44+F44 -> 18.545297 | I44: 29.826 | J44: =C44 -> 3.6 | K44: =I44/J44 -> 8.285 | L44: =K44/V$9 -> 0.079316874 | M44: =L44*Y$9 -> 0.66194338 | N44: =K44+M44 -> 8.9469434 | O44: =G44-N44 -> 9.5983537
A45: 12875 | B45: 42.374 | C45: 3.6 | D45: 11.770556 | E45: =D45/Q$9 -> 0.060048834 | F45: =E45*T$9 -> 0.73761652 | G45: =D45+F45 -> 12.508172 | I45: 33.374 | J45: =C45 -> 3.6 | K45: =I45/J45 -> 9.2705556 | L45: =K45/V$9 -> 0.088752141 | M45: =L45*Y$9 -> 0.74068592 | N45: =K45+M45 -> 10.011241 | O45: =G45-N45 -> 2.4969306
A46: 12905 | B46: 38.84 | C46: 3.6 | D46: 10.788889 | E46: =D46/Q$9 -> 0.055040749 | F46: =E46*T$9 -> 0.67609916 | G46: =D46+F46 -> 11.464988 | I46: 26.477 | J46: =C46 -> 3.6 | K46: =I46/J46 -> 7.3547222 | L46: =K46/V$9 -> 0.070410812 | M46: =L46*Y$9 -> 0.58761734 | N46: =K46+M46 -> 7.9423396 | O46: =G46-N46 -> 3.5226485
A47: 12936 | B47: 58.723 | C47: 3.6 | D47: 16.311944 | E47: =D47/Q$9 -> 0.083217248 | F47: =E47*T$9 -> 1.0222083 | G47: =D47+F47 -> 17.334153 | I47: 35.963 | J47: =C47 -> 3.6 | K47: =I47/J47 -> 9.9897222 | L47: =K47/V$9 -> 0.09563712 | M47: =L47*Y$9 -> 0.7981449 | N47: =K47+M47 -> 10.787867 | O47: =G47-N47 -> 6.5462856
A48: 12966 | B48: 68.1 | C48: 3.6 | D48: 18.916667 | E48: =D48/Q$9 -> 0.096505536 | F48: =E48*T$9 -> 1.1854365 | G48: =D48+F48 -> 20.102103 | I48: 36.67 | J48: =C48 -> 3.6 | K48: =I48/J48 -> 10.186111 | L48: =K48/V$9 -> 0.097517259 | M48: =L48*Y$9 -> 0.8138357 | N48: =K48+M48 -> 10.999947 | O48: =G48-N48 -> 9.1021563
A49: 12997 | B49: 75.453 | C49: 3.6 | D49: 20.959167 | E49: =D49/Q$9 -> 0.10692558 | F49: =E49*T$9 -> 1.3134323 | G49: =D49+F49 -> 22.272599 | I49: 29.01 | J49: =C49 -> 3.6 | K49: =I49/J49 -> 8.0583333 | L49: =K49/V$9 -> 0.077146869 | M49: =L49*Y$9 -> 0.64383348 | N49: =K49+M49 -> 8.7021668 | O49: =G49-N49 -> 13.570432
A50: 13028 | B50: 58.422 | C50: 3.6 | D50: 16.228333 | E50: =D50/Q$9 -> 0.082790696 | F50: =E50*T$9 -> 1.0169687 | G50: =D50+F50 -> 17.245302 | I50: 28.708 | J50: =C50 -> 3.6 | K50: =I50/J50 -> 7.9744444 | L50: =K50/V$9 -> 0.076343754 | M50: =L50*Y$9 -> 0.63713104 | N50: =K50+M50 -> 8.6115755 | O50: =G50-N50 -> 8.6337266
A51: 13058 | B51: 58.776 | C51: 3.6 | D51: 16.326667 | E51: =D51/Q$9 -> 0.083292355 | F51: =E51*T$9 -> 1.0231309 | G51: =D51+F51 -> 17.349798 | I51: 32.931 | J51: =C51 -> 3.6 | K51: =I51/J51 -> 9.1475 | L51: =K51/V$9 -> 0.087574062 | M51: =L51*Y$9 -> 0.7308542 | N51: =K51+M51 -> 9.8783542 | O51: =G51-N51 -> 7.4714434
A52: 13089 | B52: 49.818 | C52: 3.6 | D52: 13.838333 | E52: =D52/Q$9 -> 0.070597838 | F52: =E52*T$9 -> 0.86719639 | G52: =D52+F52 -> 14.70553 | I52: 25.736 | J52: =C52 -> 3.6 | K52: =I52/J52 -> 7.1488889 | L52: =K52/V$9 -> 0.068440256 | M52: =L52*Y$9 -> 0.57117196 | N52: =K52+M52 -> 7.7200608 | O52: =G52-N52 -> 6.9854689
A53: 13119 | B53: 85.11 | C53: 3.6 | D53: 23.641667 | E53: =D53/Q$9 -> 0.12061066 | F53: =E53*T$9 -> 1.4815345 | G53: =D53+F53 -> 25.123201 | I53: 43.933 | J53: =C53 -> 3.6 | K53: =I53/J53 -> 12.203611 | L53: =K53/V$9 -> 0.1168319 | M53: =L53*Y$9 -> 0.9750271 | N53: =K53+M53 -> 13.178638 | O53: =G53-N53 -> 11.944563
A54: 13150 | B54: 52.279 | C54: 3.6 | D54: 14.521944 | E54: =D54/Q$10 -> 0.07366954 | F54: =E54*T$10 -> 1.3317407 | G54: =D54+F54 -> 15.853685 | I54: =K54*J54 -> 37.5336 | J54: =C54 -> 3.6 | K54: 10.426 | L54: =K54/V$10 -> 0.080863704 | M54: =L54*Y$10 -> -0.0026685022 | N54: =K54+M54 -> 10.423331 | O54: =G54-N54 -> 5.4303536
A55: 13181 | B55: 70.084 | C55: 3.6 | D55: 19.467778 | E55: =D55/Q$10 -> 0.098759656 | F55: =E55*T$10 -> 1.7853003 | G55: =D55+F55 -> 21.253078 | I55: =K55*J55 -> 32.6736 | J55: =C55 -> 3.6 | K55: 9.076 | L55: =K55/V$10 -> 0.07039315 | M55: =L55*Y$10 -> -0.0023229739 | N55: =K55+M55 -> 9.073677 | O55: =G55-N55 -> 12.179401
A56: 13210 | B56: 56.507 | C56: 3.6 | D56: 15.696389 | E56: =D56/Q$10 -> 0.079627474 | F56: =E56*T$10 -> 1.4394435 | G56: =D56+F56 -> 17.135832 | I56: =K56*J56 -> 34.9848 | J56: =C56 -> 3.6 | K56: 9.718 | L56: =K56/V$10 -> 0.07537248 | M56: =L56*Y$10 -> -0.0024872918 | N56: =K56+M56 -> 9.7155127 | O56: =G56-N56 -> 7.4203197
A57: 13241 | B57: 63.88 | C57: 3.6 | D57: 17.744444 | E57: =D57/Q$10 -> 0.09001722 | F57: =E57*T$10 -> 1.6272613 | G57: =D57+F57 -> 19.371706 | I57: =K57*J57 -> 39.9312 | J57: =C57 -> 3.6 | K57: 11.092 | L57: =K57/V$10 -> 0.086029178 | M57: =L57*Y$10 -> -0.0028389629 | N57: =K57+M57 -> 11.089161 | O57: =G57-N57 -> 8.2825447
A58: 13271 | B58: 52.764 | C58: 3.6 | D58: 14.656667 | E58: =D58/Q$10 -> 0.074352984 | F58: =E58*T$10 -> 1.3440954 | G58: =D58+F58 -> 16.000762 | I58: =K58*J58 -> 38.5416 | J58: =C58 -> 3.6 | K58: 10.706 | L58: =K58/V$10 -> 0.083035375 | M58: =L58*Y$10 -> -0.0027401674 | N58: =K58+M58 -> 10.70326 | O58: =G58-N58 -> 5.2975022
A59: 13302 | B59: 65.043 | C59: 3.6 | D59: 18.0675 | E59: =D59/Q$10 -> 0.091656074 | F59: =E59*T$10 -> 1.6568872 | G59: =D59+F59 -> 19.724387 | I59: =K59*J59 -> 39.6648 | J59: =C59 -> 3.6 | K59: 11.018 | L59: =K59/V$10 -> 0.085455236 | M59: =L59*Y$10 -> -0.0028200228 | N59: =K59+M59 -> 11.01518 | O59: =G59-N59 -> 8.7092072
A60: 13332 | B60: 66.088 | C60: 3.6 | D60: 18.357778 | E60: =D60/Q$10 -> 0.093128648 | F60: =E60*T$10 -> 1.6835073 | G60: =D60+F60 -> 20.041285 | I60: =K60*J60 -> 37.782 | J60: =C60 -> 3.6 | K60: 10.495 | L60: =K60/V$10 -> 0.081398866 | M60: =L60*Y$10 -> -0.0026861626 | N60: =K60+M60 -> 10.492314 | O60: =G60-N60 -> 9.5489712
A61: 13363 | B61: 67.985 | C61: 3.6 | D61: 18.884722 | E61: =D61/Q$10 -> 0.095801827 | F61: =E61*T$10 -> 1.7318309 | G61: =D61+F61 -> 20.616553 | I61: =K61*J61 -> 35.0496 | J61: =C61 -> 3.6 | K61: 9.736 | L61: =K61/V$10 -> 0.075512088 | M61: =L61*Y$10 -> -0.0024918989 | N61: =K61+M61 -> 9.7335081 | O61: =G61-N61 -> 10.883045
A62: 13394 | B62: 51.552 | C62: 3.6 | D62: 14.32 | E62: =D62/Q$10 -> 0.07264508 | F62: =E62*T$10 -> 1.3132213 | G62: =D62+F62 -> 15.633221 | I62: =K62*J62 -> 39.7008 | J62: =C62 -> 3.6 | K62: 11.028 | L62: =K62/V$10 -> 0.085532796 | M62: =L62*Y$10 -> -0.0028225823 | N62: =K62+M62 -> 11.025177 | O62: =G62-N62 -> 4.6080438
A63: 13424 | B63: 51.894 | C63: 3.6 | D63: 14.415 | E63: =D63/Q$10 -> 0.073127013 | F63: =E63*T$10 -> 1.3219333 | G63: =D63+F63 -> 15.736933 | I63: =K63*J63 -> 40.5324 | J63: =C63 -> 3.6 | K63: 11.259 | L63: =K63/V$10 -> 0.087324424 | M63: =L63*Y$10 -> -0.002881706 | N63: =K63+M63 -> 11.256118 | O63: =G63-N63 -> 4.480815
A64: 13455 | B64: 56.127 | C64: 3.6 | D64: 15.590833 | E64: =D64/Q$10 -> 0.079091993 | F64: =E64*T$10 -> 1.4297635 | G64: =D64+F64 -> 17.020597 | I64: =K64*J64 -> 39.2292 | J64: =C64 -> 3.6 | K64: 10.897 | L64: =K64/V$10 -> 0.084516765 | M64: =L64*Y$10 -> -0.0027890532 | N64: =K64+M64 -> 10.894211 | O64: =G64-N64 -> 6.1263859
A65: 13485 | B65: 55.439 | C65: 3.6 | D65: 15.399722 | E65: =D65/Q$10 -> 0.07812249 | F65: =E65*T$10 -> 1.4122376 | G65: =D65+F65 -> 16.81196 | I65: =K65*J65 -> 48.5352 | J65: =C65 -> 3.6 | K65: 13.482 | L65: =K65/V$10 -> 0.10456594 | M65: =L65*Y$10 -> -0.0034506759 | N65: =K65+M65 -> 13.478549 | O65: =G65-N65 -> 3.3334105
A66: 13516 | B66: 75.097 | C66: 3.6 | D66: 20.860278 | E66: =D66/Q$11 -> 0.089124353 | F66: =E66*T$11 -> 1.2336494 | G66: =D66+F66 -> 22.093927 | I66: =K66*J66 -> 41.4504 | J66: =C66 -> 3.6 | K66: 11.514 | L66: =K66/V$11 -> 0.067978934 | M66: =L66*Y$11 -> 0.083206216 | N66: =K66+M66 -> 11.597206 | O66: =G66-N66 -> 10.496721
A67: 13547 | B67: 55.409 | C67: 3.6 | D67: 15.391389 | E67: =D67/Q$11 -> 0.065758836 | F67: =E67*T$11 -> 0.9102265 | G67: =D67+F67 -> 16.301615 | I67: =K67*J67 -> 42.5628 | J67: =C67 -> 3.6 | K67: 11.823 | L67: =K67/V$11 -> 0.069803278 | M67: =L67*Y$11 -> 0.085439212 | N67: =K67+M67 -> 11.908439 | O67: =G67-N67 -> 4.3931762
A68: 13575 | B68: 76.461 | C68: 3.6 | D68: 21.239167 | E68: =D68/Q$11 -> 0.090743135 | F68: =E68*T$11 -> 1.2560564 | G68: =D68+F68 -> 22.495223 | I68: =K68*J68 -> 54.666 | J68: =C68 -> 3.6 | K68: 15.185 | L68: =K68/V$11 -> 0.089652607 | M68: =L68*Y$11 -> 0.10973479 | N68: =K68+M68 -> 15.294735 | O68: =G68-N68 -> 7.2004883
A69: 13606 | B69: 81.6876 | C69: 3.6 | D69: 22.691 | E69: =D69/Q$11 -> 0.09694601 | F69: =E69*T$11 -> 1.3419159 | G69: =D69+F69 -> 24.032916 | I69: =K69*J69 -> 55.1484 | J69: =C69 -> 3.6 | K69: 15.319 | L69: =K69/V$11 -> 0.090443746 | M69: =L69*Y$11 -> 0.11070315 | N69: =K69+M69 -> 15.429703 | O69: =G69-N69 -> 8.6032128
A70: 13636 | B70: 68.437 | C70: 3.6 | D70: 19.010278 | E70: =D70/Q$11 -> 0.081220333 | F70: =E70*T$11 -> 1.1242428 | G70: =D70+F70 -> 20.134521 | I70: =K70*J70 -> 49.23 | J70: =C70 -> 3.6 | K70: 13.675 | L70: =K70/V$11 -> 0.080737531 | M70: =L70*Y$11 -> 0.098822738 | N70: =K70+M70 -> 13.773823 | O70: =G70-N70 -> 6.3606979
A71: 13667 | B71: 75.714 | C71: 3.6 | D71: 21.031667 | E71: =D71/Q$11 -> 0.089856603 | F71: =E71*T$11 -> 1.2437851 | G71: =D71+F71 -> 22.275452 | I71: =K71*J71 -> 51.318 | J71: =C71 -> 3.6 | K71: 14.255 | L71: =K71/V$11 -> 0.084161865 | M71: =L71*Y$11 -> 0.10301412 | N71: =K71+M71 -> 14.358014 | O71: =G71-N71 -> 7.9174377
A72: 13697 | B72: 90.47 | C72: 3.6 | D72: 25.130556 | E72: =D72/Q$11 -> 0.10736887 | F72: =E72*T$11 -> 1.486188 | G72: =D72+F72 -> 26.616744 | I72: =K72*J72 -> 56.286 | J72: =C72 -> 3.6 | K72: 15.635 | L72: =K72/V$11 -> 0.092309418 | M72: =L72*Y$11 -> 0.11298673 | N72: =K72+M72 -> 15.747987 | O72: =G72-N72 -> 10.868757
A73: 13728 | B73: 67.055 | C73: 3.6 | D73: 18.626389 | E73: =D73/Q$11 -> 0.07958019 | F73: =E73*T$11 -> 1.1015401 | G73: =D73+F73 -> 19.727929 | I73: =K73*J73 -> 52.092 | J73: =C73 -> 3.6 | K73: 14.47 | L73: =K73/V$11 -> 0.08543123 | M73: =L73*Y$11 -> 0.10456783 | N73: =K73+M73 -> 14.574568 | O73: =G73-N73 -> 5.1533612
A74: 13759 | B74: 64.713 | C74: 3.6 | D74: 17.975833 | E74: =D74/Q$11 -> 0.076800728 | F74: =E74*T$11 -> 1.0630671 | G74: =D74+F74 -> 19.0389 | I74: =K74*J74 -> 48.9132 | J74: =C74 -> 3.6 | K74: 13.587 | L74: =K74/V$11 -> 0.080217977 | M74: =L74*Y$11 -> 0.098186803 | N74: =K74+M74 -> 13.685187 | O74: =G74-N74 -> 5.3537137
A75: 13789 | B75: 63.364 | C75: 3.6 | D75: 17.601111 | E75: =D75/Q$11 -> 0.075199749 | F75: =E75*T$11 -> 1.0409066 | G75: =D75+F75 -> 18.642018 | I75: =K75*J75 -> 53.1612 | J75: =C75 -> 3.6 | K75: 14.767 | L75: =K75/V$11 -> 0.087184725 | M75: =L75*Y$11 -> 0.1067141 | N75: =K75+M75 -> 14.873714 | O75: =G75-N75 -> 3.7683036
A76: 13820 | B76: 57.958 | C76: 3.6 | D76: 16.099444 | E76: =D76/Q$11 -> 0.068783963 | F76: =E76*T$11 -> 0.95209997 | G76: =D76+F76 -> 17.051544 | I76: =K76*J76 -> 49.1328 | J76: =C76 -> 3.6 | K76: 13.648 | L76: =K76/V$11 -> 0.080578122 | M76: =L76*Y$11 -> 0.098627621 | N76: =K76+M76 -> 13.746628 | O76: =G76-N76 -> 3.3049168
A77: 13850 | B77: 66.2436 | C77: 3.6 | D77: 18.401 | E77: =D77/Q$11 -> 0.078617228 | F77: =E77*T$11 -> 1.0882109 | G77: =D77+F77 -> 19.489211 | I77: =K77*J77 -> 55.7928 | J77: =C77 -> 3.6 | K77: 15.498 | L77: =K77/V$11 -> 0.091500567 | M77: =L77*Y$11 -> 0.11199669 | N77: =K77+M77 -> 15.609997 | O77: =G77-N77 -> 3.8792142
A78: 13881 | B78: 78.48 | C78: 3.6 | D78: 21.8 | E78: =D78/Q$12 -> 0.11540559 | F78: =E78*T$12 -> -0.40380415 | G78: =D78+F78 -> 21.396196 | I78: =K78*J78 -> 49.4208 | J78: =C78 -> 3.6 | K78: 13.728 | L78: =K78/V$12 -> 0.12364894 | M78: =L78*Y$12 -> -0.21317077 | N78: =K78+M78 -> 13.514829 | O78: =G78-N78 -> 7.8813666
A79: 13912 | B79: 87.2928 | C79: 3.6 | D79: 24.248 | E79: =D79/Q$12 -> 0.12836489 | F79: =E79*T$12 -> -0.44914876 | G79: =D79+F79 -> 23.798851 | I79: =K79*J79 -> 36.2304 | J79: =C79 -> 3.6 | K79: 10.064 | L79: =K79/V$12 -> 0.090647067 | M79: =L79*Y$12 -> -0.15627554 | N79: =K79+M79 -> 9.9077245 | O79: =G79-N79 -> 13.891127
A80: 13940 | B80: 77.863526 | C80: 3.874 | D80: 20.099 | E80: =D80/Q$12 -> 0.10640078 | F80: =E80*T$12 -> -0.37229631 | G80: =D80+F80 -> 19.726704 | I80: =K80*J80 -> 42.397056 | J80: =C80 -> 3.874 | K80: 10.944 | L80: =K80/V$12 -> 0.098573281 | M80: =L80*Y$12 -> -0.16994034 | N80: =K80+M80 -> 10.77406 | O80: =G80-N80 -> 8.952644
A81: 13971 | B81: 59.880905 | C81: 4.291 | D81: 13.955 | E81: =D81/Q$12 -> 0.073875457 | F81: =E81*T$12 -> -0.25849022 | G81: =D81+F81 -> 13.69651 | I81: =K81*J81 -> 36.833944 | J81: =C81 -> 4.291 | K81: 8.584 | L81: =K81/V$12 -> 0.077316616 | M81: =L81*Y$12 -> -0.13329385 | N81: =K81+M81 -> 8.4507062 | O81: =G81-N81 -> 5.2458036
A82: 14001 | B82: 52.234386 | C82: 4.458 | D82: 11.717 | E82: =D82/Q$12 -> 0.062027856 | F82: =E82*T$12 -> -0.21703547 | G82: =D82+F82 -> 11.499965 | I82: =K82*J82 -> 31.83012 | J82: =C82 -> 4.458 | K82: 7.14 | L82: =K82/V$12 -> 0.064310419 | M82: =L82*Y$12 -> -0.11087116 | N82: =K82+M82 -> 7.0291288 | O82: =G82-N82 -> 4.4708357
A83: 14032 | B83: 65.430796 | C83: 4.684 | D83: 13.969 | E83: =D83/Q$12 -> 0.073949571 | F83: =E83*T$12 -> -0.25874955 | G83: =D83+F83 -> 13.71025 | I83: =K83*J83 -> 40.699276 | J83: =C83 -> 4.684 | K83: 8.689 | L83: =K83/V$12 -> 0.078262358 | M83: =L83*Y$12 -> -0.1349243 | N83: =K83+M83 -> 8.5540757 | O83: =G83-N83 -> 5.1561748
A84: 14062 | B84: 81.876256 | C84: 4.949 | D84: 16.544 | E84: =D84/Q$12 -> 0.087581194 | F84: =E84*T$12 -> -0.3064466 | G84: =D84+F84 -> 16.237553 | I84: =K84*J84 -> 57.55687 | J84: =C84 -> 4.949 | K84: 11.63 | L84: =K84/V$12 -> 0.10475213 | M84: =L84*Y$12 -> -0.18059266 | N84: =K84+M84 -> 11.449407 | O84: =G84-N84 -> 4.7881461
A85: 14093 | B85: 88.794657 | C85: 4.977 | D85: 17.841 | E85: =D85/Q$12 -> 0.094447297 | F85: =E85*T$12 -> -0.33047109 | G85: =D85+F85 -> 17.510529 | I85: =K85*J85 -> 40.393332 | J85: =C85 -> 4.977 | K85: 8.116 | L85: =K85/V$12 -> 0.073101311 | M85: =L85*Y$12 -> -0.12602666 | N85: =K85+M85 -> 7.9899733 | O85: =G85-N85 -> 9.5205556
A86: 14124 | B86: 68.342652 | C86: 4.998 | D86: 13.674 | E86: =D86/Q$12 -> 0.07238789 | F86: =E86*T$12 -> -0.25328523 | G86: =D86+F86 -> 13.420715 | I86: =K86*J86 -> 35.86065 | J86: =C86 -> 4.998 | K86: 7.175 | L86: =K86/V$12 -> 0.064625667 | M86: =L86*Y$12 -> -0.11141465 | N86: =K86+M86 -> 7.0635854 | O86: =G86-N86 -> 6.3571294
A87: 14154 | B87: 57.436759 | C87: 4.957 | D87: 11.587 | E87: =D87/Q$12 -> 0.061339658 | F87: =E87*T$12 -> -0.21462746 | G87: =D87+F87 -> 11.372373 | I87: =K87*J87 -> 38.436578 | J87: =C87 -> 4.957 | K87: 7.754 | L87: =K87/V$12 -> 0.069840755 | M87: =L87*Y$12 -> -0.12040546 | N87: =K87+M87 -> 7.6335945 | O87: =G87-N87 -> 3.738778
A88: 14185 | B88: 53.692394 | C88: 4.907 | D88: 10.942 | E88: =D88/Q$12 -> 0.057925135 | F88: =E88*T$12 -> -0.20268005 | G88: =D88+F88 -> 10.73932 | I88: =K88*J88 -> 41.650616 | J88: =C88 -> 4.907 | K88: 8.488 | L88: =K88/V$12 -> 0.076451938 | M88: =L88*Y$12 -> -0.13180314 | N88: =K88+M88 -> 8.3561969 | O88: =G88-N88 -> 2.3831231
A89: 14215 | B89: 61.538022 | C89: 4.914 | D89: 12.523 | E89: =D89/Q$12 -> 0.066294687 | F89: =E89*T$12 -> -0.23196511 | G89: =D89+F89 -> 12.291035 | I89: =K89*J89 -> 42.810768 | J89: =C89 -> 4.914 | K89: 8.712 | L89: =K89/V$12 -> 0.07846952 | M89: =L89*Y$12 -> -0.13528145 | N89: =K89+M89 -> 8.5767185 | O89: =G89-N89 -> 3.7143163
A90: 14246 | B90: 67.720672 | C90: 4.992 | D90: 13.56584 | E90: =D90/Q$13 -> 0.07769424 | F90: =E90*T$13 -> -0.87060087 | G90: =D90+F90 -> 12.695239 | I90: 46.406 | J90: =C90 -> 4.992 | K90: =I90/J90 -> 9.2960737 | L90: =K90/V$13 -> 0.076809191 | M90: =L90*Y$13 -> 0.55086453 | N90: =K90+M90 -> 9.8469383 | O90: =G90-N90 -> 2.8483006
A91: 14277 | B91: 72.64847 | C91: 4.99 | D91: 14.558812 | E91: =D91/Q$13 -> 0.083381186 | F91: =E91*T$13 -> -0.9343258 | G91: =D91+F91 -> 13.624486 | I91: 47.415 | J91: =C91 -> 4.99 | K91: =I91/J91 -> 9.502004 | L91: =K91/V$13 -> 0.078510698 | M91: =L91*Y$13 -> 0.5630675 | N91: =K91+M91 -> 10.065072 | O91: =G91-N91 -> 3.5594143
A92: 14305 | B92: 84.89548 | C92: 4.99 | D92: 17.013122 | E92: =D92/Q$13 -> 0.097437507 | F92: =E92*T$13 -> -1.0918336 | G92: =D92+F92 -> 15.921289 | I92: 57.842 | J92: =C92 -> 4.99 | K92: =I92/J92 -> 11.591583 | L92: =K92/V$13 -> 0.095775932 | M92: =L92*Y$13 -> 0.68689129 | N92: =K92+M92 -> 12.278474 | O92: =G92-N92 -> 3.6428142
A93: 14336 | B93: 84.51777 | C93: 4.99 | D93: 16.937429 | E93: =D93/Q$13 -> 0.097003996 | F93: =E93*T$13 -> -1.0869759 | G93: =D93+F93 -> 15.850453 | I93: 51.555 | J93: =C93 -> 4.99 | K93: =I93/J93 -> 10.331663 | L93: =K93/V$13 -> 0.085365792 | M93: =L93*Y$13 -> 0.61223126 | N93: =K93+M93 -> 10.943895 | O93: =G93-N93 -> 4.9065584
A94: 14366 | B94: 77.93317 | C94: 4.99 | D94: 15.61787 | E94: =D94/Q$13 -> 0.089446621 | F94: =E94*T$13 -> -1.0022919 | G94: =D94+F94 -> 14.615578 | I94: 52.167 | J94: =C94 -> 4.99 | K94: =I94/J94 -> 10.454309 | L94: =K94/V$13 -> 0.086379154 | M94: =L94*Y$13 -> 0.61949894 | N94: =K94+M94 -> 11.073808 | O94: =G94-N94 -> 3.5417703
A95: 14397 | B95: 98.092913 | C95: 5.043 | D95: 19.451301 | E95: =D95/Q$13 -> 0.11140144 | F95: =E95*T$13 -> -1.2483061 | G95: =D95+F95 -> 18.202995 | I95: 50.921 | J95: =C95 -> 5.043 | K95: =I95/J95 -> 10.097363 | L95: =K95/V$13 -> 0.083429874 | M95: =L95*Y$13 -> 0.59834712 | N95: =K95+M95 -> 10.69571 | O95: =G95-N95 -> 7.5072855
A96: 14427 | B96: 75.553988 | C96: 5.788 | D96: 13.053557 | E96: =D96/Q$13 -> 0.074760296 | F96: =E96*T$13 -> -0.83772463 | G96: =D96+F96 -> 12.215832 | I96: 51.936 | J96: =C96 -> 5.788 | K96: =I96/J96 -> 8.9730477 | L96: =K96/V$13 -> 0.074140175 | M96: =L96*Y$13 -> 0.53172273 | N96: =K96+M96 -> 9.5047704 | O96: =G96-N96 -> 2.711062
A97: 14458 | B97: 86.51864 | C97: 5.968 | D97: 14.497091 | E97: =D97/Q$13 -> 0.083027701 | F97: =E97*T$13 -> -0.93036483 | G97: =D97+F97 -> 13.566726 | I97: 63.82 | J97: =C97 -> 5.968 | K97: =I97/J97 -> 10.6937 | L97: =K97/V$13 -> 0.088357133 | M97: =L97*Y$13 -> 0.63368472 | N97: =K97+M97 -> 11.327384 | O97: =G97-N97 -> 2.2393419
A98: 14489 | B98: 54.906832 | C98: 5.212 | D98: 10.534695 | E98: =D98/Q$13 -> 0.060334278 | F98: =E98*T$13 -> -0.67607425 | G98: =D98+F98 -> 9.8586211 | I98: 43.03 | J98: =C98 -> 5.212 | K98: =I98/J98 -> 8.2559478 | L98: =K98/V$13 -> 0.068215108 | M98: =L98*Y$13 -> 0.489229 | N98: =K98+M98 -> 8.7451768 | O98: =G98-N98 -> 1.1134443
A99: 14519 | B99: 58.900216 | C99: 4.869 | D99: 12.096984 | E99: =D99/Q$13 -> 0.069281815 | F99: =E99*T$13 -> -0.77633565 | G99: =D99+F99 -> 11.320649 | I99: 47.932 | J99: =C99 -> 4.869 | K99: =I99/J99 -> 9.8443212 | L99: =K99/V$13 -> 0.081339108 | M99: =L99*Y$13 -> 0.58335245 | N99: =K99+M99 -> 10.427674 | O99: =G99-N99 -> 0.89297487
A100: 14550 | B100: 53.06268 | C100: 4.86 | D100: 10.918247 | E100: =D100/Q$13 -> 0.062530954 | F100: =E100*T$13 -> -0.70068904 | G100: =D100+F100 -> 10.217558 | I100: 52.863 | J100: =C100 -> 4.86 | K100: =I100/J100 -> 10.87716 | L100: =K100/V$13 -> 0.089872985 | M100: =L100*Y$13 -> 0.6445562 | N100: =K100+M100 -> 11.521717 | O100: =G100-N100 -> -1.3041588
A101: 14580 | B101: 90.522795 | C101: 5.533 | D101: 16.360527 | E101: =D101/Q$13 -> 0.093699965 | F101: =E101*T$13 -> -1.0499526 | G101: =D101+F101 -> 15.310574 | I101: 61.477 | J101: =C101 -> 5.533 | K101: =I101/J101 -> 11.110971 | L101: =K101/V$13 -> 0.09180485 | M101: =L101*Y$13 -> 0.65841126 | N101: =K101+M101 -> 11.769382 | O101: =G101-N101 -> 3.5411924
A102: 14611 | B102: 122.5952 | C102: 5.987 | D102: 20.4769 | E102: =D102/Q$14 -> 0.11535183 | F102: =E102*T$14 -> -2.0436778 | G102: =D102+F102 -> 18.433222 | I102: 74.563 | J102: =C102 -> 5.987 | K102: =I102/J102 -> 12.454151 | L102: =K102/V$14 -> 0.10039059 | M102: =L102*Y$14 -> 0.83756291 | N102: =K102+M102 -> 13.291714 | O102: =G102-N102 -> 5.1415089
A103: 14642 | B103: 99.78469 | C103: 5.99 | D103: 16.658546 | E103: =D103/Q$14 -> 0.093842024 | F103: =E103*T$14 -> -1.6625905 | G103: =D103+F103 -> 14.995955 | I103: 66.322 | J103: =C103 -> 5.99 | K103: =I103/J103 -> 11.07212 | L103: =K103/V$14 -> 0.089250296 | M103: =L103*Y$14 -> 0.744619 | N103: =K103+M103 -> 11.816739 | O103: =G103-N103 -> 3.1792162
...

Sheet XM Tri
A1: Observaciones trimestrales, 1932-1969 | F1: Balanza de pagos y saldo de la reserva internacional md, 1950-1982
B2: Exportaciones md | C2: Importaciones mp | D2: Balanza comercial | F2: Cuenta corriente md | G2: Cuenta de capital y/o financiera md | H2: DEG's | I2: Errores y omisiones | J2: Variación de la reserva internacional | K2: Ajustes por valoración | L2: Reservas internacionales saldo trimestral | M2: Verificación Res. Int. saldo anual
A6: Ene-Mar 1932 | B6: 29.979101 | C6: 14.295014 | D6: 15.684087 | F6: Nota: Inicia en 1950
A7: Abr-Jun 1932 | B7: 26.112247 | C7: 14.97484 | D7: 11.137407
A8: Jul-Sep 1932 | B8: 19.893854 | C8: 13.220298 | D8: 6.6735564
A9: Oct-Dic 1932 | B9: 20.514797 | C9: 14.809848 | D9: 5.7049497
A10: Ene-Mar 1933 | B10: 19.577203 | C10: 13.933077 | D10: 5.6441252
A11: Abr-Jun 1933 | B11: 20.611993 | C11: 16.782093 | D11: 3.8299
A12: Jul-Sep 1933 | B12: 24.047885 | C12: 17.302031 | D12: 6.7458541
A13: Oct-Dic 1933 | B13: 40.062919 | C13: 21.682798 | D13: 18.380121
A14: Ene-Mar 1934 | B14: 42.60346 | C14: 20.416806 | D14: 22.186654
A15: Abr-Jun 1934 | B15: 45.214994 | C15: 25.414861 | D15: 19.800133
A16: Jul-Sep 1934 | B16: 43.886216 | C16: 20.998194 | D16: 22.888021
A17: Oct-Dic 1934 | B17: 47.195331 | C17: 25.970139 | D17: 21.225192
A18: Ene-Mar 1935 | B18: 50.194155 | C18: 25.206944 | D18: 24.98721
... A72: Jul-Sep 1948 | B72: 101.84224 | C72: 136.86352 | D72: -35.021288
A73: Oct-Dic 1948 | B73: 111.79669 | C73: 145.21842 | D73: -33.421734 | F73: Balanza de pagos y saldo de la reserva internacional md, 1950-1982
A74: Ene-Mar 1949 | B74: 132.80558 | C74: 145.80825 | D74: -13.002668 | F74: Cuenta corriente md | G74: Cuenta de capital y/o financiera md | H74: DEG's | I74: Errores y omisiones | J74: Variación de la reserva internacional | K74: Ajustes por valoración | L74: Reservas internacionales saldo trimestral | M74: Verificación Res. Int. saldo anual
A75: Abr-Jun 1949 | B75: 104.52935 | C75: 134.29225 | D75: -29.7629
A76: Jul-Sep 1949 | B76: 103.33474 | C76: 111.69625 | D76: -8.3615138
A77: Oct-Dic 1949 | B77: 115.23033 | C77: 122.60325 | D77: -7.3729189 | K77: - | L77: 164 | M77: 164
A78: Ene-Mar 1950 | B78: 119.9 | C78: 118.7 | D78: =B78-C78 -> 1.2 | F78: 10.2 | G78: 22.3 | H78: - | I78: -28.6 | J78: 3.8 | K78: - | L78: =L77+J78 -> 167.8
A79: Abr-Jun 1950 | B79: 105.4 | C79: 117.6 | D79: =B79-C79 -> -12.2 | F79: -5.9 | G79: 16.8 | H79: - | I79: -29 | J79: -18 | K79: - | L79: =L78+J79 -> 149.8
A80: Jul-Sep 1950 | B80: 196.3 | C80: 139.8 | D80: =B80-C80 -> 56.5 | F80: 65.3 | G80: 29.2 | H80: - | I80: -20.5 | J80: 74 | K80: - | L80: =L79+J80 -> 223.8
A81: Oct-Dic 1950 | B81: 277.8 | C81: 180.4 | D81: =B81-C81 -> 97.4 | F81: 93.4 | G81: -15.3 | H81: - | I81: 34 | J81: 112.1 | K81: - | L81: =L80+J81 -> 335.9 | M81: 335.9
A82: Ene-Mar 1951 | B82: 259.7 | C82: 182.2 | D82: =B82-C82 -> 77.5 | F82: 77.3 | G82: 67.8 | H82: - | I82: -110.3 | J82: 34.8 | K82: - | L82: =L81+J82 -> 370.7
A83: Abr-Jun 1951 | B83: 104 | C83: 302.7 | D83: =B83-C83 -> -198.7 | F83: -193.1 | G83: -3.4 | H83: - | I83: 112.6 | J83: -83.9 | K83: - | L83: =L82+J83 -> 286.8
A84: Jul-Sep 1951 | B84: 148.2 | C84: 252.3 | D84: =B84-C84 -> -104.1 | F84: -91.7 | G84: 13.7 | H84: - | I84: 97.3 | J84: 19.4 | K84: - | L84: =L83+J84 -> 306.2
A85: Oct-Dic 1951 | B85: 208.2 | C85: 198.7 | D85: =B85-C85 -> 9.5 | F85: 4.2 | G85: -23 | H85: - | I85: 40.9 | J85: 22.2 | K85: - | L85: =L84+J85 -> 328.4 | M85: 328.4
A86: Ene-Mar 1952 | B86: 163.9 | C86: 235.2 | D86: =B86-C86 -> -71.3 | F86: -71.2 | G86: -11.1 | H86: - | I86: 53.4 | J86: -28.9 | K86: - | L86: =L85+J86 -> 299.5
A87: Abr-Jun 1952 | B87: 172.3 | C87: 323.1 | D87: =B87-C87 -> -150.8 | F87: -145.2 | G87: -19.6 | H87: - | I87: 61.1 | J87: -103.6 | K87: - | L87: =L86+J87 -> 195.9
A88: Jul-Sep 1952 | B88: 169.8 | C88: 192.7 | D88: =B88-C88 -> -22.9 | F88: -17.4 | G88: 42.3 | H88: - | I88: 34.7 | J88: 59.6 | K88: - | L88: =L87+J88 -> 255.5
A89: Oct-Dic 1952 | B89: 223.4 | C89: 194.7 | D89: =B89-C89 -> 28.7 | F89: 20.6 | G89: 23.8 | H89: - | I89: 7.9 | J89: 52.3 | K89: - | L89: =L88+J89 -> 307.8 | M89: 307.8
A90: Ene-Mar 1953 | B90: 202.1 | C90: 173.2 | D90: =B90-C90 -> 28.9 | F90: 22.4 | G90: 18.6 | H90: - | I90: -39 | J90: 2 | K90: - | L90: =L89+J90 -> 309.8
A91: Abr-Jun 1953 | B91: 127.9 | C91: 205.8 | D91: =B91-C91 -> -77.9 | F91: -77 | G91: 4 | H91: - | I91: 24.8 | J91: -48.2 | K91: - | L91: =L90+J91 -> 261.6
A92: Jul-Sep 1953 | B92: 127.3 | C92: 234.7 | D92: =B92-C92 -> -107.4 | F92: -104.2 | G92: -0.2 | H92: - | I92: 81.9 | J92: -22.6 | K92: - | L92: =L91+J92 -> 239
A93: Oct-Dic 1953 | B93: 180.8 | C93: 222.1 | D93: =B93-C93 -> -41.3 | F93: -45.7 | G93: 12.8 | H93: - | I93: 59.8 | J93: 27 | K93: - | L93: =L92+J93 -> 266 | M93: 266
A94: Ene-Mar 1954 | B94: 194.7 | C94: 204.2 | D94: =B94-C94 -> -9.5 | F94: -9.9 | G94: 18.8 | H94: - | I94: -20.5 | J94: -11.6 | K94: - | L94: =L93+J94 -> 254.4
A95: Abr-Jun 1954 | B95: 120.3 | C95: 305.1 | D95: =B95-C95 -> -184.8 | F95: -183.7 | G95: -4.3 | H95: - | I95: 72.1 | J95: -116 | K95: - | L95: =L94+J95 -> 138.4
A96: Jul-Sep 1954 | B96: 167.5 | C96: 188.3 | D96: =B96-C96 -> -20.8 | F96: -18.3 | G96: -8.9 | H96: - | I96: 65.1 | J96: 37.8 | K96: - | L96: =L95+J96 -> 176.2
A97: Oct-Dic 1954 | B97: 191.5 | C97: 196.7 | D97: =B97-C97 -> -5.2 | F97: -15.5 | G97: 23.3 | H97: - | I97: 55.9 | J97: 63.8 | K97: - | L97: =L96+J97 -> 240 | M97: 240
A98: Ene-Mar 1955 | B98: 197.9 | C98: 210.6 | D98: =B98-C98 -> -12.7 | F98: -15.2 | G98: 82.2 | H98: - | I98: -12.2 | J98: 54.8 | K98: - | L98: =L97+J98 -> 294.8
A99: Abr-Jun 1955 | B99: 188.5 | C99: 215.6 | D99: =B99-C99 -> -27.1 | F99: -17.1 | G99: 12.8 | H99: - | I99: 24.4 | J99: 20 | K99: - | L99: =L98+J99 -> 314.8
A100: Jul-Sep 1955 | B100: 249.9 | C100: 215 | D100: =B100-C100 -> 34.9 | F100: 50.6 | G100: 48 | H100: - | I100: -42.7 | J100: 55.8 | K100: - | L100: =L99+J100 -> 370.6
A101: Oct-Dic 1955 | B101: 223 | C101: 242.6 | D101: =B101-C101 -> -19.6 | F101: -16.6 | G101: 20.2 | H101: - | I101: 67.2 | J101: 71 | K101: - | L101: =L100+J101 -> 441.6 | M101: 441.6
A102: Ene-Mar 1956 | B102: 274 | C102: 238.5 | D102: =B102-C102 -> 35.5 | F102: 39.7 | G102: 30.2 | H102: - | I102: -57.8 | J102: 12.1 | K102: - | L102: =L101+J102 -> 453.7
A103: Abr-Jun 1956 | B103: 189.6 | C103: 279.5 | D103: =B103-C103 -> -89.9 | F103: -84.1 | G103: 24.6 | H103: - | I103: 22.7 | J103: -36.8 | K103: - | L103: =L102+J103 -> 416.9
A104: Jul-Sep 1956 | B104: 199.1 | C104: 270.9 | D104: =B104-C104 -> -71.8 | F104: -56.8 | G104: 36.7 | H104: - | I104: 53.2 | J104: 33.1 | K104: - | L104: =L103+J104 -> 450
A105: Oct-Dic 1956 | B105: 211.8 | C105: 282.7 | D105: =B105-C105 -> -70.9 | F105: -81.9 | G105: -8.9 | H105: - | I105: 143.6 | J105: 52.8 | K105: - | L105: =L104+J105 -> 502.8 | M105: 502.8
A106: Ene-Mar 1957 | B106: 190.3 | C106: 271.6 | D106: =B106-C106 -> -81.3 | F106: -76.3 | G106: 41.1 | H106: - | I106: 23.8 | J106: -11.3 | K106: - | L106: =L105+J106 -> 491.5
A107: Abr-Jun 1957 | B107: 155.9 | C107: 300.3 | D107: =B107-C107 -> -144.4 | F107: -135.5 | G107: 65.7 | H107: - | I107: 16.6 | J107: -53.2 | K107: - | L107: =L106+J107 -> 438.3
A108: Jul-Sep 1957 | B108: 214.7 | C108: 297.8 | D108: =B108-C108 -> -83.1 | F108: -67.5 | G108: 24.9 | H108: - | I108: 64.7 | J108: 22.1 | K108: - | L108: =L107+J108 -> 460.4
A109: Oct-Dic 1957 | B109: 216.4 | C109: 291.8 | D109: =B109-C109 -> -75.4 | F109: -80.6 | G109: 32 | H109: - | I109: 77.4 | J109: 28.9 | K109: - | L109: =L108+J109 -> 489.3 | M109: 489.3
A110: Ene-Mar 1958 | B110: 189.7 | C110: 310.8 | D110: =B110-C110 -> -121.1 | F110: -121 | G110: 25.9 | H110: - | I110: 41 | J110: -54.1 | K110: - | L110: =L109+J110 -> 435.2
A111: Abr-Jun 1958 | B111: 173 | C111: 320.6 | D111: =B111-C111 -> -147.6 | F111: -143.1 | G111: 40.8 | H111: - | I111: 39.2 | J111: -63.1 | K111: - | L111: =L110+J111 -> 372.1
A112: Jul-Sep 1958 | B112: 196.5 | C112: 278.3 | D112: =B112-C112 -> -81.8 | F112: -69.2 | G112: 22.9 | H112: - | I112: 58.3 | J112: 12 | K112: - | L112: =L111+J112 -> 384.1
A113: Oct-Dic 1958 | B113: 199.2 | C113: 255.2 | D113: =B113-C113 -> -56 | F113: -52.2 | G113: 9.1 | H113: - | I113: 71 | J113: 27.9 | K113: - | L113: =L112+J113 -> 412 | M113: 412
A114: Ene-Mar 1959 | B114: 220.5 | C114: 228.9 | D114: =B114-C114 -> -8.4 | F114: -12.2 | G114: -45.6 | H114: - | I114: 42.8 | J114: -15.1 | K114: - | L114: =L113+J114 -> 396.9
A115: Abr-Jun 1959 | B115: 188.9 | C115: 258.2 | D115: =B115-C115 -> -69.3 | F115: -74.5 | G115: 45.4 | H115: - | I115: 42.2 | J115: 13.1 | K115: - | L115: =L114+J115 -> 410
A116: Jul-Sep 1959 | B116: 193.7 | C116: 257.7 | D116: =B116-C116 -> -64 | F116: -49.7 | G116: 40.4 | H116: - | I116: 18.3 | J116: 9 | K116: - | L116: =L115+J116 -> 419
A117: Oct-Dic 1959 | B117: 177.8 | C117: 290.6 | D117: =B117-C117 -> -112.8 | F117: -95.6 | G117: 74.7 | H117: - | I117: 69.9 | J117: 49 | K117: - | L117: =L116+J117 -> 468 | M117: 468
A118: Ene-Mar 1960 | B118: 194.9 | C118: 278.5 | D118: =B118-C118 -> -83.6 | F118: -80.9 | G118: 58.9 | H118: - | I118: 32.8 | J118: 10.8 | K118: - | L118: =L117+J118 -> 478.8
A119: Abr-Jun 1960 | B119: 169.3 | C119: 293.8 | D119: =B119-C119 -> -124.5 | F119: -127.1 | G119: 128.5 | H119: - | I119: -33.4 | J119: -32 | K119: - | L119: =L118+J119 -> 446.8
A120: Jul-Sep 1960 | B120: 226.4 | C120: 331.3 | D120: =B120-C120 -> -104.9 | F120: -108.9 | G120: -37.9 | H120: - | I120: 108.6 | J120: -38.2 | K120: - | L120: =L119+J120 -> 408.6
A121: Oct-Dic 1960 | B121: 215.2 | C121: 307.8 | D121: =B121-C121 -> -92.6 | F121: -102.9 | G121: 126.2 | H121: - | I121: 27.6 | J121: 50.8 | K121: - | L121: =L120+J121 -> 459.4 | M121: 459.4
A122: Ene-Mar 1961 | B122: 208.1 | C122: 277.6 | D122: =B122-C122 -> -69.5 | F122: -71.9 | G122: 48.9 | H122: - | I122: -60.9 | J122: -83.9 | K122: - | L122: =L121+J122 -> 375.5
A123: Abr-Jun 1961 | B123: 214.5 | C123: 308.8 | D123: =B123-C123 -> -94.3 | F123: -104.7 | G123: 14.9 | H123: - | I123: 48.4 | J123: -41.3 | K123: - | L123: =L122+J123 -> 334.2
A124: Jul-Sep 1961 | B124: 197.4 | C124: 280 | D124: =B124-C124 -> -82.6 | F124: -82.4 | G124: 102.1 | H124: - | I124: 21 | J124: 40.8 | K124: - | L124: =L123+J124 -> 375
A125: Oct-Dic 1961 | B125: 222.8 | C125: 298.7 | D125: =B125-C125 -> -75.9 | F125: -84.7 | G125: 51.4 | H125: - | I125: 96.2 | J125: 62.9 | K125: - | L125: =L124+J125 -> 437.9 | M125: 437.9
A126: Ene-Mar 1962 | B126: 243.9 | C126: 270.2 | D126: =B126-C126 -> -26.3 | F126: -33.5 | G126: 105.9 | H126: - | I126: -78.1 | J126: -5.7 | K126: - | L126: =L125+J126 -> 432.2
A127: Abr-Jun 1962 | B127: 208.7 | C127: 292.8 | D127: =B127-C127 -> -84.1 | F127: -93.1 | G127: 44.7 | H127: - | I127: 6.8 | J127: -41.6 | K127: - | L127: =L126+J127 -> 390.6
A128: Jul-Sep 1962 | B128: 220.1 | C128: 293.5 | D128: =B128-C128 -> -73.4 | F128: -67.4 | G128: 32.9 | H128: - | I128: 35.7 | J128: 1.2 | K128: - | L128: =L127+J128 -> 391.8
A129: Oct-Dic 1962 | B129: 261.5 | C129: 304.4 | D129: =B129-C129 -> -42.9 | F129: -55.5 | G129: 18.7 | H129: - | I129: 99.8 | J129: 63 | K129: - | L129: =L128+J129 -> 454.8 | M129: 454.8
A130: Ene-Mar 1963 | B130: 267.8 | C130: 277.2 | D130: =B130-C130 -> -9.4 | F130: -8.8 | G130: 2.8 | H130: - | I130: 21.2 | J130: 15.2 | K130: - | L130: =L129+J130 -> 470
A131: Abr-Jun 1963 | B131: 221.6 | C131: 324.6 | D131: =B131-C131 -> -103 | F131: -107.4 | G131: -16.4 | H131: - | I131: 118.3 | J131: -5.6 | K131: - | L131: =L130+J131 -> 464.4
A132: Jul-Sep 1963 | B132: 233 | C132: 315.9 | D132: =B132-C132 -> -82.9 | F132: -79.5 | G132: 28 | H132: - | I132: 88.5 | J132: 37.1 | K132: - | L132: =L131+J132 -> 501.5
A133: Oct-Dic 1963 | B133: 306.4 | C133: 326.5 | D133: =B133-C133 -> -20.1 | F133: -30.4 | G133: 110.8 | H133: - | I133: -17.5 | J133: 63 | K133: - | L133: =L132+J133 -> 564.5 | M133: 564.5
A134: Ene-Mar 1964 | B134: 309.5 | C134: 325.6 | D134: =B134-C134 -> -16.1 | F134: -15.4 | G134: 137.9 | H134: - | I134: -110.4 | J134: 12.1 | K134: - | L134: =L133+J134 -> 576.6
A135: Abr-Jun 1964 | B135: 270.28 | C135: 393.4 | D135: =B135-C135 -> -123.12 | F135: -141.6 | G135: 140.4 | H135: - | I135: -50.6 | J135: -51.9 | K135: - | L135: =L134+J135 -> 524.7
A136: Jul-Sep 1964 | B136: 208.6 | C136: 384.3 | D136: =B136-C136 -> -175.7 | F136: -180.2 | G136: 182.8 | H136: - | I136: -7.7 | J136: -5.1 | K136: - | L136: =L135+J136 -> 519.6
A137: Oct-Dic 1964 | B137: 300.2 | C137: 398.4 | D137: =B137-C137 -> -98.2 | F137: -107.5 | G137: 121 | H137: - | I137: 62.9 | J137: 76.5 | K137: - | L137: =L136+J137 -> 596.1 | M137: 596.1
A138: Ene-Mar 1965 | B138: 277.8 | C138: 356.9 | D138: =B138-C138 -> -79.1 | F138: -73.4 | G138: -19.9 | H138: - | I138: 84.5 | J138: -8.8 | K138: - | L138: =L137+J138 -> 587.3
A139: Abr-Jun 1965 | B139: 281.8 | C139: 393.8 | D139: =B139-C139 -> -112 | F139: -112.1 | G139: 129.4 | H139: - | I139: -105.8 | J139: -88.6 | K139: - | L139: =L138+J139 -> 498.7
A140: Jul-Sep 1965 | B140: 239.7 | C140: 423.4 | D140: =B140-C140 -> -183.7 | F140: -180.3 | G140: 201 | H140: - | I140: 20.1 | J140: 40.8 | K140: - | L140: =L139+J140 -> 539.5
A141: Oct-Dic 1965 | B141: 354.2 | C141: 404.7 | D141: =B141-C141 -> -50.5 | F141: -77.1 | G141: 31.8 | H141: - | I141: 80.9 | J141: 35.7 | K141: - | L141: =L140+J141 -> 575.2 | M141: 575.2
A142: Ene-Mar 1966 | B142: 338.2 | C142: 399.2 | D142: =B142-C142 -> -61 | F142: -48 | G142: -25.2 | H142: - | I142: 84.3 | J142: 11.1 | K142: - | L142: =L141+J142 -> 586.3
A143: Abr-Jun 1966 | B143: 311.6 | C143: 401.3 | D143: =B143-C143 -> -89.7 | F143: -123 | G143: 294.7 | H143: - | I143: -196.8 | J143: -25.2 | K143: - | L143: =L142+J143 -> 561.1
A144: Jul-Sep 1966 | B144: 257.8 | C144: 408.8 | D144: =B144-C144 -> -151 | F144: -154.7 | G144: 30.2 | H144: - | I144: 91.6 | J144: -32.9 | K144: - | L144: =L143+J144 -> 528.2
A145: Oct-Dic 1966 | B145: 327.6 | C145: 459.5 | D145: =B145-C145 -> -131.9 | F145: -152.2 | G145: 227.3 | H145: - | I145: -22.1 | J145: 53 | K145: - | L145: =L144+J145 -> 581.2 | M145: 581.2
A146: Ene-Mar 1967 | B146: 318.4 | C146: 405.6 | D146: =B146-C146 -> -87.2 | F146: -79.9 | G146: 101.4 | H146: - | I146: -2.4 | J146: 19.2 | K146: - | L146: =L145+J146 -> 600.4
A147: Abr-Jun 1967 | B147: 325.8 | C147: 446.9 | D147: =B147-C147 -> -121.1 | F147: -147 | G147: 217.6 | H147: - | I147: -39 | J147: 31.6 | K147: - | L147: =L146+J147 -> 632
A148: Jul-Sep 1967 | B148: 262.8 | C148: 453 | D148: =B148-C148 -> -190.2 | F148: -209.7 | G148: 86.2 | H148: - | I148: 115.7 | J148: -7.8 | K148: - | L148: =L147+J148 -> 624.2
A149: Oct-Dic 1967 | B149: 321.6 | C149: 449.6 | D149: =B149-C149 -> -128 | F149: -166.4 | G149: 242 | H149: - | I149: -78.7 | J149: -3.2 | K149: - | L149: =L148+J149 -> 621 | M149: 621
A150: Ene-Mar 1968 | B150: 315.3 | C150: 462.4 | D150: =B150-C150 -> -147.1 | F150: -139.3 | G150: 161.4 | H150: - | I150: -29.5 | J150: -7.4 | K150: - | L150: =L149+J150 -> 613.6
A151: Abr-Jun 1968 | B151: 330.1 | C151: 498.8 | D151: =B151-C151 -> -168.7 | F151: -228.2 | G151: 88.8 | H151: - | I151: 140.3 | J151: 0.9 | K151: - | L151: =L150+J151 -> 614.5
A152: Jul-Sep 1968 | B152: 278.2 | C152: 495.5 | D152: =B152-C152 -> -217.3 | F152: -233.4 | G152: 155 | H152: - | I152: 65.4 | J152: -13 | K152: - | L152: =L151+J152 -> 601.5
A153: Oct-Dic 1968 | B153: 352.9 | C153: 479.9 | D153: =B153-C153 -> -127 | F153: -174.5 | G153: 108.6 | H153: - | I153: 134.4 | J153: 68.5 | K153: - | L153: =L152+J153 -> 670 | M153: 670
A154: Ene-Mar 1969 | B154: 350.4 | C154: 464.3 | D154: =B154-C154 -> -113.9 | F154: -99.8 | G154: 168.3 | H154: - | I154: -65.1 | J154: 3.4 | K154: - | L154: =L153+J154 -> 673.4
A155: Abr-Jun 1969 | B155: 363.6 | C155: 506.1 | D155: =B155-C155 -> -142.5 | F155: -187.2 | G155: 288.9 | H155: - | I155: -74.1 | J155: 27.6 | K155: - | L155: =L154+J155 -> 701
A156: Jul-Sep 1969 | B156: 362.4 | C156: 499.9 | D156: =B156-C156 -> -137.5 | F156: -217.9 | G156: 159.4 | H156: - | I156: 27.9 | J156: -30.6 | K156: - | L156: =L155+J156 -> 670.4
...

Sheet BP TRIM
B1: Fuente: Banco de México, Balanza de Pagos, 1950-1979. Se actualizó hasta 1982 con la cifras de la balanza de Pagos 1980-2001; sin embargo, no todos los rubros se completaron debido a que no hay metodologicamente una correspondencia precisa.
B3: 1 | C3: 2 | D3: 3 | E3: 4 | F3: 5 | G3: 6 | H3: 7 | I3: 8 | J3: 9 | K3: 10 | L3: 11 | M3: 12 | N3: 13 | O3: 14 | P3: 15 | Q3: 16 | R3: 17 | S3: 18 | T3: 19 | U3: 20 | V3: 21 | W3: 22 | X3: 23 | Y3: 24 | Z3: 25 | AA3: 26 | AB3: 27 | AC3: 28 | AD3: 29 | AE3: 30 | AF3: 31 | AG3: 32 | AH3: 33 | AI3: 34 | AJ3: 35 | AK3: 36 | AL3: 37 | AM3: 38 | AN3: 39 | AO3: 40 | AP3: 41 | AQ3: 42 | AR3: 43 | AS3: 44 | AT3: 45 | AU3: 46
B4: Cuenta corriente | C4: Ingresos CC | D4: Exportaciones de bienes | E4: Exp + Oro y plata+Transformación | F4: Ingresos Servicios transformación | G4: Ingresos oro y plata | H4: Ingresos transportes | I4: Ingresos turismo | J4: Ingresos transacciones fronterizas | K4: Ingresos inversiones | L4: Ingresos otros servicios | M4: Ingresos transferencias | N4: Egresos CC | O4: Importación de bienes | P4: Egresos fletes y seguros | Q4: Egresos oro | R4: Egresos transportes | S4: Egresos turismo | T4: Egresos transacciones fronterizas | U4: Egresos inversiones | V4: Egresos inversiones utilidades | W4: Egresos inversiones intereses SP | X4: Egresos inversiones intereses Otros | Y4: Egresos otros servicios | Z4: Egresos tranferencias | AA4: Cuenta de capital | AB4: Cuenta de capital neto LP | AC4: Cuenta de capital neto LP SP | AD4: Cuenta de capital neto LP SP Disposiciones | AE4: Cuenta de capital neto LP SP Créditos al exterior | AF4: Cuenta de capital neto LP SP Amortizaciones | AG4: Cuenta de capital neto LP Privado | AH4: Cuenta de capital neto LP Privado Inv Ext Dir | AI4: Cuenta de capital neto LP Privado compra de emp ext | AJ4: Cuenta de capital neto LP Privado pasivos con el ext | AK4: Cuenta de capital neto LP Privado pasivos con el ext emp IED | AL4: Cuenta de capital neto LP Privado pasivos con el ext otras emp | AM4: Cuenta de capital neto LP Privado operaciones con valores | AN4: Capital a corto plazo (neto) | AO4: Capital a corto plazo Pasivos | AP4: Capital a corto plazo Pasivos SP | AQ4: Capital a corto plazo Pasivos Privado | AR4: Capital a corto plazo activos | AS4: DEGS | AT4: Errores y omisiones | AU4: Variación de la reserva
A7: 18264 | B7: 10.2 | C7: 185.8 | D7: 95.3 | E7: =D7+G7+F7 -> 119.9 | F7: 0 | G7: 24.6 | H7: - | I7: 26.2 | J7: 24.6 | K7: 2.2 | L7: 2.7 | M7: 10.2 | N7: 175.7 | O7: 118 | P7: 17.8 | Q7: 0.7 | R7: 1.3 | S7: 1.6 | T7: 15.1 | U7: 15.7 | V7: 11.9 | W7: 2.4 | X7: 1.4 | Y7: 3.8 | Z7: 1.7 | AA7: 22.3 | AB7: 22.2 | AC7: 1.7 | AD7: 7.2 | AE7: -5.5 | AF7: 0 | AG7: 20.4 | AH7: 19.9 | AI7: 0 | AJ7: - | AK7: - | AL7: - | AM7: 0.5 | AN7: 0.2 | AO7: 0 | AP7: - | AQ7: 0 | AR7: 0.2 | AS7: 0 | AT7: -28.6 | AU7: 3.8
A8: 18354 | B8: -5.9 | C8: 175.8 | D8: 92.1 | E8: =D8+G8+F8 -> 105.4 | F8: 0 | G8: 13.3 | H8: - | I8: 26.1 | J8: 28.9 | K8: 3.2 | L8: 2.7 | M8: 9.4 | N8: 181.6 | O8: 117.6 | P8: 24.6 | Q8: 0 | R8: 1.5 | S8: 2.4 | T8: 18 | U8: 12.4 | V8: 8.1 | W8: 2.6 | X8: 1.7 | Y8: 4.1 | Z8: 1.1 | AA8: 16.8 | AB8: 11 | AC8: 5.7 | AD8: 10.2 | AE8: -4.5 | AF8: 0 | AG8: 5.3 | AH8: 8.3 | AI8: 0 | AJ8: - | AK8: - | AL8: - | AM8: -3.1 | AN8: 5.9 | AO8: 0 | AP8: - | AQ8: 0 | AR8: 5.9 | AS8: 0 | AT8: -29 | AU8: -18
A9: 18445 | B9: 65.3 | C9: 279 | D9: 141.5 | E9: =D9+G9+F9 -> 196.3 | F9: 0 | G9: 54.8 | H9: - | I9: 32.3 | J9: 34.9 | K9: 2.9 | L9: 2.8 | M9: 9.7 | N9: 213.7 | O9: 139.8 | P9: 29.4 | Q9: 0 | R9: 1.9 | S9: 2.2 | T9: 21.2 | U9: 13.7 | V9: 8.3 | W9: 4.1 | X9: 1.4 | Y9: 4.2 | Z9: 1.2 | AA9: 29.2 | AB9: 15.7 | AC9: -3 | AD9: 7.3 | AE9: -10.2 | AF9: 0 | AG9: 18.7 | AH9: 18.3 | AI9: 0 | AJ9: - | AK9: - | AL9: - | AM9: 0.4 | AN9: 13.4 | AO9: 0 | AP9: - | AQ9: 0 | AR9: 13.4 | AS9: 0 | AT9: -20.5 | AU9: 74
A10: 18537 | B10: 93.4 | C10: 353.5 | D10: 164.5 | E10: =D10+G10+F10 -> 277.8 | F10: 0 | G10: 113.3 | H10: - | I10: 26.3 | J10: 33.4 | K10: 4 | L10: 2.8 | M10: 9.2 | N10: 260 | O10: 180.4 | P10: 33.3 | Q10: 0 | R10: 1.7 | S10: 2.5 | T10: 22.1 | U10: 14.1 | V10: 10.1 | W10: 2.2 | X10: 1.8 | Y10: 4.5 | Z10: 1.5 | AA10: -15.3 | AB10: 5.8 | AC10: -4.8 | AD10: 3.9 | AE10: -8.7 | AF10: 0 | AG10: 10.7 | AH10: 10.9 | AI10: 0 | AJ10: - | AK10: - | AL10: - | AM10: -0.2 | AN10: -21.1 | AO10: 0 | AP10: - | AQ10: 0 | AR10: -21.1 | AS10: 0 | AT10: 34 | AU10: 112.2
A11: 18629 | B11: 77.3 | C11: 334 | D11: 163.9 | E11: =D11+G11+F11 -> 259.7 | F11: 0 | G11: 95.8 | H11: - | I11: 27.5 | J11: 34.5 | K11: 2.8 | L11: 2.8 | M11: 6.7 | N11: 256.7 | O11: 182.2 | P11: 25.4 | Q11: 0 | R11: 1.7 | S11: 2.1 | T11: 23.9 | U11: 14.7 | V11: 11.1 | W11: 1.4 | X11: 2.2 | Y11: 5.4 | Z11: 1.3 | AA11: 67.8 | AB11: 33.6 | AC11: 9.6 | AD11: 16.4 | AE11: -6.8 | AF11: 0 | AG11: 24 | AH11: 24.1 | AI11: 0 | AJ11: - | AK11: - | AL11: - | AM11: -0.1 | AN11: 34.3 | AO11: 0 | AP11: - | AQ11: 0 | AR11: 34.3 | AS11: 0 | AT11: -110.3 | AU11: 34.8
A12: 18719 | B12: -193.1 | C12: 175.6 | D12: 101.4 | E12: =D12+G12+F12 -> 104 | F12: 0 | G12: 2.6 | H12: - | I12: 26.1 | J12: 30 | K12: 2.4 | L12: 2.8 | M12: 10.3 | N12: 368.7 | O12: 226.2 | P12: 25.3 | Q12: 76.5 | R12: 0.5 | S12: 2.6 | T12: 18.8 | U12: 11.6 | V12: 7.6 | W12: 2.1 | X12: 1.9 | Y12: 6 | Z12: 1.4 | AA12: -3.4 | AB12: 10.7 | AC12: 0.6 | AD12: 9.1 | AE12: -8.5 | AF12: 0 | AG12: 10 | AH12: 11.2 | AI12: 0 | AJ12: - | AK12: - | AL12: - | AM12: -1.2 | AN12: -14 | AO12: 0 | AP12: - | AQ12: 0 | AR12: -14 | AS12: 0 | AT12: 112.6 | AU12: -83.9
A13: 18810 | B13: -91.7 | C13: 239.8 | D13: 145.5 | E13: =D13+G13+F13 -> 148.2 | F13: 0 | G13: 2.7 | H13: - | I13: 32.2 | J13: 41.8 | K13: 2.2 | L13: 2.9 | M13: 12.4 | N13: 331.5 | O13: 215.2 | P13: 30.4 | Q13: 37.1 | R13: 1.2 | S13: 2.6 | T13: 23 | U13: 14.5 | V13: 7.6 | W13: 4.2 | X13: 2.8 | Y13: 5.8 | Z13: 1.7 | AA13: 13.7 | AB13: 10.9 | AC13: -8.7 | AD13: 4.9 | AE13: -13.6 | AF13: 0 | AG13: 19.7 | AH13: 21.8 | AI13: 0 | AJ13: - | AK13: - | AL13: - | AM13: -2.1 | AN13: 2.8 | AO13: 0.3 | AP13: - | AQ13: 0.3 | AR13: 2.5 | AS13: 0 | AT13: 97.3 | AU13: 19.3
A14: 18902 | B14: 4.2 | C14: 293.1 | D14: 180.7 | E14: =D14+G14+F14 -> 208.2 | F14: 0 | G14: 27.5 | H14: - | I14: 25 | J14: 42 | K14: 3.6 | L14: 2.8 | M14: 11.5 | N14: 288.9 | O14: 198.5 | P14: 37.6 | Q14: 0.2 | R14: 3 | S14: 2.7 | T14: 22.7 | U14: 17.3 | V14: 12.3 | W14: 1.9 | X14: 3 | Y14: 5.5 | Z14: 1.3 | AA14: -23 | AB14: -5 | AC14: -16.9 | AD14: 5.3 | AE14: -22.1 | AF14: 0 | AG14: 11.9 | AH14: 14.9 | AI14: 0 | AJ14: - | AK14: - | AL14: - | AM14: -3 | AN14: -18 | AO14: -0.3 | AP14: - | AQ14: -0.3 | AR14: -17.7 | AS14: 0 | AT14: 40.9 | AU14: 22.2
A15: 18994 | B15: -71.2 | C15: 243.4 | D15: 154.8 | E15: =D15+G15+F15 -> 163.9 | F15: 0 | G15: 9.1 | H15: - | I15: 28.5 | J15: 36.8 | K15: 3.4 | L15: 3.3 | M15: 7.5 | N15: 314.6 | O15: 212 | P15: 24.8 | Q15: 23.2 | R15: 0.8 | S15: 2.4 | T15: 25.5 | U15: 18.5 | V15: 13.6 | W15: 1.7 | X15: 3.2 | Y15: 6.3 | Z15: 1.2 | AA15: -11.1 | AB15: -0.7 | AC15: 0.7 | AD15: 9.5 | AE15: -8.8 | AF15: 0 | AG15: -1.4 | AH15: 0.4 | AI15: 0 | AJ15: - | AK15: - | AL15: - | AM15: -1.8 | AN15: -10.4 | AO15: 0 | AP15: - | AQ15: 0 | AR15: -10.4 | AS15: 0 | AT15: 53.4 | AU15: -28.9
A16: 19085 | B16: -145.2 | C16: 252.8 | D16: 157.6 | E16: =D16+G16+F16 -> 172.3 | F16: 0 | G16: 14.7 | H16: - | I16: 28.9 | J16: 36.9 | K16: 2.9 | L16: 3.6 | M16: 8.3 | N16: 398 | O16: 208 | P16: 24.7 | Q16: 115.1 | R16: 0.4 | S16: 3.2 | T16: 23.9 | U16: 14 | V16: 9.4 | W16: 1.8 | X16: 2.8 | Y16: 7.4 | Z16: 1.2 | AA16: -19.6 | AB16: -5 | AC16: -0.5 | AD16: 7.9 | AE16: -8.4 | AF16: 0 | AG16: -4.5 | AH16: -4.9 | AI16: 0 | AJ16: - | AK16: - | AL16: - | AM16: 0.4 | AN16: -14.6 | AO16: 0 | AP16: - | AQ16: 0 | AR16: -14.6 | AS16: 0 | AT16: 61.1 | AU16: -103.6
A17: 19176 | B17: -17.4 | C17: 261.4 | D17: 147.8 | E17: =D17+G17+F17 -> 169.8 | F17: 0 | G17: 22 | H17: - | I17: 32.1 | J17: 42.8 | K17: 2.6 | L17: 3.6 | M17: 10.3 | N17: 278.8 | O17: 192.7 | P17: 29.7 | Q17: 0 | R17: 2.7 | S17: 2.9 | T17: 24.3 | U17: 17.8 | V17: 9.7 | W17: 4.3 | X17: 3.8 | Y17: 7.3 | Z17: 1.5 | AA17: 42.3 | AB17: 28 | AC17: 20.5 | AD17: 32.1 | AE17: -11.6 | AF17: 0 | AG17: 7.6 | AH17: 10.1 | AI17: 0 | AJ17: - | AK17: - | AL17: - | AM17: -2.6 | AN17: 14.2 | AO17: 0 | AP17: - | AQ17: 0 | AR17: 14.2 | AS17: 0 | AT17: 34.7 | AU17: 59.6
A18: 19268 | B18: 20.6 | C18: 313.2 | D18: 165.1 | E18: =D18+G18+F18 -> 223.4 | F18: 0 | G18: 58.3 | H18: - | I18: 25.4 | J18: 46.5 | K18: 4.3 | L18: 3.4 | M18: 10.3 | N18: 292.6 | O18: 194.7 | P18: 36.7 | Q18: 0 | R18: 0.7 | S18: 2.8 | T18: 27.8 | U18: 18.7 | V18: 13.7 | W18: 1.9 | X18: 3 | Y18: 9.3 | Z18: 1.9 | AA18: 23.8 | AB18: 22.9 | AC18: 2.6 | AD18: 14.5 | AE18: -12 | AF18: 0 | AG18: 20.3 | AH18: 23.2 | AI18: 0 | AJ18: - | AK18: - | AL18: - | AM18: -2.9 | AN18: 1 | AO18: 0.1 | AP18: - | AQ18: 0.1 | AR18: 0.9 | AS18: 0 | AT18: 7.9 | AU18: 52.4
... A39: 21186 | B39: -121 | C39: 317 | D39: 178.2 | E39: =D39+G39+F39 -> 189.7 | F39: 0 | G39: 11.5 | H39: - | I39: 33.1 | J39: 70.7 | K39: 4.5 | L39: 12.1 | M39: 7 | N39: 438 | O39: 288.6 | P39: 33.2 | Q39: 22.2 | R39: 2.8 | S39: 6.5 | T39: 43.3 | U39: 24.2 | V39: 13.9 | W39: 5 | X39: 5.4 | Y39: 16.8 | Z39: 0.6 | AA39: 25.9 | AB39: 52.1 | AC39: 24.2 | AD39: 42.8 | AE39: -18.6 | AF39: 0 | AG39: 27.9 | AH39: 30.3 | AI39: 0 | AJ39: - | AK39: - | AL39: - | AM39: -2.4 | AN39: -26.2 | AO39: 0.1 | AP39: - | AQ39: 0.1 | AR39: -26.3 | AS39: 0 | AT39: 41 | AU39: -54.1
A40: 21276 | B40: -143.1 | C40: 306.8 | D40: 161.2 | E40: =D40+G40+F40 -> 173 | F40: 0 | G40: 11.8 | H40: - | I40: 34.8 | J40: 73.8 | K40: 4.7 | L40: 12 | M40: 8.7 | N40: 449.9 | O40: 316 | P40: 36.3 | Q40: 4.6 | R40: 2.8 | S40: 6.1 | T40: 42 | U40: 16.3 | V40: 6.1 | W40: 6 | X40: 4.2 | Y40: 23.4 | Z40: 2.3 | AA40: 40.8 | AB40: 32.9 | AC40: 24.3 | AD40: 56.8 | AE40: -32.5 | AF40: 0 | AG40: 8.6 | AH40: 9.6 | AI40: 0 | AJ40: - | AK40: - | AL40: - | AM40: -1 | AN40: 7.9 | AO40: 11.4 | AP40: 10.1 | AQ40: 1.3 | AR40: -3.5 | AS40: 0 | AT40: 39.2 | AU40: -63.1
A41: 21367 | B41: -69.2 | C41: 348.2 | D41: 185 | E41: =D41+G41+F41 -> 196.5 | F41: 0 | G41: 11.5 | H41: - | I41: 33.7 | J41: 88.1 | K41: 4.6 | L41: 12.8 | M41: 12.6 | N41: 417.4 | O41: 272.2 | P41: 31.3 | Q41: 6.1 | R41: 3 | S41: 5 | T41: 51.4 | U41: 24.9 | V41: 10.9 | W41: 7 | X41: 7 | Y41: 21.8 | Z41: 1.8 | AA41: 22.9 | AB41: 51 | AC41: 34.3 | AD41: 71.9 | AE41: -37.6 | AF41: 0 | AG41: 16.7 | AH41: 20.3 | AI41: 0 | AJ41: - | AK41: - | AL41: - | AM41: -3.7 | AN41: -28.1 | AO41: -0.6 | AP41: -0.4 | AQ41: -0.1 | AR41: -27.5 | AS41: 0 | AT41: 58.3 | AU41: 12
A42: 21459 | B42: -52.2 | C42: 348.8 | D42: 184.8 | E42: =D42+G42+F42 -> 199.2 | F42: 0 | G42: 14.4 | H42: - | I42: 32.7 | J42: 83 | K42: 3.5 | L42: 14.4 | M42: 16.1 | N42: 401 | O42: 251.9 | P42: 29 | Q42: 3.3 | R42: 2.7 | S42: 5 | T42: 52.2 | U42: 29.6 | V42: 16.3 | W42: 6.5 | X42: 6.8 | Y42: 25.7 | Z42: 1.6 | AA42: 9.1 | AB42: 30.4 | AC42: 29 | AD42: 68.5 | AE42: -39.5 | AF42: 0 | AG42: 1.4 | AH42: 14 | AI42: 0 | AJ42: - | AK42: - | AL42: - | AM42: -12.6 | AN42: -21.3 | AO42: 35.5 | AP42: 35.1 | AQ42: 0.4 | AR42: -56.8 | AS42: 0 | AT42: 71 | AU42: 27.9
A43: 21551 | B43: -12.2 | C43: 363.5 | D43: 209 | E43: =D43+G43+F43 -> 220.5 | F43: 0 | G43: 11.5 | H43: - | I43: 36.6 | J43: 79.9 | K43: 4.7 | L43: 14.4 | M43: 7.3 | N43: 375.7 | O43: 227.9 | P43: 28.1 | Q43: 1 | R43: 2.2 | S43: 6.2 | T43: 48.8 | U43: 39.1 | V43: 26.6 | W43: 6 | X43: 6.5 | Y43: 21.3 | Z43: 1.2 | AA43: -45.6 | AB43: -19.3 | AC43: -3.1 | AD43: 29.5 | AE43: -32.6 | AF43: 0 | AG43: -16.2 | AH43: -14.5 | AI43: 0 | AJ43: - | AK43: - | AL43: - | AM43: -1.7 | AN43: -26.3 | AO43: -38.2 | AP43: -36.9 | AQ43: -1.3 | AR43: 11.9 | AS43: 0 | AT43: 42.8 | AU43: -15.1
A44: 21641 | B44: -74.5 | C44: 333.7 | D44: 169.3 | E44: =D44+G44+F44 -> 188.9 | F44: 0 | G44: 19.6 | H44: - | I44: 35.1 | J44: 83.7 | K44: 4.9 | L44: 12 | M44: 9.2 | N44: 408.2 | O44: 257.4 | P44: 31.7 | Q44: 0.8 | R44: 2.1 | S44: 7.3 | T44: 51.7 | U44: 32.1 | V44: 17.1 | W44: 7.1 | X44: 7.9 | Y44: 22 | Z44: 2.9 | AA44: 45.4 | AB44: 35.8 | AC44: 27.5 | AD44: 66.4 | AE44: -38.9 | AF44: 0 | AG44: 8.2 | AH44: 11.1 | AI44: 0 | AJ44: - | AK44: - | AL44: - | AM44: -2.8 | AN44: 9.6 | AO44: 26.4 | AP44: 25.6 | AQ44: 0.8 | AR44: -16.8 | AS44: 0 | AT44: 42.2 | AU44: 13.1
A45: 21732 | B45: -49.7 | C45: 362.6 | D45: 176.7 | E45: =D45+G45+F45 -> 193.7 | F45: 0 | G45: 17 | H45: - | I45: 36.5 | J45: 96.4 | K45: 4.8 | L45: 17.5 | M45: 13.6 | N45: 412.3 | O45: 253.8 | P45: 31.3 | Q45: 3.9 | R45: 2.5 | S45: 6.7 | T45: 58.3 | U45: 25.4 | V45: 10.1 | W45: 7.9 | X45: 7.4 | Y45: 28.3 | Z45: 2.1 | AA45: 40.4 | AB45: 46.3 | AC45: 7.5 | AD45: 49 | AE45: -41.5 | AF45: 0 | AG45: 38.8 | AH45: 36.7 | AI45: 0 | AJ45: - | AK45: - | AL45: - | AM45: 2 | AN45: -6 | AO45: -14.2 | AP45: -15.2 | AQ45: 1 | AR45: 8.2 | AS45: 0 | AT45: 18.3 | AU45: 9
A46: 21824 | B46: -95.6 | C46: 343 | D46: 168.1 | E46: =D46+G46+F46 -> 177.8 | F46: 0 | G46: 9.7 | H46: - | I46: 36.9 | J46: 94 | K46: 3.7 | L46: 13.7 | M46: 16.9 | N46: 438.6 | O46: 267.5 | P46: 33 | Q46: 23.1 | R46: 1.7 | S46: 7.3 | T46: 61.7 | U46: 19.8 | V46: 5.3 | W46: 7.6 | X46: 6.9 | Y46: 22.2 | Z46: 2.4 | AA46: 74.7 | AB46: 62.7 | AC46: 31.5 | AD46: 78.2 | AE46: -46.8 | AF46: 0 | AG46: 31.3 | AH46: 31.6 | AI46: 0 | AJ46: - | AK46: - | AL46: - | AM46: -0.4 | AN46: 12 | AO46: 16.1 | AP46: 17.1 | AQ46: -1 | AR46: -4.1 | AS46: 0 | AT46: 69.9 | AU46: 49
A47: 21916 | B47: -80.9 | C47: 345.4 | D47: 183.6 | E47: =D47+G47+F47 -> 194.9 | F47: 0 | G47: 11.3 | H47: 2.9 | I47: 36.8 | J47: 84.7 | K47: 4.6 | L47: 13.7 | M47: 7.9 | N47: 426.3 | O47: 277.9 | P47: 31 | Q47: 0.6 | R47: 3 | S47: 6.3 | T47: 52.7 | U47: 29.4 | V47: 15.5 | W47: 6.2 | X47: 7.6 | Y47: 21.4 | Z47: 3.9 | AA47: 58.9 | AB47: 46.5 | AC47: 26.9 | AD47: 48.7 | AE47: -21.8 | AF47: 0 | AG47: 19.6 | AH47: 18 | AI47: 0 | AJ47: 4.6 | AK47: 4.4 | AL47: 0.2 | AM47: -3 | AN47: 12.3 | AO47: -9.9 | AP47: -19.5 | AQ47: 9.6 | AR47: 22.2 | AS47: 0 | AT47: 32.8 | AU47: 10.8
A48: 22007 | B48: -127.1 | C48: 328.3 | D48: 157.9 | E48: =D48+G48+F48 -> 169.3 | F48: 0 | G48: 11.4 | H48: 3.1 | I48: 34.4 | J48: 92.7 | K48: 4.8 | L48: 13.6 | M48: 10.4 | N48: 455.4 | O48: 293.4 | P48: 32.7 | Q48: 0.4 | R48: 4.1 | S48: 8.3 | T48: 54.1 | U48: 34.1 | V48: 17.8 | W48: 8.6 | X48: 7.7 | Y48: 25.2 | Z48: 3.2 | AA48: 128.5 | AB48: 6.5 | AC48: 67.6 | AD48: 121.9 | AE48: -54.3 | AF48: 0 | AG48: -61.2 | AH48: 14.6 | AI48: -88.6 | AJ48: 11.6 | AK48: 11 | AL48: 0.6 | AM48: 1.3 | AN48: 122 | AO48: 45.6 | AP48: 29.6 | AQ48: 16 | AR48: 76.4 | AS48: 0 | AT48: -33.4 | AU48: -32
A49: 22098 | B49: -108.9 | C49: 392.1 | D49: 215.1 | E49: =D49+G49+F49 -> 226.4 | F49: 0 | G49: 11.3 | H49: 3.7 | I49: 36.6 | J49: 95 | K49: 4.7 | L49: 12.7 | M49: 12.8 | N49: 500.9 | O49: 310.7 | P49: 34.7 | Q49: 20.6 | R49: 4.1 | S49: 7.6 | T49: 56.2 | U49: 37.5 | V49: 18 | W49: 11.7 | X49: 7.8 | Y49: 26.1 | Z49: 3.4 | AA49: -37.9 | AB49: 4.1 | AC49: 23.9 | AD49: 92.7 | AE49: -68.8 | AF49: 0 | AG49: -19.8 | AH49: 10 | AI49: -27.9 | AJ49: 4.1 | AK49: 3.9 | AL49: 0.2 | AM49: -6.1 | AN49: -42 | AO49: 0.3 | AP49: 11.8 | AQ49: -11.5 | AR49: -42.2 | AS49: 0 | AT49: 108.6 | AU49: -38.2
A50: 22190 | B50: -102.9 | C50: 378.3 | D50: 182.1 | E50: =D50+G50+F50 -> 215.2 | F50: 0 | G50: 33.1 | H50: 3 | I50: 31.5 | J50: 93.5 | K50: 3.6 | L50: 13.5 | M50: 17.9 | N50: 481.2 | O50: 304.4 | P50: 34 | Q50: 3.4 | R50: 3.6 | S50: 8.2 | T50: 58.1 | U50: 38.7 | V50: 20.9 | W50: 9.7 | X50: 8 | Y50: 25.4 | Z50: 5.4 | AA50: 126.2 | AB50: 79.9 | AC50: 45 | AD50: 88.8 | AE50: -43.7 | AF50: 0 | AG50: 34.8 | AH50: 25.2 | AI50: 0 | AJ50: 7.2 | AK50: 7.3 | AL50: -0.1 | AM50: 2.4 | AN50: 46.3 | AO50: 34.7 | AP50: 11.3 | AQ50: 23.5 | AR50: 11.6 | AS50: 0 | AT50: 27.6 | AU50: 50.8
A51: 22282 | B51: -71.9 | C51: 362.9 | D51: 197.9 | E51: =D51+G51+F51 -> 208.1 | F51: 0 | G51: 10.2 | H51: 2.5 | I51: 39.4 | J51: 86.2 | K51: 4.5 | L51: 14.3 | M51: 7.8 | N51: 434.9 | O51: 276.2 | P51: 31.6 | Q51: 1.4 | R51: 3.9 | S51: 8.1 | T51: 52.8 | U51: 31.3 | V51: 13.4 | W51: 10.9 | X51: 7 | Y51: 23.5 | Z51: 6 | AA51: 48.9 | AB51: 98.6 | AC51: 58.8 | AD51: 96.5 | AE51: -37.7 | AF51: 0 | AG51: 39.8 | AH51: 31.6 | AI51: 0 | AJ51: 8.4 | AK51: -0.8 | AL51: 9.1 | AM51: -0.2 | AN51: -49.6 | AO51: -31.1 | AP51: -35 | AQ51: 3.9 | AR51: -18.6 | AS51: 0 | AT51: -60.9 | AU51: -83.9
A52: 22372 | B52: -104.7 | C52: 385.2 | D52: 203.3 | E52: =D52+G52+F52 -> 214.5 | F52: 0 | G52: 11.2 | H52: 2.3 | I52: 31.2 | J52: 109.4 | K52: 4.7 | L52: 14.3 | M52: 8.7 | N52: 489.8 | O52: 289.2 | P52: 33.1 | Q52: 19.6 | R52: 4.5 | S52: 9.2 | T52: 71.8 | U52: 29.8 | V52: 12.6 | W52: 8.4 | X52: 8.8 | Y52: 25.9 | Z52: 6.9 | AA52: 14.9 | AB52: 41.7 | AC52: 34.5 | AD52: 93.6 | AE52: -59.1 | AF52: 0 | AG52: 7.2 | AH52: 0.9 | AI52: 0 | AJ52: 4.9 | AK52: -0.5 | AL52: 5.4 | AM52: 1.4 | AN52: -26.8 | AO52: -18.1 | AP52: -20.1 | AQ52: 1.9 | AR52: -8.7 | AS52: 0 | AT52: 48.4 | AU52: -41.3
A53: 22463 | B53: -82.4 | C53: 366.8 | D53: 187.3 | E53: =D53+G53+F53 -> 197.4 | F53: 0 | G53: 10.1 | H53: 3.1 | I53: 38.1 | J53: 97.3 | K53: 4.6 | L53: 14 | M53: 12.3 | N53: 449.2 | O53: 278.4 | P53: 31.9 | Q53: 1.6 | R53: 4.1 | S53: 9.1 | T53: 55.5 | U53: 36.8 | V53: 15.3 | W53: 13.1 | X53: 8.4 | Y53: 25.9 | Z53: 5.9 | AA53: 102.1 | AB53: 70.3 | AC53: 27.5 | AD53: 67.8 | AE53: -40.4 | AF53: 0 | AG53: 42.8 | AH53: 48.9 | AI53: 0 | AJ53: 3.9 | AK53: -0.4 | AL53: 4.3 | AM53: -10 | AN53: 31.9 | AO53: 53.7 | AP53: 51.1 | AQ53: 2.6 | AR53: -21.8 | AS53: 0 | AT53: 21 | AU53: 40.8
A54: 22555 | B54: -84.7 | C54: 393.6 | D54: 211.2 | E54: =D54+G54+F54 -> 222.8 | F54: 0 | G54: 11.6 | H54: 2.7 | I54: 33.3 | J54: 99.8 | K54: 3.6 | L54: 15 | M54: 16.4 | N54: 478.3 | O54: 294.8 | P54: 33.7 | Q54: 3.9 | R54: 4.1 | S54: 9.7 | T54: 62 | U54: 37.6 | V54: 16.1 | W54: 9.8 | X54: 11.8 | Y54: 27.3 | Z54: 5.2 | AA54: 51.4 | AB54: 74 | AC54: 52.9 | AD54: 99.4 | AE54: -46.5 | AF54: 0 | AG54: 21.1 | AH54: 12.6 | AI54: 0 | AJ54: 7.1 | AK54: -0.7 | AL54: 7.9 | AM54: 1.4 | AN54: -22.6 | AO54: 28.9 | AP54: 28.8 | AQ54: 0 | AR54: -51.4 | AS54: 0 | AT54: 96.2 | AU54: 63
A55: 22647 | B55: -33.5 | C55: 405.2 | D55: 235.1 | E55: =D55+G55+F55 -> 243.9 | F55: 0 | G55: 8.8 | H55: 2.2 | I55: 38.5 | J55: 95.4 | K55: 5.6 | L55: 12.5 | M55: 7.1 | N55: 438.7 | O55: 267.1 | P55: 30.5 | Q55: 3.1 | R55: 3.6 | S55: 7.5 | T55: 59.5 | U55: 35 | V55: 16.6 | W55: 12.5 | X55: 5.8 | Y55: 24.1 | Z55: 8.4 | AA55: 105.9 | AB55: 108 | AC55: 75.2 | AD55: 118.5 | AE55: -43.3 | AF55: 0 | AG55: 32.7 | AH55: 16.4 | AI55: 0 | AJ55: 18.5 | AK55: 12.5 | AL55: 6.1 | AM55: -2.2 | AN55: -2.1 | AO55: -3.3 | AP55: -10.1 | AQ55: 6.8 | AR55: 1.2 | AS55: 0 | AT55: -78.1 | AU55: -5.7
A56: 22737 | B56: -93.1 | C56: 373.2 | D56: 195.9 | E56: =D56+G56+F56 -> 208.7 | F56: 0 | G56: 12.8 | H56: 2.4 | I56: 38.7 | J56: 95.7 | K56: 5.9 | L56: 12.6 | M56: 9.3 | N56: 466.4 | O56: 289.7 | P56: 33.3 | Q56: 3.1 | R56: 5.3 | S56: 11.6 | T56: 55.8 | U56: 33.9 | V56: 13.4 | W56: 13.4 | X56: 7.2 | Y56: 27.5 | Z56: 6 | AA56: 44.7 | AB56: 78.3 | AC56: 46 | AD56: 117.1 | AE56: -71.1 | AF56: 0 | AG56: 32.2 | AH56: 22.2 | AI56: 0 | AJ56: 11.3 | AK56: 7.6 | AL56: 3.7 | AM56: -1.3 | AN56: -33.5 | AO56: -4.8 | AP56: 6.2 | AQ56: -11.1 | AR56: -28.7 | AS56: 0 | AT56: 6.8 | AU56: -41.6
A57: 22828 | B57: -67.4 | C57: 406.6 | D57: 205.1 | E57: =D57+G57+F57 -> 220.1 | F57: 0 | G57: 15 | H57: 2.9 | I57: 45.6 | J57: 107.5 | K57: 5.8 | L57: 12.2 | M57: 12.4 | N57: 474 | O57: 284.5 | P57: 32.1 | Q57: 9 | R57: 4.5 | S57: 10.6 | T57: 61.3 | U57: 39.8 | V57: 11.5 | W57: 20.8 | X57: 7.5 | Y57: 27.2 | Z57: 5 | AA57: 32.9 | AB57: 30.1 | AC57: 1.7 | AD57: 90.1 | AE57: -88.4 | AF57: 0 | AG57: 28.4 | AH57: 24.4 | AI57: 0 | AJ57: 0.4 | AK57: 0.3 | AL57: 0.1 | AM57: 3.6 | AN57: 2.8 | AO57: -22.6 | AP57: -29.6 | AQ57: 7 | AR57: 25.4 | AS57: 0 | AT57: 35.7 | AU57: 1.2
A58: 22920 | B58: -55.5 | C58: 441.2 | D58: 253.2 | E58: =D58+G58+F58 -> 261.5 | F58: 0 | G58: 8.3 | H58: 2.6 | I58: 38.4 | J58: 108.1 | K58: 4.5 | L58: 12.9 | M58: 13.3 | N58: 496.7 | O58: 301.8 | P58: 34.5 | Q58: 2.6 | R58: 4.4 | S58: 10.5 | T58: 67.9 | U58: 41.1 | V58: 15 | W58: 17.6 | X58: 8.5 | Y58: 29.9 | Z58: 4.1 | AA58: 18.7 | AB58: 41.7 | AC58: 10.1 | AD58: 75.2 | AE58: -65.2 | AF58: 0 | AG58: 31.6 | AH58: 27.2 | AI58: 0 | AJ58: 2.9 | AK58: 1.7 | AL58: 1.3 | AM58: 1.4 | AN58: -22.9 | AO58: 31.8 | AP58: 8.7 | AQ58: 23.2 | AR58: -54.8 | AS58: 0 | AT58: 99.8 | AU58: 63
... A121: 28672 | B121: -779 | C121: 2845.7 | D121: 1472.7 | E121: =D121+G121+F121 -> 1644.9 | F121: 120 | G121: 52.2 | H121: 61.5 | I121: 257 | J121: 592.8 | K121: 102.4 | L121: 126 | M121: 61.2 | N121: 3624.7 | O121: 1996.5 | P121: 121.8 | Q121: 17.5 | R121: 106.2 | S121: 165.8 | T121: 414 | U121: 641.9 | V121: 69.6 | W121: 446.1 | X121: 126.2 | Y121: 155.5 | Z121: 5.6 | AA121: 614.4 | AB121: 1545.4 | AC121: 1660.2 | AD121: 2709.3 | AE121: -1047.2 | AF121: -1.9 | AG121: -114.8 | AH121: 51.1 | AI121: -17.5 | AJ121: -155.4 | AK121: -53.1 | AL121: -102.4 | AM121: 7 | AN121: -930.9 | AO121: -513.7 | AP121: -761.2 | AQ121: 247.4 | AR121: -417.2 | AS121: 0 | AT121: 219.6 | AU121: 55.1
A122: 28764 | B122: -812 | C122: 3426.6 | D122: 1893.3 | E122: =D122+G122 -> 1960.7 | F122: 132.8 | G122: 67.4 | H122: 63 | I122: 300.6 | J122: 644.4 | K122: 125.1 | L122: 142.6 | M122: 57.4 | N122: 4238.6 | O122: 2322.2 | P122: 117.8 | Q122: 29.9 | R122: 98.7 | S122: 127.7 | T122: 472.8 | U122: 892.4 | V122: 52.5 | W122: 681 | X122: 158.9 | Y122: 175.1 | Z122: 2 | AA122: 1348.2 | AB122: 2024 | AC122: 1259.5 | AD122: 2670.8 | AE122: -1409 | AF122: -2.3 | AG122: 764.5 | AH122: 122.6 | AI122: -0.3 | AJ122: 643.2 | AK122: 126.6 | AL122: 516.6 | AM122: -1 | AN122: -675.8 | AO122: -123.7 | AP122: -921 | AQ122: 797.3 | AR122: -552.1 | AS122: 0 | AT122: -380.2 | AU122: 156
A123: 28856 | B123: -543.3 | C123: 3722.1 | D123: 1979.9 | E123: =D123+G123+F123 -> 2189.3 | F123: 135.7 | G123: 73.7 | H123: 75.2 | I123: 390 | J123: 691.9 | K123: 157.7 | L123: 162.1 | M123: 55.9 | N123: 4265.4 | O123: 2430.7 | P123: 119.3 | Q123: 21 | R123: 92.5 | S123: 107.4 | T123: 514.8 | U123: 769.7 | V123: 79.2 | W123: 471.2 | X123: 219.3 | Y123: 194.9 | Z123: 15.2 | AA123: 772.8 | AB123: 1150.1 | AC123: 1264.4 | AD123: 2116.4 | AE123: -853.5 | AF123: 1.5 | AG123: -114.3 | AH123: -58.6 | AI123: -12 | AJ123: 5.4 | AK123: 79.6 | AL123: -74.2 | AM123: -49 | AN123: -377.3 | AO123: 25.9 | AP123: -283.5 | AQ123: 309.5 | AR123: -403.2 | AS123: 70 | AT123: -88.6 | AU123: 210.9
A124: 28946 | B124: -1187.9 | C124: 3786.4 | D124: 2074.3 | E124: =D124+G124+F124 -> 2308.1 | F124: 152.3 | G124: 81.5 | H124: 71.8 | I124: 334.4 | J124: 689.2 | K124: 152.3 | L124: 163.4 | M124: 67.2 | N124: 4974.3 | O124: 2789.2 | P124: 119.2 | Q124: 40.7 | R124: 127.9 | S124: 178.8 | T124: 504.3 | U124: 1005.2 | V124: 69.7 | W124: 775 | X124: 160.5 | Y124: 199.4 | Z124: 9.5 | AA124: 1325.8 | AB124: 552.7 | AC124: 77.3 | AD124: 3046.7 | AE124: -2975.8 | AF124: 6.4 | AG124: 475.4 | AH124: 398.2 | AI124: -22.9 | AJ124: 118.1 | AK124: 22.1 | AL124: 96 | AM124: -18 | AN124: 773.2 | AO124: 566.5 | AP124: 731.1 | AQ124: -164.7 | AR124: 206.7 | AS124: 0 | AT124: -41.1 | AU124: 96.8
A125: 29037 | B125: -1650.3 | C125: 3944.6 | D125: 2096 | E125: =D125+G125+F125 -> 2368 | F125: 164.5 | G125: 107.5 | H125: 84.8 | I125: 329 | J125: 753.9 | K125: 164.4 | L125: 175.4 | M125: 69.1 | N125: 5594.9 | O125: 3116.3 | P125: 157.9 | Q125: 47.7 | R125: 147.7 | S125: 223 | T125: 595.8 | U125: 1086 | V125: 115.5 | W125: 777.2 | X125: 193.2 | Y125: 216 | Z125: 4.5 | AA125: 1063.5 | AB125: 1361.1 | AC125: 636 | AD125: 2314.9 | AE125: -1681.3 | AF125: 2.4 | AG125: 725.1 | AH125: 306.1 | AI125: 0 | AJ125: 411 | AK125: 14.4 | AL125: 396.6 | AM125: 8 | AN125: -297.6 | AO125: 210.6 | AP125: -221.1 | AQ125: 431.7 | AR125: -508.2 | AS125: 0 | AT125: 537.6 | AU125: -49.2
A126: 29129 | B126: -1489 | C126: 4810.4 | D126: 2667.4 | E126: =D126+G126+F126 -> 3077.9 | F126: 185.1 | G126: 225.4 | H126: 87.8 | I126: 389.9 | J126: 784.2 | K126: 220.5 | L126: 185.8 | M126: 64.3 | N126: 6299.5 | O126: 3643.4 | P126: 213.6 | Q126: 42.4 | R126: 143.7 | S126: 174.4 | T126: 630.8 | U126: 1205.3 | V126: 92.4 | W126: 865 | X126: 247.8 | Y126: 242.6 | Z126: 3.3 | AA126: 1371.2 | AB126: 1527.2 | AC126: 1169.1 | AD126: 2937 | AE126: -1775.3 | AF126: 7.4 | AG126: 358.1 | AH126: 136.5 | AI126: -4.6 | AJ126: 218.2 | AK126: 116.6 | AL126: 101.7 | AM126: 8 | AN126: -156.1 | AO126: 907.9 | AP126: -21.1 | AQ126: 929 | AR126: -1064 | AS126: 0 | AT126: 278.3 | AU126: 160.5
A127: 29221 | B127: -1335.6 | C127: 5810.9 | E127: 4016.1 | N127: 7146.5 | AA127: 2346.2 | AS127: 0 | AT127: -1018.5 | AU127: 159
A128: 29312 | B128: -2554.4 | C128: 6059.9 | E128: 4427.1 | N128: 8614.3 | AA128: 2670.8 | AS128: 0 | AT128: 98.4 | AU128: 231.5
A129: 29403 | B129: -3178.6 | C129: 6263.5 | E129: 4669.2 | N129: 9442 | AA129: 3614.4 | AS129: 0 | AT129: -243.4 | AU129: 226.2
A130: 29495 | B130: -3365.6 | C130: 6726.3 | E130: 4918.6 | N130: 10092 | AA130: 2643.1 | AS130: 0 | AT130: 1021.2 | AU130: 299.5
A131: 29587 | B131: -2584.7 | C131: 8156.3 | E131: 6190.7 | N131: 10741 | AA131: 2643.8 | AS131: 0 | AT131: 154.8 | AU131: 267.1
A132: 29677 | B132: -3877.5 | C132: 8132.1 | E132: 6189.2 | N132: 12009.6 | AA132: 6508.2 | AS132: 0 | AT132: -3183.9 | AU132: -562.1
A133: 29768 | B133: -5078.6 | C133: 6988.6 | E133: 5031.3 | N133: 12067.2 | AA133: 7455.7 | AS133: 0 | AT133: -2127.4 | AU133: 244.4
A134: 29860 | B134: -4699.8 | C134: 7834.4 | E134: 5896.2 | N134: 12534.2 | AA134: 10008.6 | AS134: 0 | AT134: -4064.5 | AU134: 1082
A135: 29952 | B135: -4093.6 | C135: 7018.3 | E135: 5161.6 | N135: 11111.9 | AA135: 2614 | AS135: 0 | AT135: -83.5 | AU135: -1703
A136: 30042 | B136: -2523.7 | C136: 7708.7 | E136: 5873.1 | N136: 10232.4 | AA136: 3178 | AS136: 0 | AT136: -1790.9 | AU136: -1170.7
A137: 30133 | B137: -375.1 | C137: 8038.1 | E137: 6329.7 | N137: 8413.2 | AA137: 2978.2 | AS137: 0 | AT137: -3019.1 | AU137: -205.3
A138: 30225 | B138: 1102.2 | C138: 8207 | E138: 6690.9 | N138: 7104.8 | AA138: 1207.3 | AS138: 0 | AT138: -2512.2 | AU138: -123.9

Sheet Pet A
B1: Exportación e importación de petróleo datos anuales
A2: Año | B2: Exportación petrolera md | C2: Exportación de crudo md | D2: Exportación otros petrolíferos md | F2: Producción de crudo mbd | H2: Exportaciones petróleo total (miles de barriles) | I2: Exportaciones petróleo crudo | J2: Exportaciones petróleo refinados | K2: Exportaciones gas natural m3 | M2: Importaciones petróleo total (miles de barriles) | N2: Importaciones petróleo crudo | O2: Importaciones petróleo refinados | P2: Importaciones gas natural m3
H3: Petróleo | I3: Petróleo | J3: Petróleo | K3: Petróleo | M3: Petróleo | N3: Petróleo | O3: Petróleo | P3: Petróleo
H4: Total | I4: Total | J4: Total | K4: Total | M4: Total | N4: Total | O4: Total | P4: Total
A5: 1920 | B5: - | C5: - | D5: - | F5: 157069 | H5: - | I5: - | J5: - | K5: - | L5: - | M5: - | N5: - | O5: - | P5: -
A6: 1921 | B6: - | C6: - | D6: - | F6: 193398 | H6: - | I6: - | J6: - | K6: - | L6: - | M6: - | N6: - | O6: - | P6: -
A7: 1922 | B7: - | C7: - | D7: - | F7: 182278 | H7: - | I7: - | J7: - | K7: - | L7: - | M7: - | N7: - | O7: - | P7: -
A8: 1923 | B8: - | C8: - | D8: - | F8: 119585 | H8: - | I8: - | J8: - | K8: - | L8: - | M8: - | N8: - | O8: - | P8: -
A9: 1924 | B9: - | C9: - | D9: - | F9: 139678 | H9: - | I9: - | J9: - | K9: - | L9: - | M9: - | N9: - | O9: - | P9: -
A10: 1925 | B10: - | C10: - | D10: - | F10: 115515 | H10: - | I10: - | J10: - | K10: - | L10: - | M10: - | N10: - | O10: - | P10: -
A11: 1926 | B11: - | C11: - | D11: - | F11: 90421 | H11: - | I11: - | J11: - | K11: - | L11: - | M11: - | N11: - | O11: - | P11: -
A12: 1927 | B12: - | C12: - | D12: - | F12: 64121 | H12: - | I12: - | J12: - | K12: - | L12: - | M12: - | N12: - | O12: - | P12: -
A13: 1928 | B13: - | C13: - | D13: - | F13: 50151 | H13: - | I13: - | J13: - | K13: - | L13: - | M13: - | N13: - | O13: - | P13: -
A14: 1929 | B14: - | C14: - | D14: - | F14: 44688 | H14: - | I14: - | J14: - | K14: - | L14: - | M14: - | N14: - | O14: - | P14: -
A15: 1930 | B15: - | C15: - | D15: - | F15: 39530 | H15: - | I15: - | J15: - | K15: - | L15: - | M15: - | N15: - | O15: - | P15: -
A16: 1931 | B16: - | C16: - | D16: - | F16: 33039 | H16: - | I16: - | J16: - | K16: - | L16: - | M16: - | N16: - | O16: - | P16: -
... A22: 1937 | B22: - | C22: - | D22: - | F22: 46803 | H22: - | I22: - | J22: - | K22: - | L22: - | M22: - | N22: - | O22: - | P22: -
A23: 1938 | B23: - | C23: - | D23: - | F23: 38482 | H23: 8995 | I23: 3799 | J23: 5196 | K23: ND | M23: 123 | N23: ND | O23: 123 | P23: ND
A24: 1939 | B24: - | C24: - | D24: - | F24: 42891 | H24: 14534 | I24: 8576 | J24: 5958 | K24: ND | M24: 136 | N24: ND | O24: 136 | P24: ND
A25: 1940 | B25: - | C25: - | D25: - | F25: 44045 | H25: 12826 | I25: 8561 | J25: 4265 | K25: ND | M25: 151 | N25: ND | O25: 151 | P25: ND
A26: 1941 | B26: - | C26: - | D26: - | F26: 43031 | H26: 15418 | I26: 7563 | J26: 7855 | K26: ND | M26: 567 | N26: ND | O26: 567 | P26: ND
A27: 1942 | B27: - | C27: - | D27: - | F27: 34826 | H27: 6090 | I27: 1373 | J27: 4717 | K27: ND | M27: 459 | N27: ND | O27: 459 | P27: ND
A28: 1943 | B28: - | C28: - | D28: - | F28: 35153 | H28: 5725 | I28: 1343 | J28: 4382 | K28: ND | M28: 212 | N28: ND | O28: 212 | P28: ND
A29: 1944 | B29: - | C29: - | D29: - | F29: 38197 | H29: 4884 | I29: 655 | J29: 4229 | K29: ND | M29: 261 | N29: ND | O29: 261 | P29: ND
A30: 1945 | B30: - | C30: - | D30: - | F30: 43543 | H30: 8127 | I30: 2432 | J30: 5695 | K30: ND | M30: 414 | N30: ND | O30: 414 | P30: ND
A31: 1946 | B31: - | C31: - | D31: - | F31: 49240 | H31: 9228 | I31: 3302 | J31: 5926 | K31: ND | M31: 972 | N31: ND | O31: 972 | P31: ND
A32: 1947 | B32: - | C32: - | D32: - | F32: 56298 | H32: 13910 | I32: 6742 | J32: 7168 | K32: ND | M32: 2178 | N32: ND | O32: 2178 | P32: ND
A33: 1948 | B33: - | C33: - | D33: - | F33: 58520 | H33: 13118 | I33: 7185 | J33: 5933 | K33: ND | M33: 2547 | N33: ND | O33: 2547 | P33: ND
A34: 1949 | B34: - | C34: - | D34: - | F34: 60902 | H34: 14125 | I34: 7183 | J34: 6942 | K34: ND | M34: 2703 | N34: ND | O34: 2703 | P34: ND
... A37: 1952 | B37: - | C37: - | D37: - | F37: 77278 | H37: 15320 | I37: 9325 | J37: 5995 | K37: ND | M37: 3062 | N37: ND | O37: 3062 | P37: ND
A38: 1953 | B38: - | C38: - | D38: - | F38: 72433 | H38: 15348 | I38: 3484 | J38: 11864 | K38: 223 | M38: 3983 | N38: ND | O38: 3983 | P38: ND
A39: 1954 | B39: - | C39: - | D39: - | F39: 83651 | H39: 23270 | I39: 4630 | J39: 18640 | K39: 223 | M39: 7286 | N39: ND | O39: 7286 | P39: ND
A40: 1955 | B40: - | C40: - | D40: - | F40: 89395 | H40: 25833 | I40: 6106 | J40: 19727 | K40: 196 | M40: 10545 | N40: ND | O40: 10545 | P40: ND
A41: 1956 | B41: - | C41: - | D41: - | F41: 90660 | H41: 23722 | I41: 6617 | J41: 17105 | K41: 140 | M41: 10362 | N41: 38 | O41: 10324 | P41: ND
A42: 1957 | B42: - | C42: - | D42: - | F42: 88266 | H42: 16026 | I42: 4037 | J42: 11989 | K42: 380654 | M42: 11618 | N42: 1358 | O42: 10260 | P42: ND
A43: 1958 | B43: - | C43: - | D43: - | F43: 93533 | H43: 11642 | I43: 676 | J43: 10966 | K43: 1362258 | M43: 6586 | N43: 717 | O43: 5869 | P43: ND
A44: 1959 | B44: - | C44: - | D44: - | F44: 96393 | H44: 13270 | I44: 112 | J44: 13158 | K44: 1517323 | M44: 6016 | N44: 11 | O44: 6005 | P44: ND
A45: 1960 | B45: - | C45: - | D45: - | F45: 99049 | H45: 7547 | I45: 1100 | J45: 6447 | K45: 1387286 | M45: 3604 | N45: ND | O45: 3604 | P45: ND
A46: 1961 | B46: - | C46: - | D46: - | F46: 106784 | H46: 15159 | I46: 6683 | J46: 8476 | K46: 1524457 | M46: 3713 | N46: ND | O46: 3713 | P46: ND
A47: 1962 | B47: - | C47: - | D47: - | F47: 111849 | H47: 18388 | I47: 7158 | J47: 11230 | K47: 1509718 | M47: 1758 | N47: ND | O47: 1758 | P47: ND
A48: 1963 | B48: - | C48: - | D48: - | F48: 114867 | H48: 18718 | I48: 7138 | J48: 11580 | K48: 1470328 | M48: 2287 | N48: 145 | O48: 2142 | P48: ND
A49: 1964 | B49: - | C49: - | D49: - | F49: 115576 | H49: 17166 | I49: 7621 | J49: 9545 | K49: 1563716 | M49: 3183 | N49: 577 | O49: 2606 | P49: ND
A50: 1965 | B50: - | C50: - | D50: - | F50: 117959 | H50: 19845 | I50: 4800 | J50: 15045 | K50: 1343207 | M50: 1255 | N50: ND | O50: 1255 | P50: ND
A51: 1966 | B51: - | C51: - | D51: - | F51: 121149 | H51: 17057 | I51: nd | J51: 17057 | K51: 1272054 | M51: 3525 | N51: nd | O51: 3525 | P51: nd
A52: 1967 | B52: - | C52: - | D52: - | F52: 133043 | H52: 17984 | I52: nd | J52: 17984 | K52: 1342343 | M52: 3624 | N52: nd | O52: 3624 | P52: nd
A53: 1968 | B53: - | C53: - | D53: - | F53: 142360 | H53: 16094 | I53: nd | J53: 16094 | K53: 1220219 | M53: 3619 | N53: nd | O53: 3619 | P53: nd
A54: 1969 | B54: - | C54: - | D54: - | F54: 149860 | H54: 16263 | I54: nd | J54: 16263 | K54: 1205843 | M54: 8652 | N54: nd | O54: 8652 | P54: nd
A55: 1970 | B55: - | C55: - | D55: - | F55: 156586 | H55: 22413 | I55: nd | J55: 22413 | K55: 1099658 | M55: 9312 | N55: nd | O55: 9312 | P55: nd
A56: 1971 | B56: - | C56: - | D56: - | F56: 155911 | H56: 17079 | I56: nd | J56: 17079 | K56: 578145 | M56: 17760 | N56: 672 | O56: 17088 | P56: nd
A57: 1972 | B57: - | C57: - | D57: - | F57: 161367 | H57: 9448 | I57: nd | J57: 9448 | K57: 279348 | M57: 27067 | N57: 10776 | O57: 16291 | P57: nd
A58: 1973 | B58: - | C58: - | D58: - | F58: 164909 | H58: 8669 | I58: nd | J58: 8699 | K58: 57963 | M58: 47769 | N58: 23613 | O58: 24156 | P58: nd
A59: 1974 | B59: =C59+D59 -> 234.6 | C59: 37.7 | D59: 196.9 | F59: 209855 | H59: 12463 | I59: 5804 | J59: 6659 | K59: 11922 | M59: 22401 | N59: 6184 | O59: 16217 | P59: nd
A60: 1975 | B60: =C60+D60 -> 614.8 | C60: 438 | D60: 176.8 | F60: 261589 | H60: 36950 | I60: 34382 | J60: 2568 | K60: nd | M60: 18152 | N60: nd | O60: 18152 | P60: nd
A61: 1976 | B61: =C61+D61 -> 727 | C61: 543.7 | D61: 183.3 | F61: 293117 | H61: 35690 | I61: 34470 | J61: 1220 | K61: nd | M61: 9285 | N61: nd | O61: 9285 | P61: nd
A62: 1977 | B62: =C62+D62 -> 1171.5 | C62: 989.9 | D62: 181.6 | F62: 358090 | H62: 75388 | I62: 73736 | J62: 1652 | K62: 67622 | M62: 3466 | N62: nd | O62: 3466 | P62: nd
A63: 1978 | B63: =C63+D63 -> 2010.8 | C63: 1774 | D63: 236.8 | F63: 442607 | H63: 133920 | I63: 133247 | J63: 673 | K63: nd | M63: 10616 | N63: nd | O63: 10616 | P63: nd
A64: 1979 | B64: =C64+D64 -> 4218.7 | C64: 3765.8 | D64: 452.9 | F64: 536926 | H64: 198186 | I64: 194485 | J64: 3701 | K64: nd | M64: 9877 | N64: nd | O64: 9877 | P64: nd
A65: 1980 | B65: =C65+D65 -> 9993 | C65: 9449 | D65: 544 | F65: 708593 | H65: 320020 | I65: 302147 | J65: 17063 | K65: 2911293 | M65: 5402 | N65: nd | O65: 5402 | P65: nd
A66: 1981 | B66: =C66+D66 -> 14049 | C66: 13305 | D66: 744 | F66: 844241 | H66: 424985 | I66: 400770 | J66: 24207 | K66: 2978790 | M66: 3687 | N66: nd | O66: 3687 | P66: nd
A67: 1982 | B67: =C67+D67 -> 15999 | C67: 15623 | D67: 376 | F67: 1002436 | H67: 559972 | I67: 544617 | J67: 15358 | K67: 2822719 | M67: 3030 | N67: nd | O67: 3030 | P67: 54780
A68: 1983 | B68: =C68+D68 -> 15667 | C68: 14793 | D68: 874 | F68: 981222 | H68: 591757 | I68: 561005 | J68: 41501 | K68: 2243912 | M68: 6351 | N68: nd | O68: 6351 | P68: 48578
A69: 1984 | B69: =C69+D69 -> 16373 | C69: 14968 | D69: 1405 | F69: 1024341 | H69: 598948 | I69: 558004 | J69: 48180 | K69: 1533896 | M69: 12082 | N69: nd | O69: 12082 | P69: 52857
A70: 1985 | B70: =C70+D70 -> 14767 | C70: 13309 | D70: 1458 | F70: 1002002 | H70: 576299 | I70: 525235 | J70: 51064 | K70: nd | M70: 19710 | N70: nd | O70: 19710 | P70: 34818
A71: 1986 | B71: =C71+D71 -> 6307 | C71: 5580 | D71: 727 | F71: 886110 | H71: 512935 | I71: 470704 | J71: 42230 | K71: nd | M71: 22046 | N71: nd | O71: 22046 | P71: 46423
A72: 1987 | B72: =C72+D72 -> 8630 | C72: 7877 | D72: 753 | F72: 927319 | H72: 525674 | I72: 490962 | J72: 34711 | K72: nd | M72: 25733 | N72: nd | O72: 25733 | P72: 46423
A73: 1988 | B73: =C73+D73 -> 8712 | C73: 7884 | D73: 828 | F73: 917416 | H73: 522428 | I73: 478252 | J73: 44176 | K73: nd | M73: 29573 | N73: nd | O73: 29573 | P73: 52369
A74: 1989 | B74: =C74+D74 -> 7876 | C74: 7292 | D74: 584 | F74: 917354 | H74: 496801 | I74: 466360 | J74: 30441 | K74: nd | M74: 44530 | N74: nd | O74: 44530 | P74: 388792
A75: 1990 | B75: =C75+D75 -> 10104 | C75: 8921 | D75: 1183 | F75: 930020 | H75: 506329 | I75: 466142 | J75: 40187 | K75: nd | M75: 39603 | N75: nd | O75: 39603 | P75: 371383
A76: Fuente: NAFINSA (1986), Cuadro 14.11 | F76: Fuente: INEGI (2014), Cuadro 11.1.1 | H76: INEGI (2014), Cuadro 17.24

Sheet Pet Men
B1: Producción, exportaciones, datos mensuales
A2: Año | B2: Producción promedio mensual de crudo mbd | C2: Exportaciones de crudo mbd | E2: Datos mensuales 1960-1982 | F2: Producción de crudo mbd | G2: Exportación de crudo 1980-1982
A5: 1920 | E5: 21916 | F5: 261.98236
A6: 1921 | E6: 21947 | F6: 261.77657
A7: 1922 | E7: 21976 | F7: 270.17639
A8: 1923 | E8: 22007 | F8: 251.5025
A9: 1924 | E9: 22037 | F9: 263.80261
A10: 1925 | E10: 22068 | F10: 275.37746
A11: 1926 | E11: 22098 | F11: 279.78184
A12: 1927 | E12: 22129 | F12: 288.65561
A13: 1928 | E13: 22160 | F13: 287.58173
A14: 1929 | E14: 22190 | F14: 267.54555
A15: 1930 | E15: 22221 | F15: 267.35184
A16: 1931 | E16: 22251 | F16: 270.86363
... A22: 1937 | E22: 22433 | F22: 295.26602
A23: 1938 | B23: 106 | C23: 10.408219 | E23: 22463 | F23: 302.10099
A24: 1939 | B24: 119 | C24: 23.49589 | E24: 22494 | F24: 304.35971
A25: 1940 | B25: 121 | C25: 23.454795 | E25: 22525 | F25: 305.24343
A26: 1941 | B26: 119 | C26: 20.720548 | E26: 22555 | F26: 298.21884
A27: 1942 | B27: 96 | C27: 3.7616438 | E27: 22586 | F27: 299.1373
A28: 1943 | B28: 97 | C28: 3.6794521 | E28: 22616 | F28: 303.78488
A29: 1944 | B29: 105 | C29: 1.7945205 | E29: 22647 | F29: 302.20995
A30: 1945 | B30: 120 | C30: 6.6630137 | E30: 22678 | F30: 300.11612
A31: 1946 | B31: 136 | C31: 9.0465753 | E31: 22706 | F31: 298.93063
A32: 1947 | B32: 156 | C32: 18.471233 | E32: 22737 | F32: 302.23177
A33: 1948 | B33: 163 | C33: 19.684932 | E33: 22767 | F33: 310.10734
A34: 1949 | B34: 170 | C34: 19.679452 | E34: 22798 | F34: 310.88178
... A67: 1982 | B67: 2746.3834 | C67: 1492.0932 | E67: 23802 | F67: 322.47836
A68: Pemex | E68: 23833 | F68: 323.91382
E69: 23863 | F69: 327.82019
E70: 23894 | F70: 336.6842
E71: 23924 | F71: 339.65554
E72: 23955 | F72: 333.89247
E73: 23986 | F73: 334.28142
E74: 24016 | F74: 326.38912
E75: 24047 | F75: 302.62909
E76: 24077 | F76: 294.90787
E77: 24108 | F77: 320.7969
E78: 24139 | F78: 328.90815
E79: 24167 | F79: 336.73352
E80: 24198 | F80: 340.00239
... E244: 29190 | F244: 1652.6291
E245: 29221 | F245: 1720.498 | G245: 634.97458
E246: 29252 | F246: 1722.1 | G246: 579.34248
E247: 29281 | F247: 1829.1 | G247: 765.97261
E248: 29312 | F248: 1883.6 | G248: 826.82673
E249: 29342 | F249: 1908.2 | G249: 848.34577
E250: 29373 | F250: 1905.9 | G250: 844.74027
E251: 29403 | F251: 2013.7 | G251: 906.00594
E252: 29434 | F252: 1999.3 | G252: 786.07239
E253: 29465 | F253: 2124.338 | G253: 990.18947
E254: 29495 | F254: 2181.929 | G254: 1007.6768
E255: 29526 | F255: 1901.289 | G255: 848.42613
E256: 29556 | F256: 2026.609 | G256: 884.82574
... E280: 30286 | F280: 3023.665 | G280: 1597.6196
E281: Fuente Pemex, Base de datos interna

Sheet Precios Pet
A1: WTI petróleo, datos mensuales | D1: Petróleo, precios en Gran Bretaña | F1: Federal Reserve Economic Data
A2: Federal Reserve Economic Data; Link: https://fred.stlouisfed.org | D2: Año | E2: Oil prices in UK | F2: Link: https://fred.stlouisfed.org
B3: Spot Crude Oil Price: West Texas Intermediate (WTI), Dollars per Barrel, Monthly, Not Seasonally Adjusted | F3: Oil Prices in the United Kingdom, U.S. Dollars per Barrel, Annual, Not Seasonally Adjusted
A5: Datos mensuales | B5: WTI 1946 | D5: 1920 | E5: 3.07
D6: 1921 | E6: 1.73
A7: 16803 | B7: 1.17 | D7: 1922 | E7: 1.61
A8: 16834 | B8: 1.17 | D8: 1923 | E8: 1.34
A9: 16862 | B9: 1.17 | D9: 1924 | E9: 1.43
A10: 16893 | B10: 1.27 | D10: 1925 | E10: 1.68
A11: 16923 | B11: 1.27 | D11: 1926 | E11: 1.88
A12: 16954 | B12: 1.27 | D12: 1927 | E12: 1.3
A13: 16984 | B13: 1.27 | D13: 1928 | E13: 1.17
A14: 17015 | B14: 1.52 | D14: 1929 | E14: 1.27
A15: 17046 | B15: 1.52 | D15: 1930 | E15: 1.19
A16: 17076 | B16: 1.52 | D16: 1931 | E16: 0.65
A17: 17107 | B17: 1.52 | D17: 1932 | E17: 0.87
A18: 17137 | B18: 1.62 | D18: 1933 | E18: 0.67
... A75: 18872 | B75: 2.57 | D75: 1990 | E75: 23.73
A76: 18902 | B76: 2.57
A77: 18933 | B77: 2.57
A78: 18963 | B78: 2.57
A79: 18994 | B79: 2.57
A80: 19025 | B80: 2.57
A81: 19054 | B81: 2.57
A82: 19085 | B82: 2.57
A83: 19115 | B83: 2.57
A84: 19146 | B84: 2.57
A85: 19176 | B85: 2.57
A86: 19207 | B86: 2.57
A87: 19238 | B87: 2.57
... A546: 33208 | B546: 27.337
